Workbook

Sheet License Agreement
B3: End-User License Agreement ("Agreement")
B5: CAREFULLY READ THE FOLLOWING LICENSE AGREEMENT. BY INSTALLING, COPYING, DOWNLOADING, OR USING THIS PRODUCT YOU ARE CONSENTING TO BE BOUND BY AND ARE BECOMING A PARTY TO THIS AGREEMENT. IF YOU DO NOT AGREE TO ALL OF THE TERMS OF THIS AGREEMENT, UNINSTALL AND DELETE THE PRODUCT.
B6: Please read this End-User License Agreement ("Agreement") carefully before clicking the "I Agree" button, downloading or using Goforth Better Tools for Workforce Management ("Application").
B7: By clicking the "I Agree" button, downloading or using the Application, You are agreeing to be bound by the terms and conditions of this Agreement.
B8: This Agreement is a legal agreement between You (either an individual or a single entity) and Goforth LLC and it governs your use of the Application made available to You by Goforth LLC.
B9: If You do not agree to the terms of this Agreement, do not click on the "I Agree" button and do not download or use the Application.
B10: The Application is licensed, not sold, to You by Goforth LLC for use strictly in accordance with the terms of this Agreement.
B12: Definitions
B13: 1.1. “Affiliate” means any corporation, company or other entity that directly or indirectly controls, is controlled by, or is under common control with, Goforth LLC. For the purpose of this definition, the word “control” shall mean the direct or indirect ownership of more than fifty percent (50%) of the outstanding voting stock of the corporation, company, or other entity.
B14: 1.2. “Agreement” means this End User License Agreement, as may be renewed, modified and/or mended from time to time.
B15: 1.3. “Application” means the Goforth Better Tools for Workforce Management software distributed by Goforth LLC including upgrades, modified versions, updates, additions, and documentation.
B16: 1.4. “Customer” and “You” means the persons, entity or agents and authorized representatives accepting this agreement.
... B90: © 2019 Goforth LLC. - All rights reserved.

Sheet Copyright
A21: Better Tools for Workforce
A22: ManagementTM
A23: Goforth
A24: I
A25: Copyright © 2012-2018 Goforth, LLC. All Rights Reserved.
A26: Goforth Workbooks and Documents are the intellectual property of Goforth, LLC
A27: Any unauthorized reproduction, distribution or transmission is prohibited
A30: Custom Designs
A32: gary@goforthllc.org

Sheet Calendar
A2: 1
C3: January | H3: 2019
A4: 30 | B4: 31 | C4: 1 | D4: 2 | E4: 3 | F4: 4 | G4: 5 | I4: 6 | J4: 7 | K4: 8 | L4: 9 | M4: 10 | N4: 11 | O4: 12
A5: S | B5: M | C5: T | D5: W | E5: T | F5: F | G5: S | I5: S | J5: M | K5: T | L5: W | M5: T | N5: F | O5: S
A8: 2
A9: January | H9: 2019
A10: 13 | B10: 14 | C10: 15 | D10: 16 | E10: 17 | F10: 18 | G10: 19 | I10: 20 | J10: 21 | K10: 22 | L10: 23 | M10: 24 | N10: 25 | O10: 26
A11: S | B11: M | C11: T | D11: W | E11: T | F11: F | G11: S | I11: S | J11: M | K11: T | L11: W | M11: T | N11: F | O11: S
A14: 3
F15: February | H15: 2019
A16: 27 | B16: 28 | C16: 29 | D16: 30 | E16: 31 | F16: 1 | G16: 2 | I16: 3 | J16: 4 | K16: 5 | L16: 6 | M16: 7 | N16: 8 | O16: 9
A17: S | B17: M | C17: T | D17: W | E17: T | F17: F | G17: S | I17: S | J17: M | K17: T | L17: W | M17: T | N17: F | O17: S
A20: 4
A21: February | H21: 2019
A22: 10 | B22: 11 | C22: 12 | D22: 13 | E22: 14 | F22: 15 | G22: 16 | I22: 17 | J22: 18 | K22: 19 | L22: 20 | M22: 21 | N22: 22 | O22: 23
A23: S | B23: M | C23: T | D23: W | E23: T | F23: F | G23: S | I23: S | J23: M | K23: T | L23: W | M23: T | N23: F | O23: S
A26: 5
A27: February | F27: March | H27: 2019
A28: 24 | B28: 25 | C28: 26 | D28: 27 | E28: 28 | F28: 1 | G28: 2 | I28: 3 | J28: 4 | K28: 5 | L28: 6 | M28: 7 | N28: 8 | O28: 9
A29: S | B29: M | C29: T | D29: W | E29: T | F29: F | G29: S | I29: S | J29: M | K29: T | L29: W | M29: T | N29: F | O29: S
A32: 6
A33: March | H33: 2019
A34: 10 | B34: 11 | C34: 12 | D34: 13 | E34: 14 | F34: 15 | G34: 16 | I34: 17 | J34: 18 | K34: 19 | L34: 20 | M34: 21 | N34: 22 | O34: 23
A35: S | B35: M | C35: T | D35: W | E35: T | F35: F | G35: S | I35: S | J35: M | K35: T | L35: W | M35: T | N35: F | O35: S
A38: 7
A39: March | H39: 2019 | J39: April
A40: 24 | B40: 25 | C40: 26 | D40: 27 | E40: 28 | F40: 29 | G40: 30 | I40: 31 | J40: 1 | K40: 2 | L40: 3 | M40: 4 | N40: 5 | O40: 6
A41: S | B41: M | C41: T | D41: W | E41: T | F41: F | G41: S | I41: S | J41: M | K41: T | L41: W | M41: T | N41: F | O41: S
A44: 8
A45: April | H45: 2019
A46: 7 | B46: 8 | C46: 9 | D46: 10 | E46: 11 | F46: 12 | G46: 13 | I46: 14 | J46: 15 | K46: 16 | L46: 17 | M46: 18 | N46: 19 | O46: 20
A47: S | B47: M | C47: T | D47: W | E47: T | F47: F | G47: S | I47: S | J47: M | K47: T | L47: W | M47: T | N47: F | O47: S
A50: 9
A51: April | H51: 2019 | L51: May
A52: 21 | B52: 22 | C52: 23 | D52: 24 | E52: 25 | F52: 26 | G52: 27 | I52: 28 | J52: 29 | K52: 30 | L52: 1 | M52: 2 | N52: 3 | O52: 4
A53: S | B53: M | C53: T | D53: W | E53: T | F53: F | G53: S | I53: S | J53: M | K53: T | L53: W | M53: T | N53: F | O53: S
A56: 10
A57: May | H57: 2019
A58: 5 | B58: 6 | C58: 7 | D58: 8 | E58: 9 | F58: 10 | G58: 11 | I58: 12 | J58: 13 | K58: 14 | L58: 15 | M58: 16 | N58: 17 | O58: 18
A59: S | B59: M | C59: T | D59: W | E59: T | F59: F | G59: S | I59: S | J59: M | K59: T | L59: W | M59: T | N59: F | O59: S
A62: 11
A63: May | H63: 2019 | O63: June
A64: 19 | B64: 20 | C64: 21 | D64: 22 | E64: 23 | F64: 24 | G64: 25 | I64: 26 | J64: 27 | K64: 28 | L64: 29 | M64: 30 | N64: 31 | O64: 1
A65: S | B65: M | C65: T | D65: W | E65: T | F65: F | G65: S | I65: S | J65: M | K65: T | L65: W | M65: T | N65: F | O65: S
A68: 12
A69: June | H69: 2019
A70: 2 | B70: 3 | C70: 4 | D70: 5 | E70: 6 | F70: 7 | G70: 8 | I70: 9 | J70: 10 | K70: 11 | L70: 12 | M70: 13 | N70: 14 | O70: 15
A71: S | B71: M | C71: T | D71: W | E71: T | F71: F | G71: S | I71: S | J71: M | K71: T | L71: W | M71: T | N71: F | O71: S
A74: 13
A75: June | H75: 2019
A76: 16 | B76: 17 | C76: 18 | D76: 19 | E76: 20 | F76: 21 | G76: 22 | I76: 23 | J76: 24 | K76: 25 | L76: 26 | M76: 27 | N76: 28 | O76: 29
A77: S | B77: M | C77: T | D77: W | E77: T | F77: F | G77: S | I77: S | J77: M | K77: T | L77: W | M77: T | N77: F | O77: S
A80: 14
B81: July | H81: 2019
A82: 30 | B82: 1 | C82: 2 | D82: 3 | E82: 4 | F82: 5 | G82: 6 | I82: 7 | J82: 8 | K82: 9 | L82: 10 | M82: 11 | N82: 12 | O82: 13
A83: S | B83: M | C83: T | D83: W | E83: T | F83: F | G83: S | I83: S | J83: M | K83: T | L83: W | M83: T | N83: F | O83: S
A86: 15
A87: July | H87: 2019
A88: 14 | B88: 15 | C88: 16 | D88: 17 | E88: 18 | F88: 19 | G88: 20 | I88: 21 | J88: 22 | K88: 23 | L88: 24 | M88: 25 | N88: 26 | O88: 27
A89: S | B89: M | C89: T | D89: W | E89: T | F89: F | G89: S | I89: S | J89: M | K89: T | L89: W | M89: T | N89: F | O89: S
A92: 16
E93: August | H93: 2019
A94: 28 | B94: 29 | C94: 30 | D94: 31 | E94: 1 | F94: 2 | G94: 3 | I94: 4 | J94: 5 | K94: 6 | L94: 7 | M94: 8 | N94: 9 | O94: 10
A95: S | B95: M | C95: T | D95: W | E95: T | F95: F | G95: S | I95: S | J95: M | K95: T | L95: W | M95: T | N95: F | O95: S
A98: 17
A99: August | H99: 2019
A100: 11 | B100: 12 | C100: 13 | D100: 14 | E100: 15 | F100: 16 | G100: 17 | I100: 18 | J100: 19 | K100: 20 | L100: 21 | M100: 22 | N100: 23 | O100: 24
A101: S | B101: M | C101: T | D101: W | E101: T | F101: F | G101: S | I101: S | J101: M | K101: T | L101: W | M101: T | N101: F | O101: S
A104: 18
A105: August | H105: 2019 | I105: September
A106: 25 | B106: 26 | C106: 27 | D106: 28 | E106: 29 | F106: 30 | G106: 31 | I106: 1 | J106: 2 | K106: 3 | L106: 4 | M106: 5 | N106: 6 | O106: 7
A107: S | B107: M | C107: T | D107: W | E107: T | F107: F | G107: S | I107: S | J107: M | K107: T | L107: W | M107: T | N107: F | O107: S
A110: 19
A111: September | H111: 2019
A112: 8 | B112: 9 | C112: 10 | D112: 11 | E112: 12 | F112: 13 | G112: 14 | I112: 15 | J112: 16 | K112: 17 | L112: 18 | M112: 19 | N112: 20 | O112: 21
A113: S | B113: M | C113: T | D113: W | E113: T | F113: F | G113: S | I113: S | J113: M | K113: T | L113: W | M113: T | N113: F | O113: S
A116: 20
A117: September | H117: 2019 | K117: October
A118: 22 | B118: 23 | C118: 24 | D118: 25 | E118: 26 | F118: 27 | G118: 28 | I118: 29 | J118: 30 | K118: 1 | L118: 2 | M118: 3 | N118: 4 | O118: 5
A119: S | B119: M | C119: T | D119: W | E119: T | F119: F | G119: S | I119: S | J119: M | K119: T | L119: W | M119: T | N119: F | O119: S
A122: 21
A123: October | H123: 2019
A124: 6 | B124: 7 | C124: 8 | D124: 9 | E124: 10 | F124: 11 | G124: 12 | I124: 13 | J124: 14 | K124: 15 | L124: 16 | M124: 17 | N124: 18 | O124: 19
A125: S | B125: M | C125: T | D125: W | E125: T | F125: F | G125: S | I125: S | J125: M | K125: T | L125: W | M125: T | N125: F | O125: S
A128: 22
A129: October | H129: 2019 | N129: November
A130: 20 | B130: 21 | C130: 22 | D130: 23 | E130: 24 | F130: 25 | G130: 26 | I130: 27 | J130: 28 | K130: 29 | L130: 30 | M130: 31 | N130: 1 | O130: 2
A131: S | B131: M | C131: T | D131: W | E131: T | F131: F | G131: S | I131: S | J131: M | K131: T | L131: W | M131: T | N131: F | O131: S
A134: 23
A135: November | H135: 2019
A136: 3 | B136: 4 | C136: 5 | D136: 6 | E136: 7 | F136: 8 | G136: 9 | I136: 10 | J136: 11 | K136: 12 | L136: 13 | M136: 14 | N136: 15 | O136: 16
A137: S | B137: M | C137: T | D137: W | E137: T | F137: F | G137: S | I137: S | J137: M | K137: T | L137: W | M137: T | N137: F | O137: S
A140: 24
A141: November | H141: 2019
A142: 17 | B142: 18 | C142: 19 | D142: 20 | E142: 21 | F142: 22 | G142: 23 | I142: 24 | J142: 25 | K142: 26 | L142: 27 | M142: 28 | N142: 29 | O142: 30
A143: S | B143: M | C143: T | D143: W | E143: T | F143: F | G143: S | I143: S | J143: M | K143: T | L143: W | M143: T | N143: F | O143: S
A146: 25
A147: December | H147: 2019
A148: 1 | B148: 2 | C148: 3 | D148: 4 | E148: 5 | F148: 6 | G148: 7 | I148: 8 | J148: 9 | K148: 10 | L148: 11 | M148: 12 | N148: 13 | O148: 14
A149: S | B149: M | C149: T | D149: W | E149: T | F149: F | G149: S | I149: S | J149: M | K149: T | L149: W | M149: T | N149: F | O149: S
...

Sheet Instructions
B2: Goforth ™
B3: Better Tools For Workforce Management
B4: Copyright © 2012-2018 Goforth, LLC. All Rights Reserved
B7: Expert Level
B8: Instructions
B11: Page | D11: All Schedules and Summaries can be viewed in Page Preview
B12: Preview | D12: Includes:
D13: PDF View
D14: Intranet View
D15: Print View
D17: The Print Range has been preset
D19: Scaling Factor to the right of Margins in tool bar will corrupt the Print Range.
D21: Use the Zoom Tool to the right of Format Page or - + at bottom right in the Status Bar
D23: Changes cannot be made in Page Preview. Close Preview to continue.
B25: Pay Periods | D25: Choose Pay Period from tabs at bottom
B27: Changes | D27: Columns highlighted Blue Gray can be changed
D28: The scheduled and unscheduled days can be changed
D29: To add a Shift, select a day and enter 1 into the Bottom Cell
D30: To remove a Shift, select a 1 and press Backspace
D31: All other areas are protected and cannot be changed
D33: Do Not Drag
D34: If you accidentally drag a cell from one area to another, press Undo on the toolbar
B36: Summaries | D36: Changes will immediately be reflected in the Budget and Employee Hours Summaries
D37: Payroll Budget Summaries
B39: Job Title | D39: Moving an employee from one Job Title to another will result in inaccurate Summaries
B41: Add a Shift | D41: Click on bottom of cell, type 1 to add a scheduled shift. Totals will auto calculate.
D42: Days will be shaded yellow if under staffed, green if overstaffed
D43: Additional Shifts can be identified by using Red Font or by entering your chosen code into the top cell
D44: The shading function is not available in Master Pay Period
D45: Monitor Productivity, Employee Hours and Budget Summaries
B47: Remove Shift | D47: Click on bottom cell and press backspace to remove a scheduled shift.
D48: Scheduled hours will be subtracted (Over / Under)
D49: Unnecessary questions must be answered if Delete is selected
D50: Enter reason in top cell
B52: Partial Shift | D52: Decrease
D53: Select a shift and enter a fraction of a shift into the bottom cell
D55: Increase
D56: Select a shift and add a fraction of a shift into the bottom cell
D58: Notes can be entered into the top cell
B60: Vacation | D60: Click on scheduled shift, type V. Regularly scheduled hours will be subtracted from Nonproductive Hours
B62: Holiday | D62: Click on scheduled shift, type H. Regularly scheduled hours will be subtracted from Nonproductive Hours
B64: Sick Time | D64: Click on scheduled shift, type S. Regularly scheduled hours will be subtracted from Sick Hours
B66: Partial | D66: Enter the fraction of the Shift into the bottom cell
B67: Vacation | D67: Enter the reduced hours and reason into the top cell
B68: Holiday | D68: Manually subtract the reduced hours in the Nonproductive or Sick Column
B69: Sick
D70: Caution:
D71: Auto enter will no longer function in that row for the Nonproductive or Sick Totals
D72: Vacation, Holiday or Sick Hours, in that row, must be manually subtracted in the Nonproductive or
D73: Sick Hours Column
B75: PDF | D75: Each time changes are made, save them, then save as PDF file by clicking on Export Directly as PDF in tool bar
D76: Name by Department and year and save in desktop folder created by the Company Information Department.
D77: This will be sent to the company intranet, printed or emailed for the employee review
B79: Benchmark | D79: The Benchmark Function includes the First Draft Auto Create Function
D80: Save as Benchmark Workbook
D81: Caution:
D82: Changing the Benchmark or Volume will revise all Schedules including Productivity Volume
D83: Enter the projected Volume
D84: A first draft will be AutoCreated based on the Benchmark and Volume
D85: Increases or decreases in expenses will be reflected in the Budget Summary
D86: Enter % Benefits in Budget Summary and Employee Hours Summary
D87: Enter Total Actual FTEs required into Master Pay Period 1 to revise the Payroll Budget
D88: Enter Actual Total Hours into Total Budgeted Hours in the Budget Summary
D89: Fine tuning can be accomplished by revising the Master Pay Period 1, 2, and 3
D90: Save as Master Workbook
B92: Master
B93: Pay Period 1 | D93: Caution:
D94: Changes made in the following columns in Master Pay Period 1 will be made to all Pay Periods
D96: Wages per Hour Hours/Shift
D97: Employee Name Job Title
D98: Time In/Out Budgeted FTE
D99: Name of Company Volume
B101: Master
B102: Pay Periods | D102: Scheduled Shifts
D103: Caution:
D104: Changes made to the Master Pay Periods Scheduled Shifts will be made in all corresponding colored Pay Periods
D106: The weekend rotation is every 3 weeks.
D107: Three Master Pay Periods are required
D108: The Schedule repeats every three Pay Periods
D109: After changes are made to the Pay Periods, Master AutoFill will no longer function in those areas
B111: Master Set | D111: When satisfied with the schedule, save as Master Workbook
D112: Do not make further changes to this set
D113: Save to Folder on Desktop
B115: Workbook | D115: Name one set of schedules as Workbook and save to Folder on Desktop. Make all changes to this set of schedules.
D116: If the Workbook is accidentally deleted, the Master can be used to recreate the Workbook
B118: Workforce
B119: Reduction | D119: Save as Reduction Workbook
D120: Remove Shifts on Master Pay Periods. (Monitoring Summaries on multiple monitors speeds the process)
D121: Monitor Productivity, Employee Hours and Budget Summaries
D122: Over / Under indicates additional hours required or hours saved
D123: Primary Budget does not include coverage for Vacation, Holiday, Sick or Additional hours
D124: Reduction in Payroll is indicated under Savings in the Employee Hours Summary
D125: Workforce Reduction / Increase includes Benefits. Enter % Benefits.
D126: When complete, enter Total Actual Hours into Total Budget Hours in Budget Summary
D127: Revise Budgeted FTE in Master Pay Period 1 for affected positions
B129: Create | D129: Save as Budget Workbook
B130: Payroll | D130: Enter all Vacation and Holiday hours earned into the Employee Hours Summary
B131: Budget | D131: Enter all Holidays, Vacation and other Nonproductive Shifts into the Schedule
D132: Verify in Employee Hours Summary. Nonproductive Hours Balance in the Summary should be less than 1 shift
D133: Enter all additional coverage required.
...

Sheet Benchmark
A2: Goforth ™
A3: Better Tools For Workforce Management
A4: Copyright © 2012-2018 Goforth, LLC. All Rights Reserved
B7: 7a - 7p | D7: 7a - 7p
B8: Saturday - Sunday | D8: Monday - Friday
B11: 1 | D11: 1.2 | F11: Benchmark | G11: (Hours/Patient)
B13: 24 | D13: 24 | F13: Number of Patients (Maximum of 60)
B15: =B13*B11 -> 24 | D15: =D13*D11 -> 28.8 | F15: Hours Required
B17: =B15/12 -> 2 | D17: =D15/12 -> 2.4 | F17: Number of Employees
B21: 7p - 7a | D21: 7p - 7a | Y21: C
B22: Saturday - Sunday | D22: Monday - Friday
B24: 0.8 | D24: 0.8 | F24: Benchmark | G24: (Hours/Patient)
B26: 24 | D26: 24 | F26: Number of Patients (Maximum of 60)
B28: =B26*B24 -> 19.2 | D28: =D26*D24 -> 19.2 | F28: Hours Required
B30: =B28/12 -> 1.6 | D30: =D28/12 -> 1.6 | F30: Number of Employees
D33: =' Benchmark Schedule'!J109 -> 11.5 | F33: Total FTEs

Sheet  Benchmark Schedule
BM2: Budgeted | BN2: Actual | BO2: FTE Over | BP2: Total | BQ2: Budgeted | BR2: Productive | BS2: Nonproductive | BT2: Sick | BU2: Hours Over | BV2: Overtime | BW2: Total | BX2: Daily | BY2: RT Hours / | BZ2: Savings | CA2: Annual
BM3: FTE | BN3: FTE | BO3: FTE Under | BP3: FTE | BQ3: Hours | BR3: Hours | BS3: Hours | BT3: Hours | BU3: Hours Under | BV3: Hours | BW3: Hours | BX3: Census | BY3: Patient Day | BZ3: Pay Period | CA3: Savings
BL5: Student Intern | BM5: =AP72 -> 0 | BN5: =AQ72 -> 0 | BO5: =BM5-BN5 -> 0 | BP5: =BW5/80 -> 0 | BQ5: =BM5*80 -> 0 | BR5: =AR72 -> 0 | BS5: =AI72 -> 0 | BT5: =AJ72 -> 0 | BU5: =BQ5-(BR5-BS5-BT5) -> 0 | BV5: =AS72 -> 0 | BW5: =BR5-(BS5+BT5) -> 0 | BZ5: =BS72 -> 0 | CA5: =BT72 -> 0
BL7: Clinical Student | BM7: =AP76+AP74 -> 0 | BN7: =AQ76+AQ74 -> 0 | BO7: =BM7-BN7 -> 0 | BP7: =BW7/80 -> 0 | BQ7: =BM7*80 -> 0 | BR7: =AR76 -> 0 | BS7: =AI74+AI76 -> 0 | BT7: =AJ76+AJ74 -> 0 | BU7: =BQ7-(BR7-BS7-BT7) -> 0 | BV7: =SUM(AS74,AS76) -> 0 | BW7: =BR7-(BS7+BT7) -> 0 | BZ7: =BS76+BS74 -> 0 | CA7: =BT76 -> 0
BL8: CRT | BM8: =SUM(AP47+AP101) -> 0 | BN8: =SUM(AQ47+AQ101) -> 0 | BO8: =BM8-BN8 -> 0 | BP8: =BW8/80 -> 0 | BQ8: =BM8*80 -> 0 | BR8: =SUM(AR47+AR101) -> 0 | BS8: =SUM(AI47,AI101) -> 0 | BT8: =AJ47+AJ101 -> 0 | BU8: =BQ8-(BR8-BS8-BT8) -> 0 | BV8: =SUM(AS47+AS101) -> 0 | BW8: =BR8-(BS8+BT8) -> 0 | BZ8: =BS47+BS101 -> 0 | CA8: =BT47+BT101 -> 0
BL9: RRT | BM9: =SUM(AP33+AP35+AP37+AP39+AP41+AP43+AP45+AP49+AP51+AP53+AP55+AP57+AP59+AP61+AP64+AP67+AP69+AP79+AP81+AP83+AP85+AP87+AP89+AP91+AP93+AP95+AP97+AP99+AP101+AP104+AP106) -> 5 | BN9: =+SUM(AQ33+AQ35+AQ37+AQ39+AQ41+AQ43+AQ45+AQ49+AQ51+AQ53+AQ55+AQ57+AQ59+AQ61+AQ64+AQ67+AQ69+AQ79+AQ81+AQ83+AQ85+AQ87+AQ89+AQ91+AQ93+AQ95+AQ97+AQ99+AQ104+AQ106) -> 4 | BO9: =BM9-BN9 -> 1 | BP9: =BW9/80 -> -0.05 | BQ9: =BM9*80 -> 400 | BR9: =SUM(AR33+AR35+AR37+AR39+AR41+AR43+AR45+AR49+AR51+AR53+AR55+AR57+AR59+AR61+AR64+AR67+AR69+AR79+AR81+AR83+AR85+AR87+AR89+AR91+AR93+AR95+AR97+AR99+AR104+AR106) -> 0 | BS9: =SUM(AI33:AI45,AI48:AI69,AI79:AI99,AI104:AI106) -> 4 | BT9: =SUM(AJ33:AJ45,AJ49:AJ69,AJ79:AJ99,AJ103:AJ106) -> 0 | BU9: =BQ9-(BR9-BS9-BT9) -> 404 | BV9: =SUM(SUM(AS32:AS45,AS48:AS69,AS78:AS99,AS103:AS106)) -> 4 | BW9: =BR9-(BS9+BT9) -> -4 | BZ9: =SUM(BS33:BS45,BS47:BS69,BS79:BS101,AM104:AM106) -> 0 | CA9: =SUM(BT33:BT45,BT47:BT69,BT79:BT101,AM104:AM106) -> 0
BL10: Manager | BM10: =AP30 -> 1 | BN10: =AQ30 -> 0 | BO10: =BM10-BN10 -> 1 | BP10: =BW10/80 -> 1 | BQ10: =BM10*80 -> 80 | BR10: =BM30 -> 80 | BS10: =AI30 -> 0 | BT10: =AJ30 -> 0 | BU10: =BQ10-(BR10-BS10-BT10) -> 0 | BV10: =AS30 -> 0 | BW10: =BR10-(BS10+BT10) -> 80 | BZ10: =BS30 -> 0 | CA10: =BT30 -> 0
BL11: PFT | BM11: =AP27 -> 1 | BN11: =AQ27 -> 0 | BO11: =BM11-BN11 -> 1 | BP11: =BW11/80 -> 0.6 | BQ11: =BM11*80 -> 80 | BR11: =BM27 -> 48 | BS11: =AI27 -> 0 | BT11: =AJ27 -> 0 | BU11: =BQ11-(BR11-BS11-BT11) -> 32 | BV11: =AS27 -> 0 | BW11: =BR11-(BS11+BT11) -> 48 | BZ11: =BS27 -> 0 | CA11: =BT27 -> 0
BL13: Total | BM13: =SUM(BM5:BM12) -> 7 | BN13: =SUM(SUM(BN5:BN11)) -> 4 | BO13: =SUM(SUM(BO5:BO11)) -> 3 | BP13: =BW13/80 -> 1.55 | BQ13: =SUM(SUM(BQ5:BQ11)) -> 560 | BR13: =SUM(SUM(BR5:BR11)) -> 128 | BS13: =SUM(SUM(BS5:BS11)) -> 4 | BT13: =SUM(SUM(BT5:BT11)) -> 0 | BU13: =SUM(SUM(BU5:BU11)) -> 436 | BV13: =SUM(SUM(BV5:BV11)) -> 4 | BW13: =SUM(SUM(BW5:BW11)) -> 124 | BX13: =SUM(SUM(M123:S123,U123:AA123))/14 -> 24 | BY13: =SUM(SUM(M119:S119,U119:AA119,M121:S121,U121:AA121))/SUM(M123:S123,U123:AA123) -> 2.3571429 | BZ13: =SUM(SUM(BZ5:BZ11)) -> 0 | CA13: =SUM(SUM(CA5:CA11)) -> 0
BL16: Total Budgeted FTE | BN16: =BW13/80 -> 1.55
F17: ='Master Pay Period 1'!F17 -> Company
F18: ='Master Pay Period 1'!F18 -> 0 | W18: Goforth ™ | BL18: Total Scheduled FTE | BN18: =BP13 -> 1.55
F19: ='Master Pay Period 1'!F19 -> 0 | W19: Better Tools For Workforce Management
W20: Copyright © 2012-2018 Goforth, LLC. All Rights Reserved
A21: Wages | B21: Non | D21: Hours | M21: =Calendar!$A$2 -> 1 | AC21: =Calendar!$A$8 -> 2 | AS21: =Calendar!$A$14 -> 3
A22: Per Hour | B22: Productive | C22: Sick | D22: Over | E22: Hours | F22: Name | G22: Title | H22: Shift | I22: Budgeted | J22: Actual | K22: Actual | L22: OT | M22: =Calendar!$A$3 -> 0 | N22: =Calendar!$B$3 -> 0 | O22: =Calendar!$C$3 -> January | P22: =Calendar!$D$3 -> 0 | Q22: =Calendar!$E$3 -> 0 | R22: =Calendar!$F$3 -> 0 | S22: =Calendar!$G$3 -> 0 | T22: =Calendar!$H$3 -> 2019 | U22: =Calendar!$I$3 -> 0 | V22: =Calendar!$J$3 -> 0 | W22: =Calendar!$K$3 -> 0 | X22: =Calendar!$L$3 -> 0 | Y22: =Calendar!$M$3 -> 0 | Z22: =Calendar!$N$3 -> 0 | AA22: =Calendar!$O$3 -> 0 | AC22: =Calendar!$A$9 -> January | AD22: =Calendar!$B$9 -> 0 | AE22: =Calendar!$C$9 -> 0 | AF22: =Calendar!$D$9 -> 0 | AG22: =Calendar!$E$9 -> 0 | AH22: =Calendar!$F$9 -> 0 | AI22: =Calendar!$G$9 -> 0 | AJ22: =Calendar!$H$9 -> 2019 | AK22: =Calendar!$I$9 -> 0 | AL22: =Calendar!$J$9 -> 0 | AM22: =Calendar!$K$9 -> 0 | AN22: =Calendar!$L$9 -> 0 | AO22: =Calendar!$M$9 -> 0 | AP22: =Calendar!$N$9 -> 0 | AQ22: =Calendar!$O$9 -> 0 | AS22: =Calendar!$A$15 -> 0 | AT22: =Calendar!$B$15 -> 0 | AU22: =Calendar!$C$15 -> 0 | AV22: =Calendar!$D$15 -> 0 | AW22: =Calendar!$E$15 -> 0 | AX22: =Calendar!$F$15 -> February | AY22: =Calendar!$G$15 -> 0 | AZ22: =Calendar!$H$15 -> 2019 | BA22: =Calendar!$I$15 -> 0 | BB22: =Calendar!$J$15 -> 0 | BC22: =Calendar!$K$15 -> 0 | BD22: =Calendar!$L$15 -> 0 | BE22: =Calendar!$M$15 -> 0 | BF22: =Calendar!$N$15 -> 0 | BG22: =Calendar!$O$15 -> 0 | BL22: Budgeted | BM22: Actual | BN22: Hours | BO22: FTE | BP22: Benefit | BQ22: Total FTE | BR22: Benefits | BS22: Savings | BT22: Annual | BU22: Shifts
B23: Hours | C23: Hours | D23: Under | E23: Shift | I23: FTE | J23: FTE | K23: Hours | L23: Hours | M23: =Calendar!$A$4 -> 30 | N23: =Calendar!$B$4 -> 31 | O23: =Calendar!$C$4 -> 1 | P23: =Calendar!$D$4 -> 2 | Q23: =Calendar!$E$4 -> 3 | R23: =Calendar!$F$4 -> 4 | S23: =Calendar!$G$4 -> 5 | U23: =Calendar!$I$4 -> 6 | V23: =Calendar!$J$4 -> 7 | W23: =Calendar!$K$4 -> 8 | X23: =Calendar!$L$4 -> 9 | Y23: =Calendar!$M$4 -> 10 | Z23: =Calendar!$N$4 -> 11 | AA23: =Calendar!$O$4 -> 12 | AC23: =Calendar!$A$10 -> 13 | AD23: =Calendar!$B$10 -> 14 | AE23: =Calendar!$C$10 -> 15 | AF23: =Calendar!$D$10 -> 16 | AG23: =Calendar!$E$10 -> 17 | AH23: =Calendar!$F$10 -> 18 | AI23: =Calendar!$G$10 -> 19 | AK23: =Calendar!$I$10 -> 20 | AL23: =Calendar!$J$10 -> 21 | AM23: =Calendar!$K$10 -> 22 | AN23: =Calendar!$L$10 -> 23 | AO23: =Calendar!$M$10 -> 24 | AP23: =Calendar!$N$10 -> 25 | AQ23: =Calendar!$O$10 -> 26 | AS23: =Calendar!$A$16 -> 27 | AT23: =Calendar!$B$16 -> 28 | AU23: =Calendar!$C$16 -> 29 | AV23: =Calendar!$D$16 -> 30 | AW23: =Calendar!$E$16 -> 31 | AX23: =Calendar!$F$16 -> 1 | AY23: =Calendar!$G$16 -> 2 | BA23: =Calendar!$I$16 -> 3 | BB23: =Calendar!$J$16 -> 4 | BC23: =Calendar!$K$16 -> 5 | BD23: =Calendar!$L$16 -> 6 | BE23: =Calendar!$M$16 -> 7 | BF23: =Calendar!$N$16 -> 8 | BG23: =Calendar!$O$16 -> 9 | BL23: Hours | BM23: Hours | BN23: Saved | BO23: Saved | BP23: FTE | BQ23: Saved | BS23: Pay Period | BT23: Savings | BU23: Pay Period
M24: S | N24: M | O24: T | P24: W | Q24: T | R24: F | S24: S | U24: S | V24: M | W24: T | X24: W | Y24: T | Z24: F | AA24: S | AC24: S | AD24: M | AE24: T | AF24: W | AG24: T | AH24: F | AI24: S | AK24: S | AL24: M | AM24: T | AN24: W | AO24: T | AP24: F | AQ24: S | AS24: S | AT24: M | AU24: T | AV24: W | AW24: T | AX24: F | AY24: S | BA24: S | BB24: M | BC24: T | BD24: W | BE24: T | BF24: F | BG24: S
A27: 32 | B27: =SUM(IF(M26="V",-E26),IF(N26="V",-E26),IF(O26="V",-E26),IF(P26="V",-E26),IF(Q26="V",-E26),IF(R26="V",-E26),IF(S26="V",-E26),IF(U26="V",-E26),IF(V26="V",-E26),IF(W26="V",-E26),IF(X26="V",-E26),IF(Y26="V",-E26),IF(Z26="V",-E26),IF(AA26="V",-E26),IF(M26="H",-E26),IF(N26="H",-E26),IF(O26="H",-E26),IF(P26="H",-E26),IF(Q26="H",-E26),IF(R26="H",-E26),IF(S26="H",-E26),IF(U26="H",-E26),IF(V26="H",-E26),IF(W26="H",-E26),IF(X26="H",-E26),IF(Y26="H",-E26),IF(Z26="H",-E26),IF(AA26="H",-E26)) -> 0 | C27: =SUM(IF(M26="S",-E26),IF(N26="S",-E26),IF(O26="S",-E26),IF(P26="S",-E26),IF(Q26="S",-E26),IF(R26="S",-E26),IF(S26="S",-E26),IF(U26="S",-E26),IF(V26="S",-E26),IF(W26="S",-E26),IF(X26="S",-E26),IF(Y26="S",-E26),IF(Z26="S",-E26),IF(AA26="S",-E26)) -> 0 | D27: =(I27*80)-(K27-(B27+C27)) -> 0 | E27: 6 | G27: PFT | H27: 7a-3-30p | I27: ='Master Pay Period 1'!I27 -> 0.6 | J27: =BM27/80 -> 0.6 | K27: =E27*BU27 -> 48 | O27: 1 | P27: 1 | Q27: 1 | R27: 1 | W27: 1 | X27: 1 | Y27: 1 | Z27: 1 | AE27: 1 | AF27: 1 | AG27: 1 | AH27: 1 | AM27: 1 | AN27: 1 | AO27: 1 | AP27: 1 | AU27: 1 | AV27: 1 | AW27: 1 | AX27: 1 | BC27: 1 | BD27: 1 | BE27: 1 | BF27: 1 | BL27: =I27*80 -> 48 | BM27: =BU27*E27 -> 48 | BN27: =BL27-BM27 -> 0 | BO27: =BN27/80 -> 0 | BP27: =B28/(80) -> 0 | BQ27: =SUM(SUM(BO27,BP27)) -> 0 | BR27: =A27*0.28 -> 8.96 | BS27: =D27*A27 -> 0 | BT27: =(BR27+A27)*(D27)*26 -> 0 | BU27: =SUM(SUM(M27:AA27)) -> 8
A30: 35 | B30: =SUM(IF(M29="V",-E29),IF(N29="V",-E29),IF(O29="V",-E29),IF(P29="V",-E29),IF(Q29="V",-E29),IF(R29="V",-E29),IF(S29="V",-E29),IF(U29="V",-E29),IF(V29="V",-E29),IF(W29="V",-E29),IF(X29="V",-E29),IF(Y29="V",-E29),IF(Z29="V",-E29),IF(AA29="V",-E29),IF(M29="H",-E29),IF(N29="H",-E29),IF(O29="H",-E29),IF(P29="H",-E29),IF(Q29="H",-E29),IF(R29="H",-E29),IF(S29="H",-E29),IF(U29="H",-E29),IF(V29="H",-E29),IF(W29="H",-E29),IF(X29="H",-E29),IF(Y29="H",-E29),IF(Z29="H",-E29),IF(AA29="H",-E29)) -> 0 | C30: =SUM(IF(M29="S",-E29),IF(N29="S",-E29),IF(O29="S",-E29),IF(P29="S",-E29),IF(Q29="S",-E29),IF(R29="S",-E29),IF(S29="S",-E29),IF(U29="S",-E29),IF(V29="S",-E29),IF(W29="S",-E29),IF(X29="S",-E29),IF(Y29="S",-E29),IF(Z29="S",-E29),IF(AA29="S",-E29)) -> 0 | D30: =(I30*80)-(K30-(B30+C30)) -> 0 | E30: 8 | G30: Manager | H30: 7a-3-30p | I30: ='Master Pay Period 1'!I30 -> 1 | J30: =BM30/80 -> 1 | K30: =E30*BU30 -> 80 | N30: 1 | O30: 1 | P30: 1 | Q30: 1 | R30: 1 | V30: 1 | W30: 1 | X30: 1 | Y30: 1 | Z30: 1 | AD30: 1 | AE30: 1 | AF30: 1 | AG30: 1 | AH30: 1 | AL30: 1 | AM30: 1 | AN30: 1 | AO30: 1 | AP30: 1 | AT30: 1 | AU30: 1 | AV30: 1 | AW30: 1 | AX30: 1 | BB30: 1 | BC30: 1 | BD30: 1 | BE30: 1 | BF30: 1 | BL30: =I30*80 -> 80 | BM30: =BU30*E30 -> 80 | BN30: =BL30-BM30 -> 0 | BO30: =BN30/80 -> 0 | BP30: =B31/(80) -> 0 | BQ30: =SUM(SUM(BO30,BP30)) -> 0 | BR30: =A30*0.28 -> 9.8 | BS30: =D30*A30 -> 0 | BT30: =(BR30+A30)*(D30)*26 -> 0 | BU30: =SUM(SUM(M30:AA30)) -> 10
A33: 25 | B33: =SUM(IF(M32="V",-E32),IF(N32="V",-E32),IF(O32="V",-E32),IF(P32="V",-E32),IF(Q32="V",-E32),IF(R32="V",-E32),IF(S32="V",-E32),IF(U32="V",-E32),IF(V32="V",-E32),IF(W32="V",-E32),IF(X32="V",-E32),IF(Y32="V",-E32),IF(Z32="V",-E32),IF(AA32="V",-E32),IF(M32="H",-E32),IF(N32="H",-E32),IF(O32="H",-E32),IF(P32="H",-E32),IF(Q32="H",-E32),IF(R32="H",-E32),IF(S32="H",-E32),IF(U32="H",-E32),IF(V32="H",-E32),IF(W32="H",-E32),IF(X32="H",-E32),IF(Y32="H",-E32),IF(Z32="H",-E32),IF(AA32="H",-E32)) -> 0 | C33: =SUM(IF(M32="S",-E32),IF(N32="S",-E32),IF(O32="S",-E32),IF(P32="S",-E32),IF(Q32="S",-E32),IF(R32="S",-E32),IF(S32="S",-E32),IF(U32="S",-E32),IF(V32="S",-E32),IF(W32="S",-E32),IF(X32="S",-E32),IF(Y32="S",-E32),IF(Z32="S",-E32),IF(AA32="S",-E32)) -> 0 | D33: =(I33*80)-(K33-(B33+C33)) -> 0 | E33: 12 | G33: RRT | H33: 7a-7-30p | I33: ='Master Pay Period 1'!I33 -> 0.9 | J33: =BM33/80 -> 0.9 | K33: =E33*BU33 -> 72 | M33: =IF(Benchmark!$B$17>1,1,1) -> 1 | P33: =IF(Benchmark!$D$17>1,1,1) -> 1 | R33: =IF(Benchmark!$D$17>R30,1,1) -> 1 | V33: =IF(Benchmark!$D$17>1,1,1) -> 1 | X33: =IF(Benchmark!$D$17>1,1,1) -> 1 | Y33: =IF(Benchmark!$D$17>1,1,1) -> 1 | AD33: =IF(Benchmark!$D$17>1,1,1) -> 1 | AF33: =IF(Benchmark!$D$17>1,1,1) -> 1 | AI33: =IF(Benchmark!$B$17>1,1,1) -> 1 | AK33: =IF(Benchmark!$B$17>1,1,1) -> 1 | AM33: =IF(Benchmark!$D$17>1,1,1) -> 1 | AP33: =IF(Benchmark!$D$17>1,1,1) -> 1 | AT33: =IF(Benchmark!$D$17>1,1,1) -> 1 | AV33: =IF(Benchmark!$D$17>1,1,1) -> 1 | AW33: =IF(Benchmark!$D$17>1,1,1) -> 1 | BB33: =IF(Benchmark!$D$17>1,1,1) -> 1 | BD33: =IF(Benchmark!$D$17>1,1,1) -> 1 | BG33: =IF(Benchmark!$B$17>1,1,1) -> 1 | BL33: =I33*80 -> 72 | BM33: =BU33*E33 -> 72 | BN33: =BL33-BM33 -> 0 | BO33: =BN33/80 -> 0 | BP33: =B34/(80) -> 0 | BQ33: =SUM(SUM(BO33,BP33)) -> 0 | BR33: =A33*0.28 -> 7 | BS33: =D33*A33 -> 0 | BT33: =(BR33+A33)*(D33)*26 -> 0 | BU33: =SUM(SUM(M33:AA33)) -> 6
A35: 25 | B35: =SUM(IF(M34="V",-E34),IF(N34="V",-E34),IF(O34="V",-E34),IF(P34="V",-E34),IF(Q34="V",-E34),IF(R34="V",-E34),IF(S34="V",-E34),IF(U34="V",-E34),IF(V34="V",-E34),IF(W34="V",-E34),IF(X34="V",-E34),IF(Y34="V",-E34),IF(Z34="V",-E34),IF(AA34="V",-E34),IF(M34="H",-E34),IF(N34="H",-E34),IF(O34="H",-E34),IF(P34="H",-E34),IF(Q34="H",-E34),IF(R34="H",-E34),IF(S34="H",-E34),IF(U34="H",-E34),IF(V34="H",-E34),IF(W34="H",-E34),IF(X34="H",-E34),IF(Y34="H",-E34),IF(Z34="H",-E34),IF(AA34="H",-E34)) -> 0 | C35: =SUM(IF(M34="S",-E34),IF(N34="S",-E34),IF(O34="S",-E34),IF(P34="S",-E34),IF(Q34="S",-E34),IF(R34="S",-E34),IF(S34="S",-E34),IF(U34="S",-E34),IF(V34="S",-E34),IF(W34="S",-E34),IF(X34="S",-E34),IF(Y34="S",-E34),IF(Z34="S",-E34),IF(AA34="S",-E34)) -> 0 | D35: =(I35*80)-(K35-(B35+C35)) -> 0 | E35: 12 | G35: RRT | H35: 7a-7-30p | I35: ='Master Pay Period 1'!I35 -> 0.9 | J35: =BM35/80 -> 0.9 | K35: =E35*BU35 -> 72 | N35: =IF(Benchmark!$D$17>N33,1,0) -> 1 | O35: =IF(Benchmark!$D$17>O33,1,0) -> 1 | S35: =IF(Benchmark!$B$17>S33,1,0) -> 1 | U35: =IF(Benchmark!$B$17>U33,1,0) -> 1 | W35: =IF(Benchmark!$D$17>W33,1,0) -> 1 | Z35: =IF(Benchmark!$D$17>Z33,1,0) -> 1 | AE35: =IF(Benchmark!$D$17>AE33,1,0) -> 1 | AG35: =IF(Benchmark!$D$17>AG33,1,0) -> 1 | AH35: =IF(Benchmark!$D$17>AH33,1,0) -> 1 | AL35: =IF(Benchmark!$D$17>AL33,1,0) -> 1 | AN35: =IF(Benchmark!$D$17>AN33,1,0) -> 1 | AQ35: =IF(Benchmark!$B$17>AQ33,1,0) -> 1 | AS35: =IF(Benchmark!$B$17>AS33,1,0) -> 1 | AU35: =IF(Benchmark!$D$17>AU33,1,0) -> 1 | AX35: =IF(Benchmark!$D$17>AX33,1,0) -> 1 | BC35: =IF(Benchmark!$D$17>BC33,1,0) -> 1 | BE35: =IF(Benchmark!$D$17>BE33,1,0) -> 1 | BF35: =IF(Benchmark!$D$17>BF33,1,0) -> 1 | BL35: =I35*80 -> 72 | BM35: =BU35*E35 -> 72 | BN35: =BL35-BM35 -> 0 | BO35: =BN35/80 -> 0 | BP35: =B36/(80) -> 0 | BQ35: =SUM(SUM(BO35,BP35)) -> 0 | BR35: =A35*0.28 -> 7 | BS35: =D35*A35 -> 0 | BT35: =(BR35+A35)*(D35)*26 -> 0 | BU35: =SUM(SUM(M35:AA35)) -> 6
A37: 24.12 | B37: =SUM(IF(M36="V",-E36),IF(N36="V",-E36),IF(O36="V",-E36),IF(P36="V",-E36),IF(Q36="V",-E36),IF(R36="V",-E36),IF(S36="V",-E36),IF(U36="V",-E36),IF(V36="V",-E36),IF(W36="V",-E36),IF(X36="V",-E36),IF(Y36="V",-E36),IF(Z36="V",-E36),IF(AA36="V",-E36),IF(M36="H",-E36),IF(N36="H",-E36),IF(O36="H",-E36),IF(P36="H",-E36),IF(Q36="H",-E36),IF(R36="H",-E36),IF(S36="H",-E36),IF(U36="H",-E36),IF(V36="H",-E36),IF(W36="H",-E36),IF(X36="H",-E36),IF(Y36="H",-E36),IF(Z36="H",-E36),IF(AA36="H",-E36)) -> 0 | C37: =SUM(IF(M36="S",-E36),IF(N36="S",-E36),IF(O36="S",-E36),IF(P36="S",-E36),IF(Q36="S",-E36),IF(R36="S",-E36),IF(S36="S",-E36),IF(U36="S",-E36),IF(V36="S",-E36),IF(W36="S",-E36),IF(X36="S",-E36),IF(Y36="S",-E36),IF(Z36="S",-E36),IF(AA36="S",-E36)) -> 0 | D37: =(I37*80)-(K37-(B37+C37)) -> 0 | E37: 12 | G37: RRT | H37: 7a-7:30p | I37: ='Master Pay Period 1'!I37 -> 0.9 | J37: =BM37/80 -> 0.9 | K37: =E37*BU37 -> 72 | N37: =IF(Benchmark!$D$17>SUM(N35+N33),1,0) -> 1 | P37: =IF(Benchmark!$D$17>SUM(P35+P33),1,0) -> 1 | Q37: =IF(Benchmark!$D$17>SUM(Q35+Q33),1,0) -> 1 | V37: =IF(Benchmark!$D$17>SUM(V35+V33),1,0) -> 1 | X37: =IF(Benchmark!$D$17>SUM(X35+X33),1,0) -> 1 | AA37: =IF(Benchmark!$B$17>SUM(AA35+AA33),1,0) -> 1 | AC37: =IF(Benchmark!$B$17>SUM(AC35+AC33),1,0) -> 1 | AE37: =IF(Benchmark!$D$17>SUM(AE35+AE33),1,0) -> 1 | AG37: =IF(Benchmark!$D$17>SUM(AG35+AG33),1,0) -> 1 | AM37: =IF(Benchmark!$D$17>SUM(AM35+AM33),1,0) -> 1 | AO37: =IF(Benchmark!$D$17>SUM(AO35+AO33),1,0) -> 1 | AP37: =IF(Benchmark!$D$17>SUM(AP35+AP33),1,0) -> 1 | AT37: =IF(Benchmark!$D$17>SUM(AT35+AT33),1,0) -> 1 | AV37: =IF(Benchmark!$D$17>SUM(AV35+AV33),1,0) -> 1 | AY37: =IF(Benchmark!$B$17>SUM(AY35+AY33),1,0) -> 1 | BA37: =IF(Benchmark!$B$17>SUM(BA35+BA33),1,0) -> 1 | BC37: =IF(Benchmark!$D$17>SUM(BC35+BC33),1,0) -> 1 | BF37: =IF(Benchmark!$D$17>SUM(BF35+BF33),1,0) -> 1 | BL37: =I37*80 -> 72 | BM37: =BU37*E37 -> 72 | BN37: =BL37-BM37 -> 0 | BO37: =BN37/80 -> 0 | BP37: =B38/(80) -> 0 | BQ37: =SUM(SUM(BO37,BP37)) -> 0 | BR37: =A37*0.28 -> 6.7536 | BS37: =D37*A37 -> 0 | BT37: =(BR37+A37)*(D37)*26 -> 0 | BU37: =SUM(SUM(M37:AA37)) -> 6
A39: 25.81 | B39: =SUM(IF(M38="V",-E38),IF(N38="V",-E38),IF(O38="V",-E38),IF(P38="V",-E38),IF(Q38="V",-E38),IF(R38="V",-E38),IF(S38="V",-E38),IF(U38="V",-E38),IF(V38="V",-E38),IF(W38="V",-E38),IF(X38="V",-E38),IF(Y38="V",-E38),IF(Z38="V",-E38),IF(AA38="V",-E38),IF(M38="H",-E38),IF(N38="H",-E38),IF(O38="H",-E38),IF(P38="H",-E38),IF(Q38="H",-E38),IF(R38="H",-E38),IF(S38="H",-E38),IF(U38="H",-E38),IF(V38="H",-E38),IF(W38="H",-E38),IF(X38="H",-E38),IF(Y38="H",-E38),IF(Z38="H",-E38),IF(AA38="H",-E38)) -> 0 | C39: =SUM(IF(M38="S",-E38),IF(N38="S",-E38),IF(O38="S",-E38),IF(P38="S",-E38),IF(Q38="S",-E38),IF(R38="S",-E38),IF(S38="S",-E38),IF(U38="S",-E38),IF(V38="S",-E38),IF(W38="S",-E38),IF(X38="S",-E38),IF(Y38="S",-E38),IF(Z38="S",-E38),IF(AA38="S",-E38)) -> 0 | D39: =(I39*80)-(K39-(B39+C39)) -> 0 | E39: 12 | G39: RRT | H39: 7a-7:30p | I39: ='Master Pay Period 1'!I39 -> 0.75 | J39: =BM39/80 -> 0.75 | K39: =E39*BU39 -> 60 | M39: =IF(Benchmark!$B$17>SUM(M37+M35+M33),1,0) -> 1 | R39: =IF(Benchmark!$D$17>SUM(R37+R35+R33),1,0) -> 1 | V39: =IF(Benchmark!$D$17>SUM(V37+V35+V33),1,0) -> 1 | W39: =IF(Benchmark!$D$17>SUM(W37+W35+W33),1,0) -> 1 | Z39: =IF(Benchmark!$D$17>SUM(Z37+Z35+Z33),1,0) -> 1 | AD39: =IF(Benchmark!$D$17>SUM(AD37+AD35+AD33),1,0) -> 1 | AH39: =IF(Benchmark!$D$17>SUM(AH37+AH35+AH33),1,0) -> 1 | AI39: =IF(Benchmark!$B$17>SUM(AI37+AI35+AI33),1,0) -> 1 | AK39: =IF(Benchmark!$B$17>SUM(AK37+AK35+AK33),1,0) -> 1 | AO39: =IF(Benchmark!$D$17>SUM(AO37+AO35+AO33),1,0) -> 1 | AU39: =IF(Benchmark!$D$17>SUM(AU37+AU35+AU33),1,0) -> 1 | AV39: =IF(Benchmark!$D$17>SUM(AV37+AV35+AV33),1,0) -> 1 | AX39: =IF(Benchmark!$D$17>SUM(AX37+AX35+AX33),1,0) -> 1 | BE39: =IF(Benchmark!$D$17>SUM(BE37+BE35+BE33),1,0) -> 1 | BG39: =IF(Benchmark!$B$17>SUM(BG37+BG35+BG33),1,0) -> 1 | BL39: =I39*80 -> 60 | BM39: =BU39*E39 -> 60 | BN39: =BL39-BM39 -> 0 | BO39: =BN39/80 -> 0 | BP39: =B40/(80) -> 0 | BQ39: =SUM(SUM(BO39,BP39)) -> 0 | BR39: =A39*0.28 -> 7.2268 | BS39: =D39*A39 -> 0 | BT39: =(BR39+A39)*(D39)*26 -> 0 | BU39: =SUM(SUM(M39:AA39)) -> 5
A41: 31.35 | B41: =SUM(IF(M40="V",-E40),IF(N40="V",-E40),IF(O40="V",-E40),IF(P40="V",-E40),IF(Q40="V",-E40),IF(R40="V",-E40),IF(S40="V",-E40),IF(U40="V",-E40),IF(V40="V",-E40),IF(W40="V",-E40),IF(X40="V",-E40),IF(Y40="V",-E40),IF(Z40="V",-E40),IF(AA40="V",-E40),IF(M40="H",-E40),IF(N40="H",-E40),IF(O40="H",-E40),IF(P40="H",-E40),IF(Q40="H",-E40),IF(R40="H",-E40),IF(S40="H",-E40),IF(U40="H",-E40),IF(V40="H",-E40),IF(W40="H",-E40),IF(X40="H",-E40),IF(Y40="H",-E40),IF(Z40="H",-E40),IF(AA40="H",-E40)) -> 0 | C41: =SUM(IF(M40="S",-E40),IF(N40="S",-E40),IF(O40="S",-E40),IF(P40="S",-E40),IF(Q40="S",-E40),IF(R40="S",-E40),IF(S40="S",-E40),IF(U40="S",-E40),IF(V40="S",-E40),IF(W40="S",-E40),IF(X40="S",-E40),IF(Y40="S",-E40),IF(Z40="S",-E40),IF(AA40="S",-E40)) -> 0 | D41: =(I41*80)-(K41-(B41+C41)) -> 0 | E41: 12 | G41: RRT | H41: 7a-7:30p | I41: ='Master Pay Period 1'!I41 -> 0.9 | J41: =BM41/80 -> 0.9 | K41: =E41*BU41 -> 72 | O41: =IF(Benchmark!$D$17>SUM(O39+O37+O35+O33),1,0) -> 1 | Q41: =IF(Benchmark!$D$17>SUM(Q39+Q37+Q35+Q33),1,0) -> 1 | S41: =IF(Benchmark!$B$17>SUM(S39+S37+S35+S33),1,0) -> 1 | U41: =IF(Benchmark!$B$17>SUM(U39+U37+U35+U33),1,0) -> 1 | W41: =IF(Benchmark!$D$17>SUM(W39+W37+W35+W33),1,0) -> 1 | Y41: =IF(Benchmark!$D$17>SUM(Y39+Y37+Y35+Y33),1,0) -> 1 | AD41: =IF(Benchmark!$D$17>SUM(AD39+AD37+AD35+AD33),1,0) -> 1 | AF41: =IF(Benchmark!$D$17>SUM(AF39+AF37+AF35+AF33),1,0) -> 1 | AG41: =IF(Benchmark!$D$17>SUM(AG39+AG37+AG35+AG33),1,0) -> 1 | AL41: =IF(Benchmark!$D$17>SUM(AL39+AL37+AL35+AL33),1,0) -> 1 | AN41: =IF(Benchmark!$D$17>SUM(AN39+AN37+AN35+AN33),1,0) -> 1 | AQ41: =IF(Benchmark!$B$17>SUM(AQ39+AQ37+AQ35+AQ33),1,0) -> 1 | AS41: =IF(Benchmark!$B$17>SUM(AS39+AS37+AS35+AS33),1,0) -> 1 | AW41: =IF(Benchmark!$D$17>SUM(AW39+AW37+AW35+AW33),1,0) -> 1 | AX41: =IF(Benchmark!$D$17>SUM(AX39+AX37+AX35+AX33),1,0) -> 1 | BB41: =IF(Benchmark!$D$17>SUM(BB39+BB37+BB35+BB33),1,0) -> 1 | BD41: =IF(Benchmark!$D$17>SUM(BD39+BD37+BD35+BD33),1,0) -> 1 | BF41: =IF(Benchmark!$D$17>SUM(BF39+BF37+BF35+BF33),1,0) -> 1 | BL41: =I41*80 -> 72 | BM41: =BU41*E41 -> 72 | BN41: =BL41-BM41 -> 0 | BO41: =BN41/80 -> 0 | BP41: =B42/(80) -> 0 | BQ41: =SUM(SUM(BO41,BP41)) -> 0 | BR41: =A41*0.28 -> 8.778 | BS41: =D41*A41 -> 0 | BT41: =(BR41+A41)*(D41)*26 -> 0 | BU41: =SUM(SUM(M41:AA41)) -> 6
A43: 27.73 | B43: =SUM(IF(M42="V",-E42),IF(N42="V",-E42),IF(O42="V",-E42),IF(P42="V",-E42),IF(Q42="V",-E42),IF(R42="V",-E42),IF(S42="V",-E42),IF(U42="V",-E42),IF(V42="V",-E42),IF(W42="V",-E42),IF(X42="V",-E42),IF(Y42="V",-E42),IF(Z42="V",-E42),IF(AA42="V",-E42),IF(M42="H",-E42),IF(N42="H",-E42),IF(O42="H",-E42),IF(P42="H",-E42),IF(Q42="H",-E42),IF(R42="H",-E42),IF(S42="H",-E42),IF(U42="H",-E42),IF(V42="H",-E42),IF(W42="H",-E42),IF(X42="H",-E42),IF(Y42="H",-E42),IF(Z42="H",-E42),IF(AA42="H",-E42)) -> 0 | C43: =SUM(IF(M42="S",-E42),IF(N42="S",-E42),IF(O42="S",-E42),IF(P42="S",-E42),IF(Q42="S",-E42),IF(R42="S",-E42),IF(S42="S",-E42),IF(U42="S",-E42),IF(V42="S",-E42),IF(W42="S",-E42),IF(X42="S",-E42),IF(Y42="S",-E42),IF(Z42="S",-E42),IF(AA42="S",-E42)) -> 0 | D43: =(I43*80)-(K43-(B43+C43)) -> 0 | E43: 12 | G43: RRT | H43: 7a-7:30p | I43: ='Master Pay Period 1'!I43 -> 0.75 | J43: =BM43/80 -> 0.75 | K43: =E43*BU43 -> 60 | N43: =IF(Benchmark!$D$17>SUM(N41+N39+N37+N35+N33),1,0) -> 1 | P43: =IF(Benchmark!$D$17>SUM(P41+P39+P37+P35+P33),1,0) -> 1 | Q43: =IF(Benchmark!$D$17>SUM(Q41+Q39+Q37+Q35+Q33),1,0) -> 1 | W43: =IF(Benchmark!$D$17>SUM(W41+W39+W37+W35+W33),1,0) -> 0 | Y43: =IF(Benchmark!$D$17>SUM(Y41+Y39+Y37+Y35+Y33),1,0) -> 1 | AA43: =IF(Benchmark!$B$17>SUM(AA41+AA39+AA37+AA35+AA33),1,0) -> 1 | AC43: =IF(Benchmark!$B$17>SUM(AC41+AC39+AC37+AC35+AC33),1,0) -> 1 | AG43: =IF(Benchmark!$D$17>SUM(AG41+AG39+AG37+AG35+AG33),1,0) -> 0 | AH43: =IF(Benchmark!$D$17>SUM(AH41+AH39+AH37+AH35+AH33),1,0) -> 1 | AL43: =IF(Benchmark!$D$17>SUM(AL41+AL39+AL37+AL35+AL33),1,0) -> 1 | AM43: =IF(Benchmark!$D$17>SUM(AM41+AM39+AM37+AM35+AM33),1,0) -> 1 | AO43: =IF(Benchmark!$D$17>SUM(AO41+AO39+AO37+AO35+AO33),1,0) -> 1 | AT43: =IF(Benchmark!$D$17>SUM(AT41+AT39+AT37+AT35+AT33),1,0) -> 1 | AV43: =IF(Benchmark!$D$17>SUM(AV41+AV39+AV37+AV35+AV33),1,0) -> 0 | AY43: =IF(Benchmark!$B$17>SUM(AY41+AY39+AY37+AY35+AY33),1,0) -> 1 | BA43: =IF(Benchmark!$B$17>SUM(BA41+BA39+BA37+BA35+BA33),1,0) -> 1 | BC43: =IF(Benchmark!$D$17>SUM(BC41+BC39+BC37+BC35+BC33),1,0) -> 1 | BE43: =IF(Benchmark!$D$17>SUM(BE41+BE39+BE37+BE35+BE33),1,0) -> 1 | BL43: =I43*80 -> 60 | BM43: =BU43*E43 -> 60 | BN43: =BL43-BM43 -> 0 | BO43: =BN43/80 -> 0 | BP43: =B44/(80) -> 0 | BQ43: =SUM(SUM(BO43,BP43)) -> 0 | BR43: =A43*0.28 -> 7.7644 | BS43: =D43*A43 -> 0 | BT43: =(BR43+A43)*(D43)*26 -> 0 | BU43: =SUM(SUM(M43:AA43)) -> 5
A45: 25.93 | B45: =SUM(IF(M44="V",-E44),IF(N44="V",-E44),IF(O44="V",-E44),IF(P44="V",-E44),IF(Q44="V",-E44),IF(R44="V",-E44),IF(S44="V",-E44),IF(U44="V",-E44),IF(V44="V",-E44),IF(W44="V",-E44),IF(X44="V",-E44),IF(Y44="V",-E44),IF(Z44="V",-E44),IF(AA44="V",-E44),IF(M44="H",-E44),IF(N44="H",-E44),IF(O44="H",-E44),IF(P44="H",-E44),IF(Q44="H",-E44),IF(R44="H",-E44),IF(S44="H",-E44),IF(U44="H",-E44),IF(V44="H",-E44),IF(W44="H",-E44),IF(X44="H",-E44),IF(Y44="H",-E44),IF(Z44="H",-E44),IF(AA44="H",-E44)) -> 0 | C45: =SUM(IF(M44="S",-E44),IF(N44="S",-E44),IF(O44="S",-E44),IF(P44="S",-E44),IF(Q44="S",-E44),IF(R44="S",-E44),IF(S44="S",-E44),IF(U44="S",-E44),IF(V44="S",-E44),IF(W44="S",-E44),IF(X44="S",-E44),IF(Y44="S",-E44),IF(Z44="S",-E44),IF(AA44="S",-E44)) -> 0 | D45: =(I45*80)-(K45-(B45+C45)) -> 0 | E45: 12 | G45: RRT | H45: 7a-7:30p | I45: ='Master Pay Period 1'!I45 -> 0.6 | J45: =BM45/80 -> 0.6 | K45: =E45*BU45 -> 48 | M45: =IF(Benchmark!$B$17>SUM(M43+M41+M39+M37+M35+M33),1,0) -> 0 | O45: =IF(Benchmark!$D$17>SUM(O43+O41+O39+O37+O35+O33),1,0) -> 1 | R45: =IF(Benchmark!$D$17>SUM(R43+R41+R39+R37+R35+R33),1,0) -> 1 | V45: =IF(Benchmark!$D$17>SUM(V43+V41+V39+V37+V35+V33),1,0) -> 0 | X45: =IF(Benchmark!$D$17>SUM(X43+X41+X39+X37+X35+X33),1,0) -> 1 | Z45: =IF(Benchmark!$D$17>SUM(Z43+Z41+Z39+Z37+Z35+Z33),1,0) -> 1 | AE45: =IF(Benchmark!$D$17>SUM(AE43+AE41+AE39+AE37+AE35+AE33),1,0) -> 1 | AF45: =IF(Benchmark!$D$17>SUM(AF43+AF41+AF39+AF37+AF35+AF33),1,0) -> 1 | AI45: =IF(Benchmark!$B$17>SUM(AI43+AI41+AI39+AI37+AI35+AI33),1,0) -> 0 | AK45: =IF(Benchmark!$B$17>SUM(AK43+AK41+AK39+AK37+AK35+AK33),1,0) -> 0 | AN45: =IF(Benchmark!$D$17>SUM(AN43+AN41+AN39+AN37+AN35+AN33),1,0) -> 1 | AP45: =IF(Benchmark!$D$17>SUM(AP43+AP41+AP39+AP37+AP35+AP33),1,0) -> 1 | AT45: =IF(Benchmark!$D$17>SUM(AT43+AT41+AT39+AT37+AT35+AT33),1,0) -> 0 | AU45: =IF(Benchmark!$D$17>SUM(AU43+AU41+AU39+AU37+AU35+AU33),1,0) -> 1 | AW45: =IF(Benchmark!$D$17>SUM(AW43+AW41+AW39+AW37+AW35+AW33),1,0) -> 1 | BB45: =IF(Benchmark!$D$17>SUM(BB43+BB41+BB39+BB37+BB35+BB33),1,0) -> 1 | BD45: =IF(Benchmark!$D$17>SUM(BD43+BD41+BD39+BD37+BD35+BD33),1,0) -> 1 | BG45: =IF(Benchmark!$B$17>SUM(BG43+BG41+BG39+BG37+BG35+BG33),1,0) -> 0 | BL45: =I45*80 -> 48 | BM45: =BU45*E45 -> 48 | BN45: =BL45-BM45 -> 0 | BO45: =BN45/80 -> 0 | BP45: =B46/(80) -> 0 | BQ45: =SUM(SUM(BO45,BP45)) -> 0 | BR45: =A45*0.28 -> 7.2604 | BS45: =D45*A45 -> 0 | BT45: =(BR45+A45)*(D45)*26 -> 0 | BU45: =SUM(SUM(M45:AA45)) -> 4
A47: 24.83 | B47: =SUM(IF(M46="V",-E46),IF(N46="V",-E46),IF(O46="V",-E46),IF(P46="V",-E46),IF(Q46="V",-E46),IF(R46="V",-E46),IF(S46="V",-E46),IF(U46="V",-E46),IF(V46="V",-E46),IF(W46="V",-E46),IF(X46="V",-E46),IF(Y46="V",-E46),IF(Z46="V",-E46),IF(AA46="V",-E46),IF(M46="H",-E46),IF(N46="H",-E46),IF(O46="H",-E46),IF(P46="H",-E46),IF(Q46="H",-E46),IF(R46="H",-E46),IF(S46="H",-E46),IF(U46="H",-E46),IF(V46="H",-E46),IF(W46="H",-E46),IF(X46="H",-E46),IF(Y46="H",-E46),IF(Z46="H",-E46),IF(AA46="H",-E46)) -> 0 | C47: =SUM(IF(M46="S",-E46),IF(N46="S",-E46),IF(O46="S",-E46),IF(P46="S",-E46),IF(Q46="S",-E46),IF(R46="S",-E46),IF(S46="S",-E46),IF(U46="S",-E46),IF(V46="S",-E46),IF(W46="S",-E46),IF(X46="S",-E46),IF(Y46="S",-E46),IF(Z46="S",-E46),IF(AA46="S",-E46)) -> 0 | D47: =(I47*80)-(K47-(B47+C47)) -> 0 | E47: 12 | G47: CRT | H47: 7a-7:30p | I47: ='Master Pay Period 1'!I47 -> 0 | J47: =BM47/80 -> 0 | K47: =E47*BU47 -> 0 | O47: =IF(Benchmark!$D$17>SUM(O45+O43+O41+O39+O37,O35,O33),1,0) -> 0 | P47: =IF(Benchmark!$D$17>SUM(P45+P43+P41+P39+P37,P35,P33),1,0) -> 0 | S47: =IF(Benchmark!$B$17>SUM(S45+S43+S41+S39+S37+S35+S33),1,0) -> 0 | U47: =IF(Benchmark!$B$17>SUM(U45+U43+U41+U39+U37+U35+U33),1,0) -> 0 | Y47: =IF(Benchmark!$D$17>SUM(Y45+Y43+Y41+Y39+Y37,Y35,Y33),1,0) -> 0 | Z47: =IF(Benchmark!$D$17>SUM(Z45+Z43+Z41+Z39+Z37,Z35,Z33),1,0) -> 0 | AD47: =IF(Benchmark!$D$17>SUM(AD45+AD43+AD41+AD39+AD37,AD35,AD33),1,0) -> 0 | AE47: =IF(Benchmark!$D$17>SUM(AE45+AE43+AE41+AE39+AE37,AE35,AE33),1,0) -> 0 | AH47: =IF(Benchmark!$D$17>SUM(AH45+AH43+AH41+AH39+AH37,AH35,AH33),1,0) -> 0 | AL47: =IF(Benchmark!$D$17>SUM(AL45+AL43+AL41+AL39+AL37,AL35,AL33),1,0) -> 0 | AO47: =IF(Benchmark!$D$17>SUM(AO45+AO43+AO41+AO39+AO37,AO35,AO33),1,0) -> 0 | AQ47: =IF(Benchmark!$B$17>SUM(AQ45+AQ43+AQ41+AQ39+AQ37+AQ35+AQ33),1,0) -> 0 | AS47: =IF(Benchmark!$B$17>SUM(AS45+AS43+AS41+AS39+AS37+AS35+AS33),1,0) -> 0 | AW47: =IF(Benchmark!$D$17>SUM(AW45+AW43+AW41+AW39+AW37,AW35,AW33),1,0) -> 0 | AX47: =IF(Benchmark!$D$17>SUM(AX45+AX43+AX41+AX39+AX37,AX35,AX33),1,0) -> 0 | BB47: =IF(Benchmark!$D$17>SUM(BB45+BB43+BB41+BB39+BB37,BB35,BB33),1,0) -> 0 | BD47: =IF(Benchmark!$D$17>SUM(BD45+BD43+BD41+BD39+BD37,BD35,BD33),1,0) -> 0 | BF47: =IF(Benchmark!$D$17>SUM(BF45+BF43+BF41+BF39+BF37,BF35,BF33),1,0) -> 0 | BL47: =I47*80 -> 0 | BM47: =BU47*E47 -> 0 | BN47: =BL47-BM47 -> 0 | BO47: =BN47/80 -> 0 | BP47: =B48/(80) -> 0 | BQ47: =SUM(SUM(BO47,BP47)) -> 0 | BR47: =A47*0.28 -> 6.9524 | BS47: =D47*A47 -> 0 | BT47: =(BR47+A47)*(D47)*26 -> 0 | BU47: =SUM(SUM(M47:AA47)) -> 0
A49: 25 | B49: =SUM(IF(M48="V",-E48),IF(N48="V",-E48),IF(O48="V",-E48),IF(P48="V",-E48),IF(Q48="V",-E48),IF(R48="V",-E48),IF(S48="V",-E48),IF(U48="V",-E48),IF(V48="V",-E48),IF(W48="V",-E48),IF(X48="V",-E48),IF(Y48="V",-E48),IF(Z48="V",-E48),IF(AA48="V",-E48),IF(M48="H",-E48),IF(N48="H",-E48),IF(O48="H",-E48),IF(P48="H",-E48),IF(Q48="H",-E48),IF(R48="H",-E48),IF(S48="H",-E48),IF(U48="H",-E48),IF(V48="H",-E48),IF(W48="H",-E48),IF(X48="H",-E48),IF(Y48="H",-E48),IF(Z48="H",-E48),IF(AA48="H",-E48)) -> 0 | C49: =SUM(IF(M48="S",-E48),IF(N48="S",-E48),IF(O48="S",-E48),IF(P48="S",-E48),IF(Q48="S",-E48),IF(R48="S",-E48),IF(S48="S",-E48),IF(U48="S",-E48),IF(V48="S",-E48),IF(W48="S",-E48),IF(X48="S",-E48),IF(Y48="S",-E48),IF(Z48="S",-E48),IF(AA48="S",-E48)) -> 0 | D49: =(I49*80)-(K49-(B49+C49)) -> 0 | E49: 12 | G49: RRT | H49: 7a-7:30p | I49: ='Master Pay Period 1'!I49 -> 0 | J49: =BM49/80 -> 0 | K49: =E49*BU49 -> 0 | N49: =IF(Benchmark!$D$17>SUM(N47+N45+N43+N41+N39+N37,N35,N33),1,0) -> 0 | Q49: =IF(Benchmark!$D$17>SUM(Q47+Q45+Q43+Q41+Q39+Q37,Q35,Q33),1,0) -> 0 | R49: =IF(Benchmark!$D$17>SUM(R47+R45+R43+R41+R39+R37,R35,R33),1,0) -> 0 | V49: =IF(Benchmark!$D$17>SUM(V47+V45+V43+V41+V39+V37,V35,V33),1,0) -> 0 | X49: =IF(Benchmark!$D$17>SUM(X47+X45+X43+X41+X39+X37,X35,X33),1,0) -> 0 | AA49: =IF(Benchmark!$B$17>SUM(AA47+AA45+AA43+AA41+AA39+AA37+AA35+AA33),1,0) -> 0 | AC49: =IF(Benchmark!$B$17>SUM(AC47+AC45+AC43+AC41+AC39+AC37+AC35+AC33),1,0) -> 0 | AF49: =IF(Benchmark!$D$17>SUM(AF47+AF45+AF43+AF41+AF39+AF37,AF35,AF33),1,0) -> 0 | AH49: =IF(Benchmark!$D$17>SUM(AH47+AH45+AH43+AH41+AH39+AH37,AH35,AH33),1,0) -> 0 | AM49: =IF(Benchmark!$D$17>SUM(AM47+AM45+AM43+AM41+AM39+AM37,AM35,AM33),1,0) -> 0 | AN49: =IF(Benchmark!$D$17>SUM(AN47+AN45+AN43+AN41+AN39+AN37,AN35,AN33),1,0) -> 0 | AP49: =IF(Benchmark!$D$17>SUM(AP47+AP45+AP43+AP41+AP39+AP37,AP35,AP33),1,0) -> 0 | AU49: =IF(Benchmark!$D$17>SUM(AU47+AU45+AU43+AU41+AU39+AU37,AU35,AU33),1,0) -> 0 | AV49: =IF(Benchmark!$D$17>SUM(AV47+AV45+AV43+AV41+AV39+AV37,AV35,AV33),1,0) -> 0 | AY49: =IF(Benchmark!$B$17>SUM(AY47+AY45+AY43+AY41+AY39,AY37,AY35,AY33),1,0) -> 0 | BA49: =IF(Benchmark!$B$17>SUM(BA47+BA45+BA43+BA41+BA39,BA37,BA35,BA33),1,0) -> 0 | BC49: =IF(Benchmark!$D$17>SUM(BC47+BC45+BC43+BC41+BC39+BC37,BC35,BC33),1,0) -> 0 | BE49: =IF(Benchmark!$D$17>SUM(BE47+BE45+BE43+BE41+BE39+BE37,BE35,BE33),1,0) -> 0 | BL49: =I49*80 -> 0 | BM49: =BU49*E49 -> 0 | BN49: =BL49-BM49 -> 0 | BO49: =BN49/80 -> 0 | BP49: =B50/(80) -> 0 | BQ49: =SUM(SUM(BO49,BP49)) -> 0 | BR49: =A49*0.28 -> 7 | BS49: =D49*A49 -> 0 | BT49: =(BR49+A49)*(D49)*26 -> 0 | BU49: =SUM(SUM(M49:AA49)) -> 0
A51: 25 | B51: =SUM(IF(M50="V",-E50),IF(N50="V",-E50),IF(O50="V",-E50),IF(P50="V",-E50),IF(Q50="V",-E50),IF(R50="V",-E50),IF(S50="V",-E50),IF(U50="V",-E50),IF(V50="V",-E50),IF(W50="V",-E50),IF(X50="V",-E50),IF(Y50="V",-E50),IF(Z50="V",-E50),IF(AA50="V",-E50),IF(M50="H",-E50),IF(N50="H",-E50),IF(O50="H",-E50),IF(P50="H",-E50),IF(Q50="H",-E50),IF(R50="H",-E50),IF(S50="H",-E50),IF(U50="H",-E50),IF(V50="H",-E50),IF(W50="H",-E50),IF(X50="H",-E50),IF(Y50="H",-E50),IF(Z50="H",-E50),IF(AA50="H",-E50)) -> 0 | C51: =SUM(IF(M50="S",-E50),IF(N50="S",-E50),IF(O50="S",-E50),IF(P50="S",-E50),IF(Q50="S",-E50),IF(R50="S",-E50),IF(S50="S",-E50),IF(U50="S",-E50),IF(V50="S",-E50),IF(W50="S",-E50),IF(X50="S",-E50),IF(Y50="S",-E50),IF(Z50="S",-E50),IF(AA50="S",-E50)) -> 0 | D51: =(I51*80)-(K51-(B51+C51)) -> 0 | E51: 12 | G51: RRT | H51: 7a-7:30p | I51: ='Master Pay Period 1'!I51 -> 0 | J51: =BM51/80 -> 0 | K51: =E51*BU51 -> 0 | M51: =IF(Benchmark!$B$17>SUM(M49+M47+M45+M43+M41+M39+M37+M35+M33),1,0) -> 0 | P51: =IF(Benchmark!$D$17>SUM(P49+P47+P45+P43+P41,P39,P37,P35,P33),1,0) -> 0 | R51: =IF(Benchmark!$D$17>SUM(R49+R47+R45+R43+R41,R39,R37,R35,R33),1,0) -> 0 | W51: =IF(Benchmark!$D$17>SUM(W49+W47+W45+W43+W41,W39,W37,W35,W33),1,0) -> 0 | X51: =IF(Benchmark!$D$17>SUM(X49+X47+X45+X43+X41,X39,X37,X35,X33),1,0) -> 0 | Z51: =IF(Benchmark!$D$17>SUM(Z49+Z47+Z45+Z43+Z41,Z39,Z37,Z35,Z33),1,0) -> 0 | AD51: =IF(Benchmark!$D$17>SUM(AD49+AD47+AD45+AD43+AD41,AD39,AD37,AD35,AD33),1,0) -> 0 | AG51: =IF(Benchmark!$D$17>SUM(AG49+AG47+AG45+AG43+AG41,AG39,AG37,AG35,AG33),1,0) -> 0 | AI51: =IF(Benchmark!$B$17>SUM(AI49+AI47+AI45+AI43+AI41+AI39+AI37+AI35+AI33),1,0) -> 0 | AK51: =IF(Benchmark!$B$17>SUM(AK49+AK47+AK45+AK43+AK41+AK39+AK37+AK35+AK33),1,0) -> 0 | AO51: =IF(Benchmark!$D$17>SUM(AO49+AO47+AO45+AO43+AO41,AO39,AO37,AO35,AO33),1,0) -> 0 | AP51: =IF(Benchmark!$D$17>SUM(AP49+AP47+AP45+AP43+AP41,AP39,AP37,AP35,AP33),1,0) -> 0 | AT51: =IF(Benchmark!$D$17>SUM(AT49+AT47+AT45+AT43+AT41,AT39,AT37,AT35,AT33),1,0) -> 0 | AW51: =IF(Benchmark!$D$17>SUM(AW49+AW47+AW45+AW43+AW41,AW39,AW37,AW35,AW33),1,0) -> 0 | AX51: =IF(Benchmark!$D$17>SUM(AX49+AX47+AX45+AX43+AX41,AX39,AX37,AX35,AX33),1,0) -> 0 | BB51: =IF(Benchmark!$D$17>SUM(BB49+BB47+BB45+BB43+BB41,BB39,BB37,BB35,BB33),1,0) -> 0 | BC51: =IF(Benchmark!$D$17>SUM(BC49+BC47+BC45+BC43+BC41,BC39,BC37,BC35,BC33),1,0) -> 0 | BG51: =IF(Benchmark!$B$17>SUM(BG49+BG47+BG45+BG43+BG41+BG39+BG37+BG35+BG33),1,0) -> 0 | BL51: =I51*80 -> 0 | BM51: =BU51*E51 -> 0 | BN51: =BL51-BM51 -> 0 | BO51: =BN51/80 -> 0 | BP51: =B52/(80) -> 0 | BQ51: =SUM(SUM(BO51,BP51)) -> 0 | BR51: =A51*0.28 -> 7 | BS51: =D51*A51 -> 0 | BT51: =(BR51+A51)*(D51)*26 -> 0 | BU51: =SUM(SUM(M51:AA51)) -> 0
A53: 25 | B53: =SUM(IF(M52="V",-E52),IF(N52="V",-E52),IF(O52="V",-E52),IF(P52="V",-E52),IF(Q52="V",-E52),IF(R52="V",-E52),IF(S52="V",-E52),IF(U52="V",-E52),IF(V52="V",-E52),IF(W52="V",-E52),IF(X52="V",-E52),IF(Y52="V",-E52),IF(Z52="V",-E52),IF(AA52="V",-E52),IF(M52="H",-E52),IF(N52="H",-E52),IF(O52="H",-E52),IF(P52="H",-E52),IF(Q52="H",-E52),IF(R52="H",-E52),IF(S52="H",-E52),IF(U52="H",-E52),IF(V52="H",-E52),IF(W52="H",-E52),IF(X52="H",-E52),IF(Y52="H",-E52),IF(Z52="H",-E52),IF(AA52="H",-E52)) -> 0 | C53: =SUM(IF(M52="S",-E52),IF(N52="S",-E52),IF(O52="S",-E52),IF(P52="S",-E52),IF(Q52="S",-E52),IF(R52="S",-E52),IF(S52="S",-E52),IF(U52="S",-E52),IF(V52="S",-E52),IF(W52="S",-E52),IF(X52="S",-E52),IF(Y52="S",-E52),IF(Z52="S",-E52),IF(AA52="S",-E52)) -> 0 | D53: =(I53*80)-(K53-(B53+C53)) -> 0 | E53: 12 | G53: RRT | H53: 7a-7:30p | I53: ='Master Pay Period 1'!I53 -> 0 | J53: =BM53/80 -> 0 | K53: =E53*BU53 -> 0 | N53: =IF(Benchmark!$D$17>SUM(N51+N49+N47+N45+N43+N41,N39,N37,N35,N33),1,0) -> 0 | P53: =IF(Benchmark!$D$17>SUM(P51+P49+P47+P45+P43+P41,P39,P37,P35,P33),1,0) -> 0 | S53: =IF(Benchmark!$B$17>SUM(S51+S49+S47+S45+S43+S41+S39+S37+S35+S33),1,0) -> 0 | U53: =IF(Benchmark!$B$17>SUM(U51+U49+U47+U45+U43+U41+U39+U37+U35+U33),1,0) -> 0 | X53: =IF(Benchmark!$D$17>SUM(X51+X49+X47+X45+X43+X41,X39,X37,X35,X33),1,0) -> 0 | Y53: =IF(Benchmark!$D$17>SUM(Y51+Y49+Y47+Y45+Y43+Y41,Y39,Y37,Y35,Y33),1,0) -> 0 | AD53: =IF(Benchmark!$D$17>SUM(AD51+AD49+AD47+AD45+AD43+AD41,AD39,AD37,AD35,AD33),1,0) -> 0 | AE53: =IF(Benchmark!$D$17>SUM(AE51+AE49+AE47+AE45+AE43+AE41,AE39,AE37,AE35,AE33),1,0) -> 0 | AG53: =IF(Benchmark!$D$17>SUM(AG51+AG49+AG47+AG45+AG43+AG41,AG39,AG37,AG35,AG33),1,0) -> 0 | AL53: =IF(Benchmark!$D$17>SUM(AL51+AL49+AL47+AL45+AL43+AL41,AL39,AL37,AL35,AL33),1,0) -> 0 | AN53: =IF(Benchmark!$D$17>SUM(AN51+AN49+AN47+AN45+AN43+AN41,AN39,AN37,AN35,AN33),1,0) -> 0 | AQ53: =IF(Benchmark!$B$17>SUM(AQ51+AQ49+AQ47+AQ45+AQ43+AQ41+AQ39+AQ37+AQ35+AQ33),1,0) -> 0 | AS53: =IF(Benchmark!$B$17>SUM(AS51+AS49+AS47+AS45+AS43+AS41+AS39+AS37+AS35+AS33),1,0) -> 0 | AU53: =IF(Benchmark!$D$17>SUM(AU51+AU49+AU47+AU45+AU43+AU41,AU39,AU37,AU35,AU33),1,0) -> 0 | AW53: =IF(Benchmark!$D$17>SUM(AW51+AW49+AW47+AW45+AW43+AW41,AW39,AW37,AW35,AW33),1,0) -> 0 | BB53: =IF(Benchmark!$D$17>SUM(BB51+BB49+BB47+BB45+BB43+BB41,BB39,BB37,BB35,BB33),1,0) -> 0 | BD53: =IF(Benchmark!$D$17>SUM(BD51+BD49+BD47+BD45+BD43+BD41,BD39,BD37,BD35,BD33),1,0) -> 0 | BF53: =IF(Benchmark!$D$17>SUM(BF51+BF49+BF47+BF45+BF43+BF41,BF39,BF37,BF35,BF33),1,0) -> 0 | BL53: =I53*80 -> 0 | BM53: =BU53*E53 -> 0 | BN53: =BL53-BM53 -> 0 | BO53: =BN53/80 -> 0 | BP53: =B54/(80) -> 0 | BQ53: =SUM(SUM(BO53,BP53)) -> 0 | BR53: =A53*0.28 -> 7 | BS53: =D53*A53 -> 0 | BT53: =(BR53+A53)*(D53)*26 -> 0 | BU53: =SUM(SUM(M53:AA53)) -> 0
A55: 25 | B55: =SUM(IF(M54="V",-E54),IF(N54="V",-E54),IF(O54="V",-E54),IF(P54="V",-E54),IF(Q54="V",-E54),IF(R54="V",-E54),IF(S54="V",-E54),IF(U54="V",-E54),IF(V54="V",-E54),IF(W54="V",-E54),IF(X54="V",-E54),IF(Y54="V",-E54),IF(Z54="V",-E54),IF(AA54="V",-E54),IF(M54="H",-E54),IF(N54="H",-E54),IF(O54="H",-E54),IF(P54="H",-E54),IF(Q54="H",-E54),IF(R54="H",-E54),IF(S54="H",-E54),IF(U54="H",-E54),IF(V54="H",-E54),IF(W54="H",-E54),IF(X54="H",-E54),IF(Y54="H",-E54),IF(Z54="H",-E54),IF(AA54="H",-E54)) -> 0 | C55: =SUM(IF(M54="S",-E54),IF(N54="S",-E54),IF(O54="S",-E54),IF(P54="S",-E54),IF(Q54="S",-E54),IF(R54="S",-E54),IF(S54="S",-E54),IF(U54="S",-E54),IF(V54="S",-E54),IF(W54="S",-E54),IF(X54="S",-E54),IF(Y54="S",-E54),IF(Z54="S",-E54),IF(AA54="S",-E54)) -> 0 | D55: =(I55*80)-(K55-(B55+C55)) -> 0 | E55: 12 | G55: RRT | H55: 7a-7:30p | I55: ='Master Pay Period 1'!I55 -> 0 | J55: =BM55/80 -> 0 | K55: =E55*BU55 -> 0 | O55: =IF(Benchmark!$D$17>SUM(O53+O51+O49+O47+O45,O43,O41,O39,O37,O35,O33),1,0) -> 0 | Q55: =IF(Benchmark!$D$17>SUM(Q53+Q51+Q49+Q47+Q45,Q43,Q41,Q39,Q37,Q35,Q33),1,0) -> 0 | R55: =IF(Benchmark!$D$17>SUM(R53+R51+R49+R47+R45,R43,R41,R39,R37,R35,R33),1,0) -> 0 | V55: =IF(Benchmark!$D$17>SUM(V53+V51+V49+V47+V45,V43,V41,V39,V37,V35,V33),1,0) -> 0 | W55: =IF(Benchmark!$D$17>SUM(W53+W51+W49+W47+W45,W43,W41,W39,W37,W35,W33),1,0) -> 0 | AA55: =IF(Benchmark!$B$17>SUM(AA53+AA51+AA49+AA47+AA45+AA43+AA41+AA39+AA37+AA35+AA33),1,0) -> 0 | AC55: =IF(Benchmark!$B$17>SUM(AC53+AC51+AC49+AC47+AC45+AC43+AC41+AC39+AC37+AC35+AC33),1,0) -> 0 | AF55: =IF(Benchmark!$D$17>SUM(AF53+AF51+AF49+AF47+AF45,AF43,AF41,AF39,AF37,AF35,AF33),1,0) -> 0 | AH55: =IF(Benchmark!$D$17>SUM(AH53+AH51+AH49+AH47+AH45,AH43,AH41,AH39,AH37,AH35,AH33),1,0) -> 0 | AM55: =IF(Benchmark!$D$17>SUM(AM53+AM51+AM49+AM47+AM45,AM43,AM41,AM39,AM37,AM35,AM33),1,0) -> 0 | AN55: =IF(Benchmark!$D$17>SUM(AN53+AN51+AN49+AN47+AN45,AN43,AN41,AN39,AN37,AN35,AN33),1,0) -> 0 | AP55: =IF(Benchmark!$D$17>SUM(AP53+AP51+AP49+AP47+AP45,AP43,AP41,AP39,AP37,AP35,AP33),1,0) -> 0 | AU55: =IF(Benchmark!$D$17>SUM(AU53+AU51+AU49+AU47+AU45,AU43,AU41,AU39,AU37,AU35,AU33),1,0) -> 0 | AV55: =IF(Benchmark!$D$17>SUM(AV53+AV51+AV49+AV47+AV45,AV43,AV41,AV39,AV37,AV35,AV33),1,0) -> 0 | AY55: =IF(Benchmark!$B$17>SUM(AY53+AY51+AY49+AY47+AY45,AY43,AY41,AY39,AY37,AY35,AY33),1,0) -> 0 | BA55: =IF(Benchmark!$B$17>SUM(BA53+BA51+BA49+BA47+BA45,BA43,BA41,BA39,BA37,BA35,BA33),1,0) -> 0 | BD55: =IF(Benchmark!$D$17>SUM(BD53+BD51+BD49+BD47+BD45,BD43,BD41,BD39,BD37,BD35,BD33),1,0) -> 0 | BE55: =IF(Benchmark!$D$17>SUM(BE53+BE51+BE49+BE47+BE45,BE43,BE41,BE39,BE37,BE35,BE33),1,0) -> 0 | BL55: =I55*80 -> 0 | BM55: =BU55*E55 -> 0 | BN55: =BL55-BM55 -> 0 | BO55: =BN55/80 -> 0 | BP55: =B56/(80) -> 0 | BQ55: =SUM(SUM(BO55,BP55)) -> 0 | BR55: =A55*0.28 -> 7 | BS55: =D55*A55 -> 0 | BT55: =(BR55+A55)*(D55)*26 -> 0 | BU55: =SUM(SUM(M55:AA55)) -> 0
A57: 25 | B57: =SUM(IF(M56="V",-E56),IF(N56="V",-E56),IF(O56="V",-E56),IF(P56="V",-E56),IF(Q56="V",-E56),IF(R56="V",-E56),IF(S56="V",-E56),IF(U56="V",-E56),IF(V56="V",-E56),IF(W56="V",-E56),IF(X56="V",-E56),IF(Y56="V",-E56),IF(Z56="V",-E56),IF(AA56="V",-E56),IF(M56="H",-E56),IF(N56="H",-E56),IF(O56="H",-E56),IF(P56="H",-E56),IF(Q56="H",-E56),IF(R56="H",-E56),IF(S56="H",-E56),IF(U56="H",-E56),IF(V56="H",-E56),IF(W56="H",-E56),IF(X56="H",-E56),IF(Y56="H",-E56),IF(Z56="H",-E56),IF(AA56="H",-E56)) -> 0 | C57: =SUM(IF(M56="S",-E56),IF(N56="S",-E56),IF(O56="S",-E56),IF(P56="S",-E56),IF(Q56="S",-E56),IF(R56="S",-E56),IF(S56="S",-E56),IF(U56="S",-E56),IF(V56="S",-E56),IF(W56="S",-E56),IF(X56="S",-E56),IF(Y56="S",-E56),IF(Z56="S",-E56),IF(AA56="S",-E56)) -> 0 | D57: =(I57*80)-(K57-(B57+C57)) -> 0 | E57: 12 | G57: RRT | H57: 7a-7:30p | I57: ='Master Pay Period 1'!I57 -> 0 | J57: =BM57/80 -> 0 | K57: =E57*BU57 -> 0 | M57: =IF(Benchmark!$B$17>SUM(M55+M53+M51+M49+M47+M45+M43+M41+M39+M37+M35+M33),1,0) -> 0 | O57: =IF(Benchmark!$D$17>SUM(O55+O53+O51+O49+O47,O45,O43,O41,O39,O37,O35,O33),1,0) -> 0 | Z57: =IF(Benchmark!$D$17>SUM(Z55+Z53+Z51+Z49+Z47,Z45,Z43,Z41,Z39,Z37,Z35,Z33),1,0) -> 0 | AE57: =IF(Benchmark!$D$17>SUM(AE55+AE53+AE51+AE49+AE47,AE45,AE43,AE41,AE39,AE37,AE35,AE33),1,0) -> 0 | AI57: =IF(Benchmark!$B$17>SUM(AI55+AI53+AI51+AI49+AI47+AI45+AI43+AI41+AI39+AI37+AI35+AI33),1,0) -> 0 | AK57: =IF(Benchmark!$B$17>SUM(AK55+AK53+AK51+AK49+AK47+AK45+AK43+AK41+AK39+AK37+AK35+AK33),1,0) -> 0 | AT57: =IF(Benchmark!$D$17>SUM(AT55+AT53+AT51+AT49+AT47,AT45,AT43,AT41,AT39,AT37,AT35,AT33),1,0) -> 0 | BC57: =IF(Benchmark!$D$17>SUM(BC55+BC53+BC51+BC49+BC47,BC45,BC43,BC41,BC39,BC37,BC35,BC33),1,0) -> 0 | BG57: =IF(Benchmark!$B$17>SUM(BG55+BG53+BG51+BG49+BG47+BG45+BG43+BG41+BG39+BG37+BG35+BG33),1,0) -> 0 | BL57: =I57*80 -> 0 | BM57: =BU57*E57 -> 0 | BN57: =BL57-BM57 -> 0 | BO57: =BN57/80 -> 0 | BP57: =B58/(80) -> 0 | BQ57: =SUM(SUM(BO57,BP57)) -> 0 | BR57: =A57*0.28 -> 7 | BS57: =D57*A57 -> 0 | BT57: =(BR57+A57)*(D57)*26 -> 0 | BU57: =SUM(SUM(M57:AA57)) -> 0
A59: 25 | B59: =SUM(IF(M58="V",-E58),IF(N58="V",-E58),IF(O58="V",-E58),IF(P58="V",-E58),IF(Q58="V",-E58),IF(R58="V",-E58),IF(S58="V",-E58),IF(U58="V",-E58),IF(V58="V",-E58),IF(W58="V",-E58),IF(X58="V",-E58),IF(Y58="V",-E58),IF(Z58="V",-E58),IF(AA58="V",-E58),IF(M58="H",-E58),IF(N58="H",-E58),IF(O58="H",-E58),IF(P58="H",-E58),IF(Q58="H",-E58),IF(R58="H",-E58),IF(S58="H",-E58),IF(U58="H",-E58),IF(V58="H",-E58),IF(W58="H",-E58),IF(X58="H",-E58),IF(Y58="H",-E58),IF(Z58="H",-E58),IF(AA58="H",-E58)) -> 0 | C59: =SUM(IF(M58="S",-E58),IF(N58="S",-E58),IF(O58="S",-E58),IF(P58="S",-E58),IF(Q58="S",-E58),IF(R58="S",-E58),IF(S58="S",-E58),IF(U58="S",-E58),IF(V58="S",-E58),IF(W58="S",-E58),IF(X58="S",-E58),IF(Y58="S",-E58),IF(Z58="S",-E58),IF(AA58="S",-E58)) -> 0 | D59: =(I59*80)-(K59-(B59+C59)) -> 0 | E59: 12 | G59: RRT | H59: 7a-7:30p | I59: ='Master Pay Period 1'!I59 -> 0 | J59: =BM59/80 -> 0 | K59: =E59*BU59 -> 0 | N59: =IF(Benchmark!$D$17>SUM(N57+N55+N53+N51+N49+N47,N45,N43,N41,N39,N37,N35,N33),1,0) -> 0 | S59: =IF(Benchmark!$B$17>SUM(S57+S55+S53+S51+S49+S47+S45+S43+S41+S39,S37,S35,S33),1,0) -> 0 | U59: =IF(Benchmark!$B$17>SUM(U57+U55+U53+U51+U49+U47+U45+U43+U41+U39,U37,U35,U33),1,0) -> 0 | AF59: =IF(Benchmark!$D$17>SUM(AF57+AF55+AF53+AF51+AF49+AF47,AF45,AF43,AF41,AF39,AF37,AF35,AF33),1,0) -> 0 | AL59: =IF(Benchmark!$D$17>SUM(AL57+AL55+AL53+AL51+AL49+AL47,AL45,AL43,AL41,AL39,AL37,AL35,AL33),1,0) -> 0 | AQ59: =IF(Benchmark!$B$17>SUM(AQ57+AQ55+AQ53+AQ51+AQ49+AQ47+AQ45+AQ43+AQ41+AQ39+AQ37+AQ35+AQ33),1,0) -> 0 | AS59: =IF(Benchmark!$B$17>SUM(AS57+AS55+AS53+AS51+AS49+AS47+AS45+AS43+AS41+AS39+AS37+AS35+AS33),1,0) -> 0 | AX59: =IF(Benchmark!$D$17>SUM(AX57+AX55+AX53+AX51+AX49+AX47,AX45,AX43,AX41,AX39,AX37,AX35,AX33),1,0) -> 0 | BE59: =IF(Benchmark!$D$17>SUM(BE57+BE55+BE53+BE51+BE49+BE47,BE45,BE43,BE41,BE39,BE37,BE35,BE33),1,0) -> 0 | BL59: =I59*80 -> 0 | BM59: =BU59*E59 -> 0 | BN59: =BL59-BM59 -> 0 | BO59: =BN59/80 -> 0 | BP59: =B60/(80) -> 0 | BQ59: =SUM(SUM(BO59,BP59)) -> 0 | BR59: =A59*0.28 -> 7 | BS59: =D59*A59 -> 0 | BT59: =(BR59+A59)*(D59)*26 -> 0 | BU59: =SUM(SUM(M59:AA59)) -> 0
A61: 25 | B61: =SUM(IF(M60="V",-E60),IF(N60="V",-E60),IF(O60="V",-E60),IF(P60="V",-E60),IF(Q60="V",-E60),IF(R60="V",-E60),IF(S60="V",-E60),IF(U60="V",-E60),IF(V60="V",-E60),IF(W60="V",-E60),IF(X60="V",-E60),IF(Y60="V",-E60),IF(Z60="V",-E60),IF(AA60="V",-E60),IF(M60="H",-E60),IF(N60="H",-E60),IF(O60="H",-E60),IF(P60="H",-E60),IF(Q60="H",-E60),IF(R60="H",-E60),IF(S60="H",-E60),IF(U60="H",-E60),IF(V60="H",-E60),IF(W60="H",-E60),IF(X60="H",-E60),IF(Y60="H",-E60),IF(Z60="H",-E60),IF(AA60="H",-E60)) -> 0 | C61: =SUM(IF(M60="S",-E60),IF(N60="S",-E60),IF(O60="S",-E60),IF(P60="S",-E60),IF(Q60="S",-E60),IF(R60="S",-E60),IF(S60="S",-E60),IF(U60="S",-E60),IF(V60="S",-E60),IF(W60="S",-E60),IF(X60="S",-E60),IF(Y60="S",-E60),IF(Z60="S",-E60),IF(AA60="S",-E60)) -> 0 | D61: =(I61*80)-(K61-(B61+C61)) -> 0 | E61: 12 | G61: RRT | H61: 7a-7:30p | I61: ='Master Pay Period 1'!I61 -> 0 | J61: =BM61/80 -> 0 | K61: =E61*BU61 -> 0 | Q61: =IF(Benchmark!$D$17>SUM(Q59+Q57+Q55+Q53+Q51,Q49,Q47,Q45,Q43,Q41,Q39,Q37,Q35,Q33),1,0) -> 0 | Y61: =IF(Benchmark!$D$17>SUM(Y59+Y57+Y55+Y53+Y51,Y49,Y47,Y45,Y43,Y41,Y39,Y37,Y35,Y33),1,0) -> 0 | AA61: =IF(Benchmark!$B$17>SUM(AA59+AA57+AA55+AA53+AA51+AA49+AA47+AA45+AA43+AA41+AA39,AA37,AA35,AA33),1,0) -> 0 | AC61: =IF(Benchmark!$B$17>SUM(AC59+AC57+AC55+AC53+AC51+AC49+AC47+AC45+AC43+AC41+AC39+AC37+AC35+AC33),1,0) -> 0 | AM61: =IF(Benchmark!$D$17>SUM(AM59+AM57+AM55+AM53+AM51,AM49,AM47,AM45,AM43,AM41,AM39,AM37,AM35,AM33),1,0) -> 0 | AO61: =IF(Benchmark!$D$17>SUM(AO59+AO57+AO55+AO53+AO51,AO49,AO47,AO45,AO43,AO41,AO39,AO37,AO35,AO33),1,0) -> 0 | AY61: =IF(Benchmark!$B$17>SUM(AY59+AY57+AY55+AY53+AY51+AY49+AY47+AY45+AY43+AY41+AY39+AY37+AY35+AY33),1,0) -> 0 | BA61: =IF(Benchmark!$B$17>SUM(BA59+BA57+BA55+BA53+BA51+BA49+BA47+BA45+BA43+BA41+BA39+BA37+BA35+BA33),1,0) -> 0 | BF61: =IF(Benchmark!$D$17>SUM(BF59+BF57+BF55+BF53+BF51,BF49,BF47,BF45,BF43,BF41,BF39,BF37,BF35,BF33),1,0) -> 0 | BL61: =I61*80 -> 0 | BM61: =BU61*E61 -> 0 | BN61: =BL61-BM61 -> 0 | BO61: =BN61/80 -> 0 | BP61: =B62/(80) -> 0 | BQ61: =SUM(SUM(BO61,BP61)) -> 0 | BR61: =A61*0.28 -> 7 | BS61: =D61*A61 -> 0 | BT61: =(BR61+A61)*(D61)*26 -> 0 | BU61: =SUM(SUM(M61:AA61)) -> 0
A64: 25 | B64: =SUM(IF(M63="V",-E63),IF(N63="V",-E63),IF(O63="V",-E63),IF(P63="V",-E63),IF(Q63="V",-E63),IF(R63="V",-E63),IF(S63="V",-E63),IF(U63="V",-E63),IF(V63="V",-E63),IF(W63="V",-E63),IF(X63="V",-E63),IF(Y63="V",-E63),IF(Z63="V",-E63),IF(AA63="V",-E63),IF(M63="H",-E63),IF(N63="H",-E63),IF(O63="H",-E63),IF(P63="H",-E63),IF(Q63="H",-E63),IF(R63="H",-E63),IF(S63="H",-E63),IF(U63="H",-E63),IF(V63="H",-E63),IF(W63="H",-E63),IF(X63="H",-E63),IF(Y63="H",-E63),IF(Z63="H",-E63),IF(AA63="H",-E63)) -> 0 | C64: =SUM(IF(M63="S",-E63),IF(N63="S",-E63),IF(O63="S",-E63),IF(P63="S",-E63),IF(Q63="S",-E63),IF(R63="S",-E63),IF(S63="S",-E63),IF(U63="S",-E63),IF(V63="S",-E63),IF(W63="S",-E63),IF(X63="S",-E63),IF(Y63="S",-E63),IF(Z63="S",-E63),IF(AA63="S",-E63)) -> 0 | D64: =(I64*80)-(K64-(B64+C64)) -> 0 | E64: 8 | G64: RRT | H64: 11a-7:30p | I64: ='Master Pay Period 1'!I64 -> 0 | J64: =BM64/80 -> 0 | K64: =E64*BU64 -> 0 | BL64: =I64*80 -> 0 | BM64: =BU64*E64 -> 0 | BN64: =BL64-BM64 -> 0 | BO64: =BN64/80 -> 0 | BP64: =B65/(80) -> 0 | BQ64: =SUM(SUM(BO64,BP64)) -> 0 | BR64: =A64*0.28 -> 7 | BS64: =D64*A64 -> 0 | BT64: =(BR64+A64)*(D64)*26 -> 0 | BU64: =SUM(SUM(M64:AA64)) -> 0
A67: 25 | B67: =SUM(IF(M66="V",-E66),IF(N66="V",-E66),IF(O66="V",-E66),IF(P66="V",-E66),IF(Q66="V",-E66),IF(R66="V",-E66),IF(S66="V",-E66),IF(U66="V",-E66),IF(V66="V",-E66),IF(W66="V",-E66),IF(X66="V",-E66),IF(Y66="V",-E66),IF(Z66="V",-E66),IF(AA66="V",-E66),IF(M66="H",-E66),IF(N66="H",-E66),IF(O66="H",-E66),IF(P66="H",-E66),IF(Q66="H",-E66),IF(R66="H",-E66),IF(S66="H",-E66),IF(U66="H",-E66),IF(V66="H",-E66),IF(W66="H",-E66),IF(X66="H",-E66),IF(Y66="H",-E66),IF(Z66="H",-E66),IF(AA66="H",-E66)) -> 0 | C67: =SUM(IF(M66="S",-E66),IF(N66="S",-E66),IF(O66="S",-E66),IF(P66="S",-E66),IF(Q66="S",-E66),IF(R66="S",-E66),IF(S66="S",-E66),IF(U66="S",-E66),IF(V66="S",-E66),IF(W66="S",-E66),IF(X66="S",-E66),IF(Y66="S",-E66),IF(Z66="S",-E66),IF(AA66="S",-E66)) -> 0 | D67: =(I67*80)-(K67-(B67+C67)) -> 0 | E67: 12 | G67: RRT | H67: 11a-11:30p | I67: ='Master Pay Period 1'!I67 -> 0 | J67: =BM67/80 -> 0 | K67: =E67*BU67 -> 0 | BL67: =I67*80 -> 0 | BM67: =BU67*E67 -> 0 | BN67: =BL67-BM67 -> 0 | BO67: =BN67/80 -> 0 | BP67: =B68/(80) -> 0 | BQ67: =SUM(SUM(BO67,BP67)) -> 0 | BR67: =A67*0.28 -> 7 | BS67: =D67*A67 -> 0 | BT67: =(BR67+A67)*(D67)*26 -> 0 | BU67: =SUM(SUM(M67:AA67)) -> 0
A69: 25 | B69: =SUM(IF(M68="V",-E68),IF(N68="V",-E68),IF(O68="V",-E68),IF(P68="V",-E68),IF(Q68="V",-E68),IF(R68="V",-E68),IF(S68="V",-E68),IF(U68="V",-E68),IF(V68="V",-E68),IF(W68="V",-E68),IF(X68="V",-E68),IF(Y68="V",-E68),IF(Z68="V",-E68),IF(AA68="V",-E68),IF(M68="H",-E68),IF(N68="H",-E68),IF(O68="H",-E68),IF(P68="H",-E68),IF(Q68="H",-E68),IF(R68="H",-E68),IF(S68="H",-E68),IF(U68="H",-E68),IF(V68="H",-E68),IF(W68="H",-E68),IF(X68="H",-E68),IF(Y68="H",-E68),IF(Z68="H",-E68),IF(AA68="H",-E68)) -> 0 | C69: =SUM(IF(M68="S",-E68),IF(N68="S",-E68),IF(O68="S",-E68),IF(P68="S",-E68),IF(Q68="S",-E68),IF(R68="S",-E68),IF(S68="S",-E68),IF(U68="S",-E68),IF(V68="S",-E68),IF(W68="S",-E68),IF(X68="S",-E68),IF(Y68="S",-E68),IF(Z68="S",-E68),IF(AA68="S",-E68)) -> 0 | D69: =(I69*80)-(K69-(B69+C69)) -> 0 | E69: 12 | G69: RRT | H69: 11a-11:30p | I69: ='Master Pay Period 1'!I69 -> 0 | J69: =BM69/80 -> 0 | K69: =E69*BU69 -> 0 | BL69: =I69*80 -> 0 | BM69: =BU69*E69 -> 0 | BN69: =BL69-BM69 -> 0 | BO69: =BN69/80 -> 0 | BP69: =B70/(80) -> 0 | BQ69: =SUM(SUM(BO69,BP69)) -> 0 | BR69: =A69*0.28 -> 7 | BS69: =D69*A69 -> 0 | BT69: =(BR69+A69)*(D69)*26 -> 0 | BU69: =SUM(SUM(M69:AA69)) -> 0
A72: 8 | B72: =SUM(IF(M71="V",-E71),IF(N71="V",-E71),IF(O71="V",-E71),IF(P71="V",-E71),IF(Q71="V",-E71),IF(R71="V",-E71),IF(S71="V",-E71),IF(U71="V",-E71),IF(V71="V",-E71),IF(W71="V",-E71),IF(X71="V",-E71),IF(Y71="V",-E71),IF(Z71="V",-E71),IF(AA71="V",-E71),IF(M71="H",-E71),IF(N71="H",-E71),IF(O71="H",-E71),IF(P71="H",-E71),IF(Q71="H",-E71),IF(R71="H",-E71),IF(S71="H",-E71),IF(U71="H",-E71),IF(V71="H",-E71),IF(W71="H",-E71),IF(X71="H",-E71),IF(Y71="H",-E71),IF(Z71="H",-E71),IF(AA71="H",-E71)) -> 0 | C72: =SUM(IF(M71="S",-E71),IF(N71="S",-E71),IF(O71="S",-E71),IF(P71="S",-E71),IF(Q71="S",-E71),IF(R71="S",-E71),IF(S71="S",-E71),IF(U71="S",-E71),IF(V71="S",-E71),IF(W71="S",-E71),IF(X71="S",-E71),IF(Y71="S",-E71),IF(Z71="S",-E71),IF(AA71="S",-E71)) -> 0 | D72: =(I72*80)-(K72-(B72+C72)) -> 0 | E72: 5 | G72: Intern | H72: 5p-10p | I72: ='Master Pay Period 1'!I72 -> 0 | J72: =BM72/80 -> 0 | K72: =E72*BU72 -> 0 | BL72: =I72*80 -> 0 | BM72: =BU72*E72 -> 0 | BN72: =BL72-BM72 -> 0 | BO72: =BN72/80 -> 0 | BP72: =B73/(80) -> 0 | BQ72: =SUM(SUM(BO72,BP72)) -> 0 | BR72: =A72*0.28 -> 2.24 | BS72: =D72*A72 -> 0 | BT72: =(BR72+A72)*(D72)*26 -> 0 | BU72: =SUM(SUM(M72:AA72)) -> 0
A74: 14.2 | B74: =SUM(IF(M73="V",-E73),IF(N73="V",-E73),IF(O73="V",-E73),IF(P73="V",-E73),IF(Q73="V",-E73),IF(R73="V",-E73),IF(S73="V",-E73),IF(U73="V",-E73),IF(V73="V",-E73),IF(W73="V",-E73),IF(X73="V",-E73),IF(Y73="V",-E73),IF(Z73="V",-E73),IF(AA73="V",-E73),IF(M73="H",-E73),IF(N73="H",-E73),IF(O73="H",-E73),IF(P73="H",-E73),IF(Q73="H",-E73),IF(R73="H",-E73),IF(S73="H",-E73),IF(U73="H",-E73),IF(V73="H",-E73),IF(W73="H",-E73),IF(X73="H",-E73),IF(Y73="H",-E73),IF(Z73="H",-E73),IF(AA73="H",-E73)) -> 0 | C74: =SUM(IF(M73="S",-E73),IF(N73="S",-E73),IF(O73="S",-E73),IF(P73="S",-E73),IF(Q73="S",-E73),IF(R73="S",-E73),IF(S73="S",-E73),IF(U73="S",-E73),IF(V73="S",-E73),IF(W73="S",-E73),IF(X73="S",-E73),IF(Y73="S",-E73),IF(Z73="S",-E73),IF(AA73="S",-E73)) -> 0 | D74: =(I74*80)-(K74-(B74+C74)) -> 0 | E74: 5 | G74: Student | H74: 5p-10p | I74: ='Master Pay Period 1'!I74 -> 0 | J74: =BM74/80 -> 0 | K74: =E74*BU74 -> 0 | BL74: =I74*80 -> 0 | BM74: =BU74*E74 -> 0 | BN74: =BL74-BM74 -> 0 | BO74: =BN74/80 -> 0 | BP74: =B75/(80) -> 0 | BQ74: =SUM(SUM(BO74,BP74)) -> 0 | BR74: =A74*0.28 -> 3.976 | BS74: =D74*A74 -> 0 | BT74: =(BR74+A74)*(D74)*26 -> 0 | BU74: =SUM(SUM(M74:AA74)) -> 0
A76: 14.2 | B76: =SUM(IF(M75="V",-E75),IF(N75="V",-E75),IF(O75="V",-E75),IF(P75="V",-E75),IF(Q75="V",-E75),IF(R75="V",-E75),IF(S75="V",-E75),IF(U75="V",-E75),IF(V75="V",-E75),IF(W75="V",-E75),IF(X75="V",-E75),IF(Y75="V",-E75),IF(Z75="V",-E75),IF(AA75="V",-E75),IF(M75="H",-E75),IF(N75="H",-E75),IF(O75="H",-E75),IF(P75="H",-E75),IF(Q75="H",-E75),IF(R75="H",-E75),IF(S75="H",-E75),IF(U75="H",-E75),IF(V75="H",-E75),IF(W75="H",-E75),IF(X75="H",-E75),IF(Y75="H",-E75),IF(Z75="H",-E75),IF(AA75="H",-E75)) -> 0 | C76: =SUM(IF(M75="S",-E75),IF(N75="S",-E75),IF(O75="S",-E75),IF(P75="S",-E75),IF(Q75="S",-E75),IF(R75="S",-E75),IF(S75="S",-E75),IF(U75="S",-E75),IF(V75="S",-E75),IF(W75="S",-E75),IF(X75="S",-E75),IF(Y75="S",-E75),IF(Z75="S",-E75),IF(AA75="S",-E75)) -> 0 | D76: =(I76*80)-(K76-(B76+C76)) -> 0 | E76: 5 | G76: Student | H76: 5p-10p | I76: ='Master Pay Period 1'!I76 -> 0 | J76: =BM76/80 -> 0 | K76: =E76*BU76 -> 0 | BL76: =I76*80 -> 0 | BM76: =BU76*E76 -> 0 | BN76: =BL76-BM76 -> 0 | BO76: =BN76/80 -> 0 | BP76: =B77/(80) -> 0 | BQ76: =SUM(SUM(BO76,BP76)) -> 0 | BR76: =A76*0.28 -> 3.976 | BS76: =D76*A76 -> 0 | BT76: =(BR76+A76)*(D76)*26 -> 0 | BU76: =SUM(SUM(M76:AA76)) -> 0
A79: 29.5 | B79: =SUM(IF(M78="V",-E78),IF(N78="V",-E78),IF(O78="V",-E78),IF(P78="V",-E78),IF(Q78="V",-E78),IF(R78="V",-E78),IF(S78="V",-E78),IF(U78="V",-E78),IF(V78="V",-E78),IF(W78="V",-E78),IF(X78="V",-E78),IF(Y78="V",-E78),IF(Z78="V",-E78),IF(AA78="V",-E78),IF(M78="H",-E78),IF(N78="H",-E78),IF(O78="H",-E78),IF(P78="H",-E78),IF(Q78="H",-E78),IF(R78="H",-E78),IF(S78="H",-E78),IF(U78="H",-E78),IF(V78="H",-E78),IF(W78="H",-E78),IF(X78="H",-E78),IF(Y78="H",-E78),IF(Z78="H",-E78),IF(AA78="H",-E78)) -> 0 | C79: =SUM(IF(M78="S",-E78),IF(N78="S",-E78),IF(O78="S",-E78),IF(P78="S",-E78),IF(Q78="S",-E78),IF(R78="S",-E78),IF(S78="S",-E78),IF(U78="S",-E78),IF(V78="S",-E78),IF(W78="S",-E78),IF(X78="S",-E78),IF(Y78="S",-E78),IF(Z78="S",-E78),IF(AA78="S",-E78)) -> 0 | D79: =(I79*80)-(K79-(B79+C79)) -> 0 | E79: 12 | G79: RRT | H79: 7p-7:30a | I79: ='Master Pay Period 1'!I79 -> 0.9 | J79: =BM79/80 -> 0.9 | K79: =E79*BU79 -> 72 | M79: =IF(Benchmark!$B$30>1,1,1) -> 1 | P79: =IF(Benchmark!$D$30>1,1,1) -> 1 | Q79: =IF(Benchmark!$D$30>1,1,1) -> 1 | V79: =IF(Benchmark!$D$30>1,1,1) -> 1 | W79: =IF(Benchmark!$D$30>1,1,1) -> 1 | Y79: =IF(Benchmark!$D$30>1,1,1) -> 1 | AD79: =IF(Benchmark!$D$30>1,1,1) -> 1 | AH79: =IF(Benchmark!$D$30>1,1,1) -> 1 | AI79: =IF(Benchmark!$B$30>1,1,1) -> 1 | AK79: =IF(Benchmark!$B$30>1,1,1) -> 1 | AN79: =IF(Benchmark!$D$30>1,1,1) -> 1 | AO79: =IF(Benchmark!$D$30>1,1,1) -> 1 | AT79: =IF(Benchmark!$D$30>1,1,1) -> 1 | AU79: =IF(Benchmark!$D$30>1,1,1) -> 1 | AW79: =IF(Benchmark!$D$30>1,1,1) -> 1 | BC79: =IF(Benchmark!$D$30>1,1,1) -> 1 | BF79: =IF(Benchmark!$D$30>1,1,1) -> 1 | BG79: =IF(Benchmark!$B$30>1,1,1) -> 1 | BL79: =I79*80 -> 72 | BM79: =BU79*E79 -> 72 | BN79: =BL79-BM79 -> 0 | BO79: =BN79/80 -> 0 | BP79: =B80/(80) -> 0 | BQ79: =SUM(SUM(BO79,BP79)) -> 0 | BR79: =A79*0.28 -> 8.26 | BS79: =D79*A79 -> 0 | BT79: =(BR79+A79)*(D79)*26 -> 0 | BU79: =SUM(SUM(M79:AA79)) -> 6
A81: 29 | B81: =SUM(IF(M80="V",-E80),IF(N80="V",-E80),IF(O80="V",-E80),IF(P80="V",-E80),IF(Q80="V",-E80),IF(R80="V",-E80),IF(S80="V",-E80),IF(U80="V",-E80),IF(V80="V",-E80),IF(W80="V",-E80),IF(X80="V",-E80),IF(Y80="V",-E80),IF(Z80="V",-E80),IF(AA80="V",-E80),IF(M80="H",-E80),IF(N80="H",-E80),IF(O80="H",-E80),IF(P80="H",-E80),IF(Q80="H",-E80),IF(R80="H",-E80),IF(S80="H",-E80),IF(U80="H",-E80),IF(V80="H",-E80),IF(W80="H",-E80),IF(X80="H",-E80),IF(Y80="H",-E80),IF(Z80="H",-E80),IF(AA80="H",-E80)) -> 0 | C81: =SUM(IF(M80="S",-E80),IF(N80="S",-E80),IF(O80="S",-E80),IF(P80="S",-E80),IF(Q80="S",-E80),IF(R80="S",-E80),IF(S80="S",-E80),IF(U80="S",-E80),IF(V80="S",-E80),IF(W80="S",-E80),IF(X80="S",-E80),IF(Y80="S",-E80),IF(Z80="S",-E80),IF(AA80="S",-E80)) -> 0 | D81: =(I81*80)-(K81-(B81+C81)) -> 0 | E81: 12 | G81: RRT | H81: 7p-7:30a | I81: ='Master Pay Period 1'!I81 -> 0.75 | J81: =BM81/80 -> 0.75 | K81: =E81*BU81 -> 60 | O81: =IF(Benchmark!$D$30>SUM(O79),1,0) -> 1 | R81: =IF(Benchmark!$D$30>SUM(S79),1,0) -> 1 | S81: =IF(Benchmark!$B$30>SUM(S79),1,0) -> 1 | U81: =IF(Benchmark!$B$30>SUM(U79),1,0) -> 1 | X81: =IF(Benchmark!$D$30>SUM(X79),1,0) -> 1 | AE81: =IF(Benchmark!$D$30>SUM(AE79),1,0) -> 1 | AG81: =IF(Benchmark!$D$30>SUM(AG79),1,0) -> 1 | AM81: =IF(Benchmark!$D$30>SUM(AM79),1,0) -> 1 | AP81: =IF(Benchmark!$D$30>SUM(AQ79),1,0) -> 1 | AQ81: =IF(Benchmark!$B$30>SUM(AQ79),1,0) -> 1 | AS81: =IF(Benchmark!$B$30>SUM(AS79),1,0) -> 1 | AV81: =IF(Benchmark!$D$30>SUM(AV79),1,0) -> 1 | BB81: =IF(Benchmark!$D$30>SUM(BB79),1,0) -> 1 | BD81: =IF(Benchmark!$D$30>SUM(BD79),1,0) -> 1 | BE81: =IF(Benchmark!$D$30>SUM(BE79),1,0) -> 1 | BL81: =I81*80 -> 60 | BM81: =BU81*E81 -> 60 | BN81: =BL81-BM81 -> 0 | BO81: =BN81/80 -> 0 | BP81: =B82/(80) -> 0 | BQ81: =SUM(SUM(BO81,BP81)) -> 0 | BR81: =A81*0.28 -> 8.12 | BS81: =D81*A81 -> 0 | BT81: =(BR81+A81)*(D81)*26 -> 0 | BU81: =SUM(SUM(M81:AA81)) -> 5
A83: 29.43 | B83: =SUM(IF(M82="V",-E82),IF(N82="V",-E82),IF(O82="V",-E82),IF(P82="V",-E82),IF(Q82="V",-E82),IF(R82="V",-E82),IF(S82="V",-E82),IF(U82="V",-E82),IF(V82="V",-E82),IF(W82="V",-E82),IF(X82="V",-E82),IF(Y82="V",-E82),IF(Z82="V",-E82),IF(AA82="V",-E82),IF(M82="H",-E82),IF(N82="H",-E82),IF(O82="H",-E82),IF(P82="H",-E82),IF(Q82="H",-E82),IF(R82="H",-E82),IF(S82="H",-E82),IF(U82="H",-E82),IF(V82="H",-E82),IF(W82="H",-E82),IF(X82="H",-E82),IF(Y82="H",-E82),IF(Z82="H",-E82),IF(AA82="H",-E82)) -> 0 | C83: =SUM(IF(M82="S",-E82),IF(N82="S",-E82),IF(O82="S",-E82),IF(P82="S",-E82),IF(Q82="S",-E82),IF(R82="S",-E82),IF(S82="S",-E82),IF(U82="S",-E82),IF(V82="S",-E82),IF(W82="S",-E82),IF(X82="S",-E82),IF(Y82="S",-E82),IF(Z82="S",-E82),IF(AA82="S",-E82)) -> 0 | D83: =(I83*80)-(K83-(B83+C83)) -> 0 | E83: 12 | G83: RRT | H83: 7p-7:30a | I83: ='Master Pay Period 1'!I83 -> 0.45 | J83: =BM83/80 -> 0.45 | K83: =E83*BU83 -> 36 | N83: =IF(Benchmark!$D$30>SUM(N81+N79),1,0) -> 1 | Z83: =IF(Benchmark!$D$30>SUM(Z81+Z79),1,0) -> 1 | AA83: =IF(Benchmark!$B$30>SUM(AA81+AA79),1,0) -> 1 | AC83: =IF(Benchmark!$B$30>SUM(AC81+AC79),1,0) -> 1 | AF83: =IF(Benchmark!$D$30>SUM(AF81+AF79),1,0) -> 1 | AL83: =IF(Benchmark!$D$30>SUM(AL81+AL79),1,0) -> 1 | AX83: =IF(Benchmark!$D$30>SUM(AX81+AX79),1,0) -> 1 | AY83: =IF(Benchmark!$B$30>SUM(AY81+AY79),1,0) -> 1 | BA83: =IF(Benchmark!$B$30>SUM(BA81+BA79),1,0) -> 1 | BL83: =I83*80 -> 36 | BM83: =BU83*E83 -> 36 | BN83: =BL83-BM83 -> 0 | BO83: =BN83/80 -> 0 | BP83: =B84/(80) -> 0 | BQ83: =SUM(SUM(BO83,BP83)) -> 0 | BR83: =A83*0.28 -> 8.2404 | BS83: =D83*A83 -> 0 | BT83: =(BR83+A83)*(D83)*26 -> 0 | BU83: =SUM(SUM(M83:AA83)) -> 3
A85: 26.97 | B85: =SUM(IF(M84="V",-E84),IF(N84="V",-E84),IF(O84="V",-E84),IF(P84="V",-E84),IF(Q84="V",-E84),IF(R84="V",-E84),IF(S84="V",-E84),IF(U84="V",-E84),IF(V84="V",-E84),IF(W84="V",-E84),IF(X84="V",-E84),IF(Y84="V",-E84),IF(Z84="V",-E84),IF(AA84="V",-E84),IF(M84="H",-E84),IF(N84="H",-E84),IF(O84="H",-E84),IF(P84="H",-E84),IF(Q84="H",-E84),IF(R84="H",-E84),IF(S84="H",-E84),IF(U84="H",-E84),IF(V84="H",-E84),IF(W84="H",-E84),IF(X84="H",-E84),IF(Y84="H",-E84),IF(Z84="H",-E84),IF(AA84="H",-E84)) -> 0 | C85: =SUM(IF(M84="S",-E84),IF(N84="S",-E84),IF(O84="S",-E84),IF(P84="S",-E84),IF(Q84="S",-E84),IF(R84="S",-E84),IF(S84="S",-E84),IF(U84="S",-E84),IF(V84="S",-E84),IF(W84="S",-E84),IF(X84="S",-E84),IF(Y84="S",-E84),IF(Z84="S",-E84),IF(AA84="S",-E84)) -> 0 | D85: =(I85*80)-(K85-(B85+C85)) -> 0 | E85: 12 | G85: RRT | H85: 7p-7:30a | I85: ='Master Pay Period 1'!I85 -> 0.9 | J85: =BM85/80 -> 0.9 | K85: =E85*BU85 -> 72 | M85: =IF(Benchmark!$B$30>SUM(M83+M81+M79),1,0) -> 1 | P85: =IF(Benchmark!$D$30>SUM(P83+P81+P79),1,0) -> 1 | Q85: =IF(Benchmark!$D$30>SUM(Q83+Q81+Q79),1,0) -> 1 | V85: =IF(Benchmark!$D$30>SUM(V83+V81+V79),1,0) -> 1 | W85: =IF(Benchmark!$D$30>SUM(W83+W81+W79),1,0) -> 1 | Y85: =IF(Benchmark!$D$30>SUM(Y83+Y81+Y79),1,0) -> 1 | AD85: =IF(Benchmark!$D$30>SUM(AD83+AD81+AD79),1,0) -> 1 | AH85: =IF(Benchmark!$D$30>SUM(AH83+AH81+AH79),1,0) -> 1 | AI85: =IF(Benchmark!$B$30>SUM(AI83+AI81+AI79),1,0) -> 1 | AK85: =IF(Benchmark!$B$30>SUM(AK83+AK81+AK79),1,0) -> 1 | AN85: =IF(Benchmark!$D$30>SUM(AN83+AN81+AN79),1,0) -> 1 | AO85: =IF(Benchmark!$D$30>SUM(AO83+AO81+AO79),1,0) -> 1 | AT85: =IF(Benchmark!$D$30>SUM(AT83+AT81+AT79),1,0) -> 1 | AU85: =IF(Benchmark!$D$30>SUM(AU83+AU81+AU79),1,0) -> 1 | AW85: =IF(Benchmark!$D$30>SUM(AW83+AW81+AW79),1,0) -> 1 | BB85: =IF(Benchmark!$D$30>SUM(BB83+BB81+BB79),1,0) -> 1 | BF85: =IF(Benchmark!$B$30>SUM(BF83+BF81+BF79),1,0) -> 1 | BG85: =IF(Benchmark!$B$30>SUM(BG83+BG81+BG79),1,0) -> 1 | BL85: =I85*80 -> 72 | BM85: =BU85*E85 -> 72 | BN85: =BL85-BM85 -> 0 | BO85: =BN85/80 -> 0 | BP85: =B86/(80) -> 0 | BQ85: =SUM(SUM(BO85,BP85)) -> 0 | BR85: =A85*0.28 -> 7.5516 | BS85: =D85*A85 -> 0 | BT85: =(BR85+A85)*(D85)*26 -> 0 | BU85: =SUM(SUM(M85:AA85)) -> 6
A87: 26.97 | B87: =SUM(IF(M86="V",-E86),IF(N86="V",-E86),IF(O86="V",-E86),IF(P86="V",-E86),IF(Q86="V",-E86),IF(R86="V",-E86),IF(S86="V",-E86),IF(U86="V",-E86),IF(V86="V",-E86),IF(W86="V",-E86),IF(X86="V",-E86),IF(Y86="V",-E86),IF(Z86="V",-E86),IF(AA86="V",-E86),IF(M86="H",-E86),IF(N86="H",-E86),IF(O86="H",-E86),IF(P86="H",-E86),IF(Q86="H",-E86),IF(R86="H",-E86),IF(S86="H",-E86),IF(U86="H",-E86),IF(V86="H",-E86),IF(W86="H",-E86),IF(X86="H",-E86),IF(Y86="H",-E86),IF(Z86="H",-E86),IF(AA86="H",-E86)) -> 0 | C87: =SUM(IF(M86="S",-E86),IF(N86="S",-E86),IF(O86="S",-E86),IF(P86="S",-E86),IF(Q86="S",-E86),IF(R86="S",-E86),IF(S86="S",-E86),IF(U86="S",-E86),IF(V86="S",-E86),IF(W86="S",-E86),IF(X86="S",-E86),IF(Y86="S",-E86),IF(Z86="S",-E86),IF(AA86="S",-E86)) -> 0 | D87: =(I87*80)-(K87-(B87+C87)) -> 0 | E87: 12 | G87: RRT | H87: 7p-7:30a | I87: ='Master Pay Period 1'!I87 -> 0.75 | J87: =BM87/80 -> 0.75 | K87: =E87*BU87 -> 60 | N87: =IF(Benchmark!$D$30>SUM(N85+N83+N81+N79),1,0) -> 1 | R87: =IF(Benchmark!$D$30>SUM(R85+R83+R81+R79),1,0) -> 1 | S87: =IF(Benchmark!$B$30>SUM(S85+S83+S81+S79),1,0) -> 1 | U87: =IF(Benchmark!$B$30>SUM(U85+U83+U81+U79),1,0) -> 1 | X87: =IF(Benchmark!$D$30>SUM(X85+X83+X81+X79),1,0) -> 1 | AE87: =IF(Benchmark!$D$30>SUM(AE85+AE83+AE81+AE79),1,0) -> 1 | AF87: =IF(Benchmark!$D$30>SUM(AF85+AF83+AF81+AF79),1,0) -> 1 | AL87: =IF(Benchmark!$D$30>SUM(AL85+AL83+AL81+AL79),1,0) -> 1 | AP87: =IF(Benchmark!$D$30>SUM(AP85+AP83+AP81+AP79),1,0) -> 1 | AQ87: =IF(Benchmark!$B$30>SUM(AQ85+AQ83+AQ81+AQ79),1,0) -> 1 | AS87: =IF(Benchmark!$B$30>SUM(AS85+AS83+AS81+AS79),1,0) -> 1 | AV87: =IF(Benchmark!$D$30>SUM(AV85+AV83+AV81+AV79),1,0) -> 1 | BC87: =IF(Benchmark!$D$30>SUM(BC85+BC83+BC81+BC79),1,0) -> 1 | BD87: =IF(Benchmark!$D$30>SUM(BD85+BD83+BD81+BD79),1,0) -> 1 | BE87: =IF(Benchmark!$D$30>SUM(BE85+BE83+BE81+BE79),1,0) -> 1 | BL87: =I87*80 -> 60 | BM87: =BU87*E87 -> 60 | BN87: =BL87-BM87 -> 0 | BO87: =BN87/80 -> 0 | BP87: =B88/(80) -> 0 | BQ87: =SUM(SUM(BO87,BP87)) -> 0 | BR87: =A87*0.28 -> 7.5516 | BS87: =D87*A87 -> 0 | BT87: =(BR87+A87)*(D87)*26 -> 0 | BU87: =SUM(SUM(M87:AA87)) -> 5
A89: 27.72 | B89: =SUM(IF(M88="V",-E88),IF(N88="V",-E88),IF(O88="V",-E88),IF(P88="V",-E88),IF(Q88="V",-E88),IF(R88="V",-E88),IF(S88="V",-E88),IF(U88="V",-E88),IF(V88="V",-E88),IF(W88="V",-E88),IF(X88="V",-E88),IF(Y88="V",-E88),IF(Z88="V",-E88),IF(AA88="V",-E88),IF(M88="H",-E88),IF(N88="H",-E88),IF(O88="H",-E88),IF(P88="H",-E88),IF(Q88="H",-E88),IF(R88="H",-E88),IF(S88="H",-E88),IF(U88="H",-E88),IF(V88="H",-E88),IF(W88="H",-E88),IF(X88="H",-E88),IF(Y88="H",-E88),IF(Z88="H",-E88),IF(AA88="H",-E88)) -> 0 | C89: =SUM(IF(M88="S",-E88),IF(N88="S",-E88),IF(O88="S",-E88),IF(P88="S",-E88),IF(Q88="S",-E88),IF(R88="S",-E88),IF(S88="S",-E88),IF(U88="S",-E88),IF(V88="S",-E88),IF(W88="S",-E88),IF(X88="S",-E88),IF(Y88="S",-E88),IF(Z88="S",-E88),IF(AA88="S",-E88)) -> 0 | D89: =(I89*80)-(K89-(B89+C89)) -> 0 | E89: 12 | G89: RRT | H89: 7p-7:30a | I89: ='Master Pay Period 1'!I89 -> 0.45 | J89: =BM89/80 -> 0.45 | K89: =E89*BU89 -> 36 | O89: =IF(Benchmark!$D$30>SUM(O87+O85+O83+O81+O79),1,0) -> 1 | Z89: =IF(Benchmark!$D$30>SUM(Z87+Z85+Z83+Z81+Z79),1,0) -> 1 | AA89: =IF(Benchmark!$B$30>SUM(AA87+AA85+AA83+AA81+AA79),1,0) -> 1 | AC89: =IF(Benchmark!$B$30>SUM(AC87+AC85+AC83+AC81+AC79),1,0) -> 1 | AG89: =IF(Benchmark!$D$30>SUM(AG87+AG85+AG83+AG81+AG79),1,0) -> 1 | AM89: =IF(Benchmark!$D$30>SUM(AM87+AM85+AM83+AM81+AM79),1,0) -> 1 | AX89: =IF(Benchmark!$D$30>SUM(AX87+AX85+AX83+AX81+AX79),1,0) -> 1 | AY89: =IF(Benchmark!$B$30>SUM(AY87+AY85+AY83+AY81+AY79),1,0) -> 1 | BA89: =IF(Benchmark!$B$30>SUM(BA87+BA85+BA83+BA81+BA79),1,0) -> 1 | BL89: =I89*80 -> 36 | BM89: =BU89*E89 -> 36 | BN89: =BL89-BM89 -> 0 | BO89: =BN89/80 -> 0 | BP89: =B90/(80) -> 0 | BQ89: =SUM(SUM(BO89,BP89)) -> 0 | BR89: =A89*0.28 -> 7.7616 | BS89: =D89*A89 -> 0 | BT89: =(BR89+A89)*(D89)*26 -> 0 | BU89: =SUM(SUM(M89:AA89)) -> 3
A91: 24.3 | B91: =SUM(IF(M90="V",-E90),IF(N90="V",-E90),IF(O90="V",-E90),IF(P90="V",-E90),IF(Q90="V",-E90),IF(R90="V",-E90),IF(S90="V",-E90),IF(U90="V",-E90),IF(V90="V",-E90),IF(W90="V",-E90),IF(X90="V",-E90),IF(Y90="V",-E90),IF(Z90="V",-E90),IF(AA90="V",-E90),IF(M90="H",-E90),IF(N90="H",-E90),IF(O90="H",-E90),IF(P90="H",-E90),IF(Q90="H",-E90),IF(R90="H",-E90),IF(S90="H",-E90),IF(U90="H",-E90),IF(V90="H",-E90),IF(W90="H",-E90),IF(X90="H",-E90),IF(Y90="H",-E90),IF(Z90="H",-E90),IF(AA90="H",-E90)) -> 0 | C91: =SUM(IF(M90="S",-E90),IF(N90="S",-E90),IF(O90="S",-E90),IF(P90="S",-E90),IF(Q90="S",-E90),IF(R90="S",-E90),IF(S90="S",-E90),IF(U90="S",-E90),IF(V90="S",-E90),IF(W90="S",-E90),IF(X90="S",-E90),IF(Y90="S",-E90),IF(Z90="S",-E90),IF(AA90="S",-E90)) -> 0 | D91: =(I91*80)-(K91-(B91+C91)) -> 0 | E91: 12 | G91: RRT | H91: 7p-7:30a | I91: ='Master Pay Period 1'!I91 -> 0 | J91: =BM91/80 -> 0 | K91: =E91*BU91 -> 0 | M91: =IF(Benchmark!$B$30>SUM(M89+M87+M85+M83+M81+M79),1,0) -> 0 | P91: =IF(Benchmark!$D$30>SUM(P89+P87+P85+P83+P81+P79),1,0) -> 0 | Q91: =IF(Benchmark!$D$30>SUM(Q89+Q87+Q85+Q83+Q81+Q79),1,0) -> 0 | V91: =IF(Benchmark!$D$30>SUM(V89+V87+V85+V83+V81+V79),1,0) -> 0 | W91: =IF(Benchmark!$D$30>SUM(W89+W87+W85+W83+W81+W79),1,0) -> 0 | Y91: =IF(Benchmark!$D$30>SUM(Y89+Y87+Y85+Y83+Y81+Y79),1,0) -> 0 | AD91: =IF(Benchmark!$D$30>SUM(AD89+AD87+AD85+AD83+AD81+AD79),1,0) -> 0 | AH91: =IF(Benchmark!$D$30>SUM(AH89+AH87+AH85+AH83+AH81+AH79),1,0) -> 0 | AI91: =IF(Benchmark!$B$30>SUM(AI89+AI87+AI85+AI83+AI81+AI79),1,0) -> 0 | AK91: =IF(Benchmark!$B$30>SUM(AK89+AK87+AK85+AK83+AK81+AK79),1,0) -> 0 | AN91: =IF(Benchmark!$D$30>SUM(AN89+AN87+AN85+AN83+AN81+AN79),1,0) -> 0 | AO91: =IF(Benchmark!$D$30>SUM(AO89+AO87+AO85+AO83+AO81+AO79),1,0) -> 0 | AT91: =IF(Benchmark!$D$30>SUM(AT89+AT87+AT85+AT83+AT81+AT79),1,0) -> 0 | AV91: =IF(Benchmark!$D$30>SUM(AV89+AV87+AV85+AV83+AV81+AV79),1,0) -> 0 | AW91: =IF(Benchmark!$D$30>SUM(AW89+AW87+AW85+AW83+AW81+AW79),1,0) -> 0 | BB91: =IF(Benchmark!$D$30>SUM(BB89+BB87+BB85+BB83+BB81+BB79),1,0) -> 0 | BF91: =IF(Benchmark!$D$30>SUM(BF89+BF87+BF85+BF83+BF81+BF79),1,0) -> 0 | BG91: =IF(Benchmark!$B$30>SUM(BG89+BG87+BG85+BG83+BG81+BG79),1,0) -> 0 | BL91: =I91*80 -> 0 | BM91: =BU91*E91 -> 0 | BN91: =BL91-BM91 -> 0 | BO91: =BN91/80 -> 0 | BP91: =B92/(80) -> 0 | BQ91: =SUM(SUM(BO91,BP91)) -> 0 | BR91: =A91*0.28 -> 6.804 | BS91: =D91*A91 -> 0 | BT91: =(BR91+A91)*(D91)*26 -> 0 | BU91: =SUM(SUM(M91:AA91)) -> 0
A93: 24.3 | B93: =SUM(IF(M92="V",-E92),IF(N92="V",-E92),IF(O92="V",-E92),IF(P92="V",-E92),IF(Q92="V",-E92),IF(R92="V",-E92),IF(S92="V",-E92),IF(U92="V",-E92),IF(V92="V",-E92),IF(W92="V",-E92),IF(X92="V",-E92),IF(Y92="V",-E92),IF(Z92="V",-E92),IF(AA92="V",-E92),IF(M92="H",-E92),IF(N92="H",-E92),IF(O92="H",-E92),IF(P92="H",-E92),IF(Q92="H",-E92),IF(R92="H",-E92),IF(S92="H",-E92),IF(U92="H",-E92),IF(V92="H",-E92),IF(W92="H",-E92),IF(X92="H",-E92),IF(Y92="H",-E92),IF(Z92="H",-E92),IF(AA92="H",-E92)) -> 0 | C93: =SUM(IF(M92="S",-E92),IF(N92="S",-E92),IF(O92="S",-E92),IF(P92="S",-E92),IF(Q92="S",-E92),IF(R92="S",-E92),IF(S92="S",-E92),IF(U92="S",-E92),IF(V92="S",-E92),IF(W92="S",-E92),IF(X92="S",-E92),IF(Y92="S",-E92),IF(Z92="S",-E92),IF(AA92="S",-E92)) -> 0 | D93: =(I93*80)-(K93-(B93+C93)) -> 0 | E93: 12 | G93: RRT | H93: 7p-7:30a | I93: ='Master Pay Period 1'!I93 -> 0 | J93: =BM93/80 -> 0 | K93: =E93*BU93 -> 0 | N93: =IF(Benchmark!$D$30>SUM(N91,N89,N87,N85,N83,N81,N79),1,0) -> 0 | R93: =IF(Benchmark!$D$30>SUM(R91,R89,R87,R85,R83,R81,R79),1,0) -> 0 | S93: =IF(Benchmark!$B$30>SUM(S91,S89,S87,S85,S83,S81,S79),1,0) -> 0 | U93: =IF(Benchmark!$B$30>SUM(U91,U89,U87,U85,U83,U81,U79),1,0) -> 0 | X93: =IF(Benchmark!$D$30>SUM(X91,X89,X87,X85,X83,X81,X79),1,0) -> 0 | AE93: =IF(Benchmark!$D$30>SUM(AE91,AE89,AE87,AE85,AE83,AE81,AE79),1,0) -> 0 | AF93: =IF(Benchmark!$D$30>SUM(AF91,AF89,AF87,AF85,AF83,AF81,AF79),1,0) -> 0 | AL93: =IF(Benchmark!$D$30>SUM(AL91,AL89,AL87,AL85,AL83,AL81,AL79),1,0) -> 0 | AP93: =IF(Benchmark!$D$30>SUM(AP91,AP89,AP87,AP85,AP83,AP81,AP79),1,0) -> 0 | AQ93: =IF(Benchmark!$B$30>SUM(AQ91,AQ89,AQ87,AQ85,AQ83,AQ81,AQ79),1,0) -> 0 | AS93: =IF(Benchmark!$B$30>SUM(AS91,AS89,AS87,AS85,AS83,AS81,AS79),1,0) -> 0 | AU93: =IF(Benchmark!$D$30>SUM(AU91,AU89,AU87,AU85,AU83,AU81,AU79),1,0) -> 0 | BC93: =IF(Benchmark!$D$30>SUM(BC91,BC89,BC87,BC85,BC83,BC81,BC79),1,0) -> 0 | BD93: =IF(Benchmark!$D$30>SUM(BD91,BD89,BD87,BD85,BD83,BD81,BD79),1,0) -> 0 | BE93: =IF(Benchmark!$D$30>SUM(BE91,BE89,BE87,BE85,BE83,BE81,BE79),1,0) -> 0 | BL93: =I93*80 -> 0 | BM93: =BU93*E93 -> 0 | BN93: =BL93-BM93 -> 0 | BO93: =BN93/80 -> 0 | BP93: =B94/(80) -> 0 | BQ93: =SUM(SUM(BO93,BP93)) -> 0 | BR93: =A93*0.28 -> 6.804 | BS93: =D93*A93 -> 0 | BT93: =(BR93+A93)*(D93)*26 -> 0 | BU93: =SUM(SUM(M93:AA93)) -> 0
A95: 25 | B95: =SUM(IF(M94="V",-E94),IF(N94="V",-E94),IF(O94="V",-E94),IF(P94="V",-E94),IF(Q94="V",-E94),IF(R94="V",-E94),IF(S94="V",-E94),IF(U94="V",-E94),IF(V94="V",-E94),IF(W94="V",-E94),IF(X94="V",-E94),IF(Y94="V",-E94),IF(Z94="V",-E94),IF(AA94="V",-E94),IF(M94="H",-E94),IF(N94="H",-E94),IF(O94="H",-E94),IF(P94="H",-E94),IF(Q94="H",-E94),IF(R94="H",-E94),IF(S94="H",-E94),IF(U94="H",-E94),IF(V94="H",-E94),IF(W94="H",-E94),IF(X94="H",-E94),IF(Y94="H",-E94),IF(Z94="H",-E94),IF(AA94="H",-E94)) -> 0 | C95: =SUM(IF(M94="S",-E94),IF(N94="S",-E94),IF(O94="S",-E94),IF(P94="S",-E94),IF(Q94="S",-E94),IF(R94="S",-E94),IF(S94="S",-E94),IF(U94="S",-E94),IF(V94="S",-E94),IF(W94="S",-E94),IF(X94="S",-E94),IF(Y94="S",-E94),IF(Z94="S",-E94),IF(AA94="S",-E94)) -> 0 | D95: =(I95*80)-(K95-(B95+C95)) -> 0 | E95: 12 | G95: RRT | H95: 7p-7:30a | I95: ='Master Pay Period 1'!I95 -> 0 | J95: =BM95/80 -> 0 | K95: =E95*BU95 -> 0 | O95: =IF(Benchmark!$D$30>SUM(O93+O91+O89+O87+O85+O83+O81+O79),1,0) -> 0 | Z95: =IF(Benchmark!$D$30>SUM(Z93+Z91+Z89+Z87+Z85+Z83+Z81+Z79),1,0) -> 0 | AA95: =IF(Benchmark!$B$30>SUM(AA93+AA91+AA89+AA87+AA85+AA83+AA81+AA79),1,0) -> 0 | AC95: =IF(Benchmark!$B$30>SUM(AC93+AC91+AC89+AC87+AC85+AC83+AC81+AC79),1,0) -> 0 | AG95: =IF(Benchmark!$D$30>SUM(AG93+AG91+AG89+AG87+AG85+AG83+AG81+AG79),1,0) -> 0 | AM95: =IF(Benchmark!$D$30>SUM(AM93+AM91+AM89+AM87+AM85+AM83+AM81+AM79),1,0) -> 0 | AX95: =IF(Benchmark!$D$30>SUM(AX93+AX91+AX89+AX87+AX85+AX83+AX81+AX79),1,0) -> 0 | AY95: =IF(Benchmark!$B$30>SUM(AY93+AY91+AY89+AY87+AY85+AY83+AY81+AY79),1,0) -> 0 | BA95: =IF(Benchmark!$B$30>SUM(BA93+BA91+BA89+BA87+BA85+BA83+BA81+BA79),1,0) -> 0 | BL95: =I95*80 -> 0 | BM95: =BU95*E95 -> 0 | BN95: =BL95-BM95 -> 0 | BO95: =BN95/80 -> 0 | BP95: =B96/(80) -> 0 | BQ95: =SUM(SUM(BO95,BP95)) -> 0 | BR95: =A95*0.28 -> 7 | BS95: =D95*A95 -> 0 | BT95: =(BR95+A95)*(D95)*26 -> 0 | BU95: =SUM(SUM(M95:AA95)) -> 0
A97: 25 | B97: =SUM(IF(M96="V",-E96),IF(N96="V",-E96),IF(O96="V",-E96),IF(P96="V",-E96),IF(Q96="V",-E96),IF(R96="V",-E96),IF(S96="V",-E96),IF(U96="V",-E96),IF(V96="V",-E96),IF(W96="V",-E96),IF(X96="V",-E96),IF(Y96="V",-E96),IF(Z96="V",-E96),IF(AA96="V",-E96),IF(M96="H",-E96),IF(N96="H",-E96),IF(O96="H",-E96),IF(P96="H",-E96),IF(Q96="H",-E96),IF(R96="H",-E96),IF(S96="H",-E96),IF(U96="H",-E96),IF(V96="H",-E96),IF(W96="H",-E96),IF(X96="H",-E96),IF(Y96="H",-E96),IF(Z96="H",-E96),IF(AA96="H",-E96)) -> 0 | C97: =SUM(IF(M96="S",-E96),IF(N96="S",-E96),IF(O96="S",-E96),IF(P96="S",-E96),IF(Q96="S",-E96),IF(R96="S",-E96),IF(S96="S",-E96),IF(U96="S",-E96),IF(V96="S",-E96),IF(W96="S",-E96),IF(X96="S",-E96),IF(Y96="S",-E96),IF(Z96="S",-E96),IF(AA96="S",-E96)) -> 0 | D97: =(I97*80)-(K97-(B97+C97)) -> 0 | E97: 12 | G97: RRT | H97: 7p-7:30a | I97: ='Master Pay Period 1'!I97 -> 0 | J97: =BM97/80 -> 0 | K97: =E97*BU97 -> 0 | M97: =IF(Benchmark!$B$30>SUM(M95+M93+M91+M89+M87+M85+M83+M81+M79),1,0) -> 0 | P97: =IF(Benchmark!$D$30>SUM(P95+P93+P91+P89+P87+P85+P83+P81+P79),1,0) -> 0 | Q97: =IF(Benchmark!$D$30>SUM(Q95+Q93+Q91+Q89+Q87+Q85+Q83+Q81+Q79),1,0) -> 0 | V97: =IF(Benchmark!$D$30>SUM(V95+V93+V91+V89+V87+V85+V83+V81+V79),1,0) -> 0 | X97: =IF(Benchmark!$D$30>SUM(X95+X93+X91+X89+X87+X85+X83+X81+X79),1,0) -> 0 | Y97: =IF(Benchmark!$D$30>SUM(Y95+Y93+Y91+Y89+Y87+Y85+Y83+Y81+Y79),1,0) -> 0 | AD97: =IF(Benchmark!$D$30>SUM(AD95+AD93+AD91+AD89+AD87+AD85+AD83+AD81+AD79),1,0) -> 0 | AH97: =IF(Benchmark!$D$30>SUM(AH95+AH93+AH91+AH89+AH87+AH85+AH83+AH81+AH79),1,0) -> 0 | AI97: =IF(Benchmark!$B$30>SUM(AI95+AI93+AI91+AI89+AI87+AI85+AI83+AI81+AI79),1,0) -> 0 | AK97: =IF(Benchmark!$B$30>SUM(AK95+AK93+AK91+AK89+AK87+AK85+AK83+AK81+AK79),1,0) -> 0 | AN97: =IF(Benchmark!$D$30>SUM(AN95+AN93+AN91+AN89+AN87+AN85+AN83+AN81+AN79),1,0) -> 0 | AO97: =IF(Benchmark!$D$30>SUM(AO95+AO93+AO91+AO89+AO87+AO85+AO83+AO81+AO79),1,0) -> 0 | AT97: =IF(Benchmark!$D$30>SUM(AT95+AT93+AT91+AT89+AT87+AT85+AT83+AT81+AT79),1,0) -> 0 | AV97: =IF(Benchmark!$D$30>SUM(AV95+AV93+AV91+AV89+AV87+AV85+AV83+AV81+AV79),1,0) -> 0 | AW97: =IF(Benchmark!$D$30>SUM(AW95+AW93+AW91+AW89+AW87+AW85+AW83+AW81+AW79),1,0) -> 0 | BB97: =IF(Benchmark!$D$30>SUM(BB95+BB93+BB91+BB89+BB87+BB85+BB83+BB81+BB79),1,0) -> 0 | BF97: =IF(Benchmark!$D$30>SUM(BF95+BF93+BF91+BF89+BF87+BF85+BF83+BF81+BF79),1,0) -> 0 | BG97: =IF(Benchmark!$B$30>SUM(BG95+BG93+BG91+BG89+BG87+BG85+BG83+BG81+BG79),1,0) -> 0 | BL97: =I97*80 -> 0 | BM97: =BU97*E97 -> 0 | BN97: =BL97-BM97 -> 0 | BO97: =BN97/80 -> 0 | BP97: =B98/(80) -> 0 | BQ97: =SUM(SUM(BO97,BP97)) -> 0 | BR97: =A97*0.28 -> 7 | BS97: =D97*A97 -> 0 | BT97: =(BR97+A97)*(D97)*26 -> 0 | BU97: =SUM(SUM(M97:AA97)) -> 0
A99: 25 | B99: =SUM(IF(M98="V",-E98),IF(N98="V",-E98),IF(O98="V",-E98),IF(P98="V",-E98),IF(Q98="V",-E98),IF(R98="V",-E98),IF(S98="V",-E98),IF(U98="V",-E98),IF(V98="V",-E98),IF(W98="V",-E98),IF(X98="V",-E98),IF(Y98="V",-E98),IF(Z98="V",-E98),IF(AA98="V",-E98),IF(M98="H",-E98),IF(N98="H",-E98),IF(O98="H",-E98),IF(P98="H",-E98),IF(Q98="H",-E98),IF(R98="H",-E98),IF(S98="H",-E98),IF(U98="H",-E98),IF(V98="H",-E98),IF(W98="H",-E98),IF(X98="H",-E98),IF(Y98="H",-E98),IF(Z98="H",-E98),IF(AA98="H",-E98)) -> 0 | C99: =SUM(IF(M98="S",-E98),IF(N98="S",-E98),IF(O98="S",-E98),IF(P98="S",-E98),IF(Q98="S",-E98),IF(R98="S",-E98),IF(S98="S",-E98),IF(U98="S",-E98),IF(V98="S",-E98),IF(W98="S",-E98),IF(X98="S",-E98),IF(Y98="S",-E98),IF(Z98="S",-E98),IF(AA98="S",-E98)) -> 0 | D99: =(I99*80)-(K99-(B99+C99)) -> 0 | E99: 12 | G99: RRT | H99: 7p-7:30a | I99: ='Master Pay Period 1'!I99 -> 0 | J99: =BM99/80 -> 0 | K99: =E99*BU99 -> 0 | N99: =IF(Benchmark!$D$30>SUM(N97+N95+N93+N91+N89+N87+N85+N83+N81+N79),1,0) -> 0 | R99: =IF(Benchmark!$D$30>SUM(R97+R95+R93+R91+R89+R87+R85+R83+R81+R79),1,0) -> 0 | S99: =IF(Benchmark!$B$30>SUM(S97+S95+S93+S91+S89+S87+S85+S83+S81+S79),1,0) -> 0 | U99: =IF(Benchmark!$B$30>SUM(U97+U95+U93+U91+U89+U87+U85+U83+U81+U79),1,0) -> 0 | W99: =IF(Benchmark!$D$30>SUM(W97+W95+W93+W91+W89+W87+W85+W83+W81+W79),1,0) -> 0 | AE99: =IF(Benchmark!$D$30>SUM(AE97+AE95+AE93+AE91+AE89+AE87+AE85+AE83+AE81+AE79),1,0) -> 0 | AF99: =IF(Benchmark!$D$30>SUM(AF97+AF95+AF93+AF91+AF89+AF87+AF85+AF83+AF81+AF79),1,0) -> 0 | AL99: =IF(Benchmark!$D$30>SUM(AL97+AL95+AL93+AL91+AL89+AL87+AL85+AL83+AL81+AL79),1,0) -> 0 | AP99: =IF(Benchmark!$D$30>SUM(AP97+AP95+AP93+AP91+AP89+AP87+AP85+AP83+AP81+AP79),1,0) -> 0 | AQ99: =IF(Benchmark!$B$30>SUM(AQ97+AQ95+AQ93+AQ91+AQ89+AQ87+AQ85+AQ83+AQ81+AQ79),1,0) -> 0 | AS99: =IF(Benchmark!$B$30>SUM(AS97+AS95+AS93+AS91+AS89+AS87+AS85+AS83+AS81+AS79),1,0) -> 0 | AU99: =IF(Benchmark!$D$30>SUM(AU97+AU95+AU93+AU91+AU89+AU87+AU85+AU83+AU81+AU79),1,0) -> 0 | BC99: =IF(Benchmark!$D$30>SUM(BC97+BC95+BC93+BC91+BC89+BC87+BC85+BC83+BC81+BC79),1,0) -> 0 | BD99: =IF(Benchmark!$D$30>SUM(BD97+BD95+BD93+BD91+BD89+BD87+BD85+BD83+BD81+BD79),1,0) -> 0 | BE99: =IF(Benchmark!$D$30>SUM(BE97+BE95+BE93+BE91+BE89+BE87+BE85+BE83+BE81+BE79),1,0) -> 0 | BL99: =I99*80 -> 0 | BM99: =BU99*E99 -> 0 | BN99: =BL99-BM99 -> 0 | BO99: =BN99/80 -> 0 | BP99: =B100/(80) -> 0 | BQ99: =SUM(SUM(BO99,BP99)) -> 0 | BR99: =A99*0.28 -> 7 | BS99: =D99*A99 -> 0 | BT99: =(BR99+A99)*(D99)*26 -> 0 | BU99: =SUM(SUM(M99:AA99)) -> 0
A101: 25 | B101: =SUM(IF(M100="V",-E100),IF(N100="V",-E100),IF(O100="V",-E100),IF(P100="V",-E100),IF(Q100="V",-E100),IF(R100="V",-E100),IF(S100="V",-E100),IF(U100="V",-E100),IF(V100="V",-E100),IF(W100="V",-E100),IF(X100="V",-E100),IF(Y100="V",-E100),IF(Z100="V",-E100),IF(AA100="V",-E100),IF(M100="H",-E100),IF(N100="H",-E100),IF(O100="H",-E100),IF(P100="H",-E100),IF(Q100="H",-E100),IF(R100="H",-E100),IF(S100="H",-E100),IF(U100="H",-E100),IF(V100="H",-E100),IF(W100="H",-E100),IF(X100="H",-E100),IF(Y100="H",-E100),IF(Z100="H",-E100),IF(AA100="H",-E100)) -> 0 | C101: =SUM(IF(M100="S",-E100),IF(N100="S",-E100),IF(O100="S",-E100),IF(P100="S",-E100),IF(Q100="S",-E100),IF(R100="S",-E100),IF(S100="S",-E100),IF(U100="S",-E100),IF(V100="S",-E100),IF(W100="S",-E100),IF(X100="S",-E100),IF(Y100="S",-E100),IF(Z100="S",-E100),IF(AA100="S",-E100)) -> 0 | D101: =(I101*80)-(K101-(B101+C101)) -> 0 | E101: 12 | G101: CRT | H101: 7p-7:30a | I101: ='Master Pay Period 1'!I101 -> 0 | J101: =BM101/80 -> 0 | K101: =E101*BU101 -> 0 | M101: =IF(Benchmark!$B$30>SUM(M99,M97,M95,M93,M91,M89,M87,M85,M83,M81,M79),1,0) -> 0 | O101: =IF(Benchmark!$D$30>SUM(O99+O97+O95+O93+O91+O89+O87+O85+O83+O81+O79),1,0) -> 0 | Z101: =IF(Benchmark!$D$30>SUM(Z99+Z97+Z95+Z93+Z91+Z89+Z87+Z85+Z83+Z81+Z79),1,0) -> 0 | AA101: =IF(Benchmark!$B$30>SUM(AA99+AA97+AA95+AA93+AA91+AA89+AA87+AA85+AA83+AA81+AA79),1,0) -> 0 | AC101: =IF(Benchmark!$B$30>SUM(AC99+AC97+AC95+AC93+AC91+AC89+AC87+AC85+AC83+AC81+AC79),1,0) -> 0 | AG101: =IF(Benchmark!$D$30>SUM(AG99+AG97+AG95+AG93+AG91+AG89+AG87+AG85+AG83+AG81+AG79),1,0) -> 0 | AI101: =IF(Benchmark!$B$30>SUM(AI99,AI97,AI95,AI93,AI91,AI89,AI87,AI85,AI83,AI81,AI79),1,0) -> 0 | AK101: =IF(Benchmark!$B$30>SUM(AK99,AK97,AK95,AK93,AK91,AK89,AK87,AK85,AK83,AK81,AK79),1,0) -> 0 | AM101: =IF(Benchmark!$D$30>SUM(AM99+AM97+AM95+AM93+AM91+AM89+AM87+AM85+AM83+AM81+AM79),1,0) -> 0 | AX101: =IF(Benchmark!$D$30>SUM(AX99+AX97+AX95+AX93+AX91+AX89+AX87+AX85+AX83+AX81+AX79),1,0) -> 0 | AY101: =IF(Benchmark!$B$30>SUM(AY99+AY97+AY95+AY93+AY91+AY89+AY87+AY85+AY83+AY81+AY79),1,0) -> 0 | BA101: =IF(Benchmark!$B$30>SUM(BA99+BA97+BA95+BA93+BA91+BA89+BA87+BA85+BA83+BA81+BA79),1,0) -> 0 | BL101: =I101*80 -> 0 | BM101: =BU101*E101 -> 0 | BN101: =BL101-BM101 -> 0 | BO101: =BN101/80 -> 0 | BP101: =B102/(80) -> 0 | BQ101: =SUM(SUM(BO101,BP101)) -> 0 | BR101: =A101*0.28 -> 7 | BS101: =D101*A101 -> 0 | BT101: =(BR101+A101)*(D101)*26 -> 0 | BU101: =SUM(SUM(M101:AA101)) -> 0
A104: 25 | B104: =SUM(IF(M103="V",-E103),IF(N103="V",-E103),IF(O103="V",-E103),IF(P103="V",-E103),IF(Q103="V",-E103),IF(R103="V",-E103),IF(S103="V",-E103),IF(U103="V",-E103),IF(V103="V",-E103),IF(W103="V",-E103),IF(X103="V",-E103),IF(Y103="V",-E103),IF(Z103="V",-E103),IF(AA103="V",-E103),IF(M103="H",-E103),IF(N103="H",-E103),IF(O103="H",-E103),IF(P103="H",-E103),IF(Q103="H",-E103),IF(R103="H",-E103),IF(S103="H",-E103),IF(U103="H",-E103),IF(V103="H",-E103),IF(W103="H",-E103),IF(X103="H",-E103),IF(Y103="H",-E103),IF(Z103="H",-E103),IF(AA103="H",-E103)) -> 0 | C104: =SUM(IF(M103="S",-E103),IF(N103="S",-E103),IF(O103="S",-E103),IF(P103="S",-E103),IF(Q103="S",-E103),IF(R103="S",-E103),IF(S103="S",-E103),IF(U103="S",-E103),IF(V103="S",-E103),IF(W103="S",-E103),IF(X103="S",-E103),IF(Y103="S",-E103),IF(Z103="S",-E103),IF(AA103="S",-E103)) -> 0 | D104: =(I104*80)-(K104-(B104+C104)) -> 0 | E104: 8 | G104: RRT | H104: 11p-7:30a | I104: ='Master Pay Period 1'!I104 -> 0 | J104: =BM104/80 -> 0 | K104: =E104*BU104 -> 0 | M104: =IF(Benchmark!$B$30>SUM(M101+M99+M97+M95+M93+M91+M89+M87+M85+M83+M81+M79),1,0) -> 0 | AA104: =IF(Benchmark!$B$30>SUM(AA101+AA101+AA97+AA95+AA93+AA91+AA89+AA87+AA85+AA83+AA81+AA79),1,0) -> 0 | AY104: =IF(Benchmark!$B$30>SUM(AY101+AY101+AY97+AY95+AY93+AY91+AY89+AY87+AY85+AY83+AY81+AY79),1,0) -> 0 | BL104: =I104*80 -> 0 | BM104: =BU104*E104 -> 0 | BN104: =BL104-BM104 -> 0 | BO104: =BN104/80 -> 0 | BP104: =B105/(80) -> 0 | BQ104: =SUM(SUM(BO104,BP104)) -> 0 | BR104: =A104*0.28 -> 7 | BS104: =D104*A104 -> 0 | BT104: =(BR104+A104)*(D104)*26 -> 0 | BU104: =SUM(SUM(M104:AA104)) -> 0
A106: 25 | B106: =SUM(IF(M105="V",-E105),IF(N105="V",-E105),IF(O105="V",-E105),IF(P105="V",-E105),IF(Q105="V",-E105),IF(R105="V",-E105),IF(S105="V",-E105),IF(U105="V",-E105),IF(V105="V",-E105),IF(W105="V",-E105),IF(X105="V",-E105),IF(Y105="V",-E105),IF(Z105="V",-E105),IF(AA105="V",-E105),IF(M105="H",-E105),IF(N105="H",-E105),IF(O105="H",-E105),IF(P105="H",-E105),IF(Q105="H",-E105),IF(R105="H",-E105),IF(S105="H",-E105),IF(U105="H",-E105),IF(V105="H",-E105),IF(W105="H",-E105),IF(X105="H",-E105),IF(Y105="H",-E105),IF(Z105="H",-E105),IF(AA105="H",-E105)) -> 0 | C106: =SUM(IF(M105="S",-E105),IF(N105="S",-E105),IF(O105="S",-E105),IF(P105="S",-E105),IF(Q105="S",-E105),IF(R105="S",-E105),IF(S105="S",-E105),IF(U105="S",-E105),IF(V105="S",-E105),IF(W105="S",-E105),IF(X105="S",-E105),IF(Y105="S",-E105),IF(Z105="S",-E105),IF(AA105="S",-E105)) -> 0 | D106: =(I106*80)-(K106-(B106+C106)) -> 0 | E106: 8 | G106: RRT | H106: 11p-7:30a | I106: ='Master Pay Period 1'!I106 -> 0 | J106: =BM106/80 -> 0 | K106: =E106*BU106 -> 0 | S106: =IF(Benchmark!$B$30>SUM(S104+S101+S99+S97+S95+S93+S91+S89+S87+S85+S83+S81+S79),1,0) -> 0 | U106: =IF(Benchmark!$B$30>SUM(U104+U101+U99+U97+U95+U93+U91+U89+U87+U85+U83+U81+U79),1,0) -> 0 | BL106: =I106*80 -> 0 | BM106: =BU106*E106 -> 0 | BN106: =BL106-BM106 -> 0 | BO106: =BN106/80 -> 0 | BP106: =B107/(80) -> 0 | BQ106: =SUM(SUM(BO106,BP106)) -> 0 | BR106: =A106*0.28 -> 7 | BS106: =D106*A106 -> 0 | BT106: =(BR106+A106)*(D106)*26 -> 0 | BU106: =SUM(SUM(M106:AA106)) -> 0
M107: =M21 -> 1 | AC107: =AC21 -> 2 | AS107: =AS21 -> 3
M108: =M22 -> 0 | N108: =N22 -> 0 | O108: =O22 -> January | P108: =P22 -> 0 | Q108: =Q22 -> 0 | R108: =R22 -> 0 | S108: =S22 -> 0 | T108: =T22 -> 2019 | ... AA108: =AA22 -> 0 | AC108: =AC22 -> January | AD108: =AD22 -> 0 | AE108: =AE22 -> 0 | AF108: =AF22 -> 0 | AG108: =AG22 -> 0 | AH108: =AH22 -> 0 | AI108: =AI22 -> 0 | AJ108: =AJ22 -> 2019 | ... AQ108: =AQ22 -> 0 | AS108: =AS22 -> 0 | AT108: =AT22 -> 0 | AU108: =AU22 -> 0 | AV108: =AV22 -> 0 | AW108: =AW22 -> 0 | AX108: =AX22 -> February | AY108: =AY22 -> 0 | AZ108: =AZ22 -> 2019 | ... BG108: =BG22 -> 0
B109: =SUM(SUM(B26:B106)) -> 0 | C109: =SUM(SUM(C26:C106)) -> 0 | D109: =SUM(SUM(D26:D106)) -> 0 | F109: Total | I109: =SUM(SUM(I26:I106)) -> 11.5 | J109: =SUM(SUM(J26:J106)) -> 11.5 | K109: =SUM(SUM(K26:K106)) -> 920 | L109: =SUM(SUM(L26:L106)) -> 0 | M109: =M23 -> 30 | N109: =N23 -> 31 | O109: =O23 -> 1 | P109: =P23 -> 2 | Q109: =Q23 -> 3 | R109: =R23 -> 4 | S109: =S23 -> 5 | U109: =U23 -> 6 | V109: =V23 -> 7 | W109: =W23 -> 8 | X109: =X23 -> 9 | Y109: =Y23 -> 10 | Z109: =Z23 -> 11 | AA109: =AA23 -> 12 | AC109: =AC23 -> 13 | AD109: =AD23 -> 14 | AE109: =AE23 -> 15 | AF109: =AF23 -> 16 | AG109: =AG23 -> 17 | AH109: =AH23 -> 18 | AI109: =AI23 -> 19 | AK109: =AK23 -> 20 | AL109: =AL23 -> 21 | AM109: =AM23 -> 22 | AN109: =AN23 -> 23 | AO109: =AO23 -> 24 | AP109: =AP23 -> 25 | AQ109: =AQ23 -> 26 | AS109: =AS23 -> 27 | AT109: =AT23 -> 28 | AU109: =AU23 -> 29 | AV109: =AV23 -> 30 | AW109: =AW23 -> 31 | AX109: =AX23 -> 1 | AY109: =AY23 -> 2 | BA109: =BA23 -> 3 | BB109: =BB23 -> 4 | BC109: =BC23 -> 5 | BD109: =BD23 -> 6 | BE109: =BE23 -> 7 | BF109: =BF23 -> 8 | BG109: =BG23 -> 9 | BL109: =SUM(SUM(BL26:BL106)) -> 920 | BM109: =SUM(SUM(BM26:BM106)) -> 920 | BN109: =SUM(SUM(BN26:BN106)) -> 0 | BO109: =SUM(SUM(BO26:BO106)) -> 0 | BP109: =SUM(SUM(BP26:BP106)) -> 0 | BQ109: =SUM(SUM(BQ26:BQ106)) -> 0 | BS109: =SUM(SUM(BS26:BS106)) -> 0 | BT109: =SUM(SUM(BT26:BT106)) -> 0 | BU109: =SUM(SUM(BU26:BU106)) -> 84
M110: S | N110: M | O110: T | P110: W | Q110: T | R110: F | S110: S | U110: S | V110: M | W110: T | X110: W | Y110: T | Z110: F | AA110: S | AC110: S | AD110: M | AE110: T | AF110: W | AG110: T | AH110: F | AI110: S | AK110: S | AL110: M | AM110: T | AN110: W | AO110: T | AP110: F | AQ110: S | AS110: S | AT110: M | AU110: T | AV110: W | AW110: T | AX110: F | AY110: S | BA110: S | BB110: M | BC110: T | BD110: W | BE110: T | BF110: F | BG110: S
B111: Non
A112: Wages | B112: Productive | C112: Sick | D112: Hours | E112: Hours | F112: Employees / Shift | H112: 7a-11:30a | M112: =SUM(SUM(M33,M35,M37,M39,M41,M43,M45,M47,M49,M51,M53,M55,M57,M59,M61)) -> 2 | N112: =SUM(SUM(N33,N35,N37,N39,N41,N43,N45,N47,N49,N51,N53,N55,N57,N59,N61)) -> 3 | O112: =SUM(SUM(O33,O35,O37,O39,O41,O43,O45,O47,O49,O51,O53,O55,O57,O59,O61)) -> 3 | P112: =SUM(SUM(P33,P35,P37,P39,P41,P43,P45,P47,P49,P51,P53,P55,P57,P59,P61)) -> 3 | Q112: =SUM(SUM(Q33,Q35,Q37,Q39,Q41,Q43,Q45,Q47,Q49,Q51,Q53,Q55,Q57,Q59,Q61)) -> 3 | R112: =SUM(SUM(R33,R35,R37,R39,R41,R43,R45,R47,R49,R51,R53,R55,R57,R59,R61)) -> 3 | S112: =SUM(SUM(S33,S35,S37,S39,S41,S43,S45,S47,S49,S51,S53,S55,S57,S59,S61)) -> 2 | U112: =SUM(SUM(U33,U35,U37,U39,U41,U43,U45,U47,U49,U51,U53,U55,U57,U59,U61)) -> 2 | V112: =SUM(SUM(V33,V35,V37,V39,V41,V43,V45,V47,V49,V51,V53,V55,V57,V59,V61)) -> 3 | W112: =SUM(SUM(W33,W35,W37,W39,W41,W43,W45,W47,W49,W51,W53,W55,W57,W59,W61)) -> 3 | X112: =SUM(SUM(X33,X35,X37,X39,X41,X43,X45,X47,X49,X51,X53,X55,X57,X59,X61)) -> 3 | Y112: =SUM(SUM(Y33,Y35,Y37,Y39,Y41,Y43,Y45,Y47,Y49,Y51,Y53,Y55,Y57,Y59,Y61)) -> 3 | Z112: =SUM(SUM(Z33,Z35,Z37,Z39,Z41,Z43,Z45,Z47,Z49,Z51,Z53,Z55,Z57,Z59,Z61)) -> 3 | AA112: =SUM(SUM(AA33,AA35,AA37,AA39,AA41,AA43,AA45,AA47,AA49,AA51,AA53,AA55,AA57,AA59,AA61)) -> 2 | AC112: =SUM(SUM(AC33,AC35,AC37,AC39,AC41,AC43,AC45,AC47,AC49,AC51,AC53,AC55,AC57,AC59,AC61)) -> 2 | AD112: =SUM(SUM(AD33,AD35,AD37,AD39,AD41,AD43,AD45,AD47,AD49,AD51,AD53,AD55,AD57,AD59,AD61)) -> 3 | AE112: =SUM(SUM(AE33,AE35,AE37,AE39,AE41,AE43,AE45,AE47,AE49,AE51,AE53,AE55,AE57,AE59,AE61)) -> 3 | AF112: =SUM(SUM(AF33,AF35,AF37,AF39,AF41,AF43,AF45,AF47,AF49,AF51,AF53,AF55,AF57,AF59,AF61)) -> 3 | AG112: =SUM(SUM(AG33,AG35,AG37,AG39,AG41,AG43,AG45,AG47,AG49,AG51,AG53,AG55,AG57,AG59,AG61)) -> 3 | AH112: =SUM(SUM(AH33,AH35,AH37,AH39,AH41,AM43,AH45,AH47,AH49,AH51,AH53,AH55,AH57,AH59,AH61)) -> 3 | AI112: =SUM(SUM(AI33,AI35,AI37,AI39,AI41,AI43,AI45,AI47,AI49,AI51,AI53,AI55,AI57,AI59,AI61)) -> 2 | AK112: =SUM(SUM(AK33,AK35,AK37,AK39,AK41,AK43,AK45,AK47,AK49,AK51,AK53,AK55,AK57,AK59,AK61)) -> 2 | AL112: =SUM(SUM(AL33,AL35,AL37,AL39,AL41,AL43,AL45,AL47,AL49,AL51,AL53,AL55,AL57,AL59,AL61)) -> 3 | AM112: =SUM(SUM(AM33,AM35,AM37,AM39,AM41,AM43,AM45,AM47,AM49,AM51,AM53,AM55,AM57,AM59,AM61)) -> 3 | AN112: =SUM(SUM(AN33,AN35,AN37,AN39,AN41,AN43,AN45,AN47,AN49,AN51,AN53,AN55,AN57,AN59,AN61)) -> 3 | AO112: =SUM(SUM(AO33,AO35,AO37,AO39,AO41,AO43,AO45,AO47,AO49,AO51,AO53,AO55,AO57,AO59,AO61)) -> 3 | AP112: =SUM(SUM(AP33,AP35,AP37,AP39,AP41,AP43,AP45,AP47,AP49,AP51,AP53,AP55,AP57,AP59,AP61)) -> 3 | AQ112: =SUM(SUM(AQ33,AQ35,AQ37,AQ39,AQ41,AQ43,AQ45,AQ47,AQ49,AQ51,AQ53,AQ55,AQ57,AQ59,AQ61)) -> 2 | AS112: =SUM(SUM(AS33,AS35,AS37,AS39,AS41,AS43,AS45,AS47,AS49,AS51,AS53,AS55,AS57,AS59,AS61)) -> 2 | AT112: =SUM(SUM(AT33,AT35,AT37,AT39,AT41,AT43,AT45,AT47,AT49,AT51,AT53,AT55,AT57,AT59,AT61)) -> 3 | AU112: =SUM(SUM(AU33,AU35,AU37,AU39,AU41,AU43,AU45,AU47,AU49,AU51,AU53,AU55,AU57,AU59,AU61)) -> 3 | AV112: =SUM(SUM(AV33,AV35,AV37,AV39,AV41,AV43,AV45,AV47,AV49,AV51,AV53,AV55,AV57,AV59,AV61)) -> 3 | AW112: =SUM(SUM(AW33,AW35,AW37,AW39,AW41,AW43,AW45,AW47,AW49,AW51,AW53,AW55,AW57,AW59,AW61)) -> 3 | AX112: =SUM(SUM(AX33,AX35,AX37,AX39,AX41,AX43,AX45,AX47,AX49,AX51,AX53,AX55,AX57,AX59,AX61)) -> 3 | AY112: =SUM(SUM(AY33,AY35,AY37,AY39,AY41,AY43,AY45,AY47,AY49,AY51,AY53,AY55,AY57,AY59,AY61)) -> 2 | BA112: =SUM(SUM(BA33,BA35,BA37,BA39,BA41,BA43,BA45,BA47,BA49,BA51,BA53,BA55,BA57,BA59,BA61)) -> 2 | BB112: =SUM(SUM(BB33,BB35,BB37,BB39,BB41,BB43,BB45,BB47,BB49,BB51,BB53,BB55,BB57,BB59,BB61)) -> 3 | BC112: =SUM(SUM(BC33,BC35,BC37,BC39,BC41,BC43,BC45,BC47,BC49,BC51,BC53,BC55,BC57,BC59,BC61)) -> 3 | BD112: =SUM(SUM(BD33,BD35,BD37,BD39,BD41,BD43,BD45,BD47,BD49,BD51,BD53,BD55,BD57,BD59,BD61)) -> 3 | BE112: =SUM(SUM(BE33,BE35,BE37,BE39,BE41,BE43,BE45,BE47,BE49,BE51,BE53,BE55,BE57,BE59,BE61)) -> 3 | BF112: =SUM(SUM(BF33,BF35,BF37,BF39,BF41,BF43,BF45,BF47,BF49,BF51,BF53,BF55,BF57,BF59,BF61)) -> 3 | BG112: =SUM(SUM(BG33,BG35,BG37,BG39,BG41,BG43,BG45,BG47,BG49,BG51,BG53,BG55,BG57,BG59,BG61)) -> 2 | BL112: Budgeted | BM112: Actual | BN112: Hours | BO112: FTE | BP112: Benefit | BQ112: Total FTE | BR112: Benefits | BS112: Savings | BT112: Annual | BU112: Shifts
A113: Per Hour | B113: Hours | C113: Hours | D113: Over | E113: Shift | H113: 11a-3:30p | M113: =SUM(SUM(M33,M35,M37,M39,M41,M43,M45,M47,M49,M51,M53,M55,M57,M59,M61,M64,M67,M69)) -> 2 | N113: =SUM(SUM(N33,N35,N37,N39,N41,N43,N45,N47,N49,N51,N53,N55,N57,N59,N61,N64,N67,N69)) -> 3 | O113: =SUM(SUM(O33,O35,O37,O39,O41,O43,O45,O47,O49,O51,O53,O55,O57,O59,O61,O64,O67,O69)) -> 3 | P113: =SUM(SUM(P33,P35,P37,P39,P41,P43,P45,P47,P49,P51,P53,P55,P57,P59,P61,P64,P67,P69)) -> 3 | Q113: =SUM(SUM(Q33,Q35,Q37,Q39,Q41,Q43,Q45,Q47,Q49,Q51,Q53,Q55,Q57,Q59,Q61,Q64,Q67,Q69)) -> 3 | R113: =SUM(SUM(R33,R35,R37,R39,R41,R43,R45,R47,R49,R51,R53,R55,R57,R59,R61,R64,R67,R69)) -> 3 | S113: =SUM(SUM(S33,S35,S37,S39,S41,S43,S45,S47,S49,S51,S53,S55,S57,S59,S61,S64,S67,S69)) -> 2 | U113: =SUM(SUM(U33,U35,U37,U39,U41,U43,U45,U47,U49,U51,U53,U55,U57,U59,U61,U64,U67,U69)) -> 2 | V113: =SUM(SUM(V33,V35,V37,V39,V41,V43,V45,V47,V49,V51,V53,V55,V57,V59,V61,V64,V67,V69)) -> 3 | W113: =SUM(SUM(W33,W35,W37,W39,W41,W43,W45,W47,W49,W51,W53,W55,W57,W59,W61,W64,W67,W69)) -> 3 | X113: =SUM(SUM(X33,X35,X37,X39,X41,X43,X45,X47,X49,X51,X53,X55,X57,X59,X61,X64,X67,X69)) -> 3 | Y113: =SUM(SUM(Y33,Y35,Y37,Y39,Y41,Y43,Y45,Y47,Y49,Y51,Y53,Y55,Y57,Y59,Y61,Y64,Y67,Y69)) -> 3 | Z113: =SUM(SUM(Z33,Z35,Z37,Z39,Z41,Z43,Z45,Z47,Z49,Z51,Z53,Z55,Z57,Z59,Z61,Z64,Z67,Z69)) -> 3 | AA113: =SUM(SUM(AA33,AA35,AA37,AA39,AA41,AA43,AA45,AA47,AA49,AA51,AA53,AA55,AA57,AA59,AA61,AA64,AA67,AA69)) -> 2 | AC113: =SUM(SUM(AC33,AC35,AC37,AC39,AC41,AC43,AC45,AC47,AC49,AC51,AC53,AC55,AC57,AC59,AC61,AC64,AC67,AC69)) -> 2 | AD113: =SUM(SUM(AD33,AD35,AD37,AD39,AD41,AD43,AD45,AD47,AD49,AD51,AD53,AD55,AD57,AD59,AD61,AD64,AD67,AD69)) -> 3 | AE113: =SUM(SUM(AE33,AE35,AE37,AE39,AE41,AE43,AE45,AE47,AE49,AE51,AE53,AE55,AE57,AE59,AE61,AE64,AE67,AE69)) -> 3 | AF113: =SUM(SUM(AF33,AF35,AF37,AF39,AF41,AF43,AF45,AF47,AF49,AF51,AF53,AF55,AF57,AF59,AF61,AF64,AF67,AF69)) -> 3 | AG113: =SUM(SUM(AG33,AG35,AG37,AG39,AG41,AG43,AG45,AG47,AG49,AG51,AG53,AG55,AG57,AG59,AG61,AG64,AG67,AG69)) -> 3 | AH113: =SUM(SUM(AH33,AH35,AH37,AH39,AH41,AM43,AH45,AH47,AH49,AH51,AH53,AH55,AH57,AH59,AH61,AH64,AH67,AH69)) -> 3 | AI113: =SUM(SUM(AI33,AI35,AI37,AI39,AI41,AI43,AI45,AI47,AI49,AI51,AI53,AI55,AI57,AI59,AI61,AI64,AI67,AI69)) -> 2 | AK113: =SUM(SUM(AK33,AK35,AK37,AK39,AK41,AK43,AK45,AK47,AK49,AK51,AK53,AK55,AK57,AK59,AK61,AK64,AK67,AK69)) -> 2 | AL113: =SUM(SUM(AL33,AL35,AL37,AL39,AL41,AL43,AL45,AL47,AL49,AL51,AL53,AL55,AL57,AL59,AL61,AL64,AL67,AL69)) -> 3 | AM113: =SUM(SUM(AM33,AM35,AM37,AM39,AM41,AM43,AM45,AM47,AM49,AM51,AM53,AM55,AM57,AM59,AM61,AM64,AM67,AM69)) -> 3 | AN113: =SUM(SUM(AN33,AN35,AN37,AN39,AN41,AN43,AN45,AN47,AN49,AN51,AN53,AN55,AN57,AN59,AN61,AN64,AN67,AN69)) -> 3 | AO113: =SUM(SUM(AO33,AO35,AO37,AO39,AO41,AO43,AO45,AO47,AO49,AO51,AO53,AO55,AO57,AO59,AO61,AO64,AO67,AO69)) -> 3 | AP113: =SUM(SUM(AP33,AP35,AP37,AP39,AP41,AP43,AP45,AP47,AP49,AP51,AP53,AP55,AP57,AP59,AP61,AP64,AP67,AP69)) -> 3 | AQ113: =SUM(SUM(AQ33,AQ35,AQ37,AQ39,AQ41,AQ43,AQ45,AQ47,AQ49,AQ51,AQ53,AQ55,AQ57,AQ59,AQ61,AQ64,AQ67,AQ69)) -> 2 | AS113: =SUM(SUM(AS33,AS35,AS37,AS39,AS41,AS43,AS45,AS47,AS49,AS51,AS53,AS55,AS57,AS59,AS61,AS64,AS67,AS69)) -> 2 | AT113: =SUM(SUM(AT33,AT35,AT37,AT39,AT41,AT43,AT45,AT47,AT49,AT51,AT53,AT55,AT57,AT59,AT61,AT64,AT67,AT69)) -> 3 | AU113: =SUM(SUM(AU33,AU35,AU37,AU39,AU41,AU43,AU45,AU47,AU49,AU51,AU53,AU55,AU57,AU59,AU61,AU64,AU67,AU69)) -> 3 | AV113: =SUM(SUM(AV33,AV35,AV37,AV39,AV41,AV43,AV45,AV47,AV49,AV51,AV53,AV55,AV57,AV59,AV61,AV64,AV67,AV69)) -> 3 | AW113: =SUM(SUM(AW33,AW35,AW37,AW39,AW41,AW43,AW45,AW47,AW49,AW51,AW53,AW55,AW57,AW59,AW61,AW64,AW67,AW69)) -> 3 | AX113: =SUM(SUM(AX33,AX35,AX37,AX39,AX41,AX43,AX45,AX47,AX49,AX51,AX53,AX55,AX57,AX59,AX61,AX64,AX67,AX69)) -> 3 | AY113: =SUM(SUM(AY33,AY35,AY37,AY39,AY41,AY43,AY45,AY47,AY49,AY51,AY53,AY55,AY57,AY59,AY61,AY64,AY67,AY69)) -> 2 | BA113: =SUM(SUM(BA33,BA35,BA37,BA39,BA41,BA43,BA45,BA47,BA49,BA51,BA53,BA55,BA57,BA59,BA61,BA64,BA67,BA69)) -> 2 | BB113: =SUM(SUM(BB33,BB35,BB37,BB39,BB41,BB43,BB45,BB47,BB49,BB51,BB53,BB55,BB57,BB59,BB61,BB64,BB67,BB69)) -> 3 | BC113: =SUM(SUM(BC33,BC35,BC37,BC39,BC41,BC43,BC45,BC47,BC49,BC51,BC53,BC55,BC57,BC59,BC61,BC64,BC67,BC69)) -> 3 | BD113: =SUM(SUM(BD33,BD35,BD37,BD39,BD41,BD43,BD45,BD47,BD49,BD51,BD53,BD55,BD57,BD59,BD61,BD64,BD67,BD69)) -> 3 | BE113: =SUM(SUM(BE33,BE35,BE37,BE39,BE41,BE43,BE45,BE47,BE49,BE51,BE53,BE55,BE57,BE59,BE61,BE64,BE67,BE69)) -> 3 | BF113: =SUM(SUM(BF33,BF35,BF37,BF39,BF41,BF43,BF45,BF47,BF49,BF51,BF53,BF55,BF57,BF59,BF61,BF64,BF67,BF69)) -> 3 | BG113: =SUM(SUM(BG33,BG35,BG37,BG39,BG41,BG43,BG45,BG47,BG49,BG51,BG53,BG55,BG57,BG59,BG61,BG64,BG67,BG69)) -> 2 | BL113: Hours | BM113: Hours | BN113: Saved | BO113: Saved | BP113: FTE | BQ113: Saved | BR113: Per Hour | BS113: Pay Period | BT113: Savings | BU113: Pay Period
D114: Under | H114: 3p-7:30p | M114: =SUM(SUM(M33,M35,M37,M39,M41,M43,M45,M47,M49,M51,M53,M55,M57,M59,M61,M64,M67,M69)) -> 2 | N114: =SUM(SUM(N33,N35,N37,N39,N41,N43,N45,N47,N49,N51,N53,N55,N57,N59,N61,N64,N67,N69)) -> 3 | O114: =SUM(SUM(O33,O35,O37,O39,O41,O43,O45,O47,O49,O51,O53,O55,O57,O59,O61,O64,O67,O69)) -> 3 | P114: =SUM(SUM(P33,P35,P37,P39,P41,P43,P45,P47,P49,P51,P53,P55,P57,P59,P61,P64,P67,P69)) -> 3 | Q114: =SUM(SUM(Q33,Q35,Q37,Q39,Q41,Q43,Q45,Q47,Q49,Q51,Q53,Q55,Q57,Q59,Q61,Q64,Q67,Q69)) -> 3 | R114: =SUM(SUM(R33,R35,R37,R39,R41,R43,R45,R47,R49,R51,R53,R55,R57,R59,R61,R64,R67,R69)) -> 3 | S114: =SUM(SUM(S33,S35,S37,S39,S41,S43,S45,S47,S49,S51,S53,S55,S57,S59,S61,S64,S67,S69)) -> 2 | U114: =SUM(SUM(U33,U35,U37,U39,U41,U43,U45,U47,U49,U51,U53,U55,U57,U59,U61,U64,U67,U69)) -> 2 | V114: =SUM(SUM(V33,V35,V37,V39,V41,V43,V45,V47,V49,V51,V53,V55,V57,V59,V61,V64,V67,V69)) -> 3 | W114: =SUM(SUM(W33,W35,W37,W39,W41,W43,W45,W47,W49,W51,W53,W55,W57,W59,W61,W64,W67,W69)) -> 3 | X114: =SUM(SUM(X33,X35,X37,X39,X41,X43,X45,X47,X49,X51,X53,X55,X57,X59,X61,X64,X67,X69)) -> 3 | Y114: =SUM(SUM(Y33,Y35,Y37,Y39,Y41,Y43,Y45,Y47,Y49,Y51,Y53,Y55,Y57,Y59,Y61,Y64,Y67,Y69)) -> 3 | Z114: =SUM(SUM(Z33,Z35,Z37,Z39,Z41,Z43,Z45,Z47,Z49,Z51,Z53,Z55,Z57,Z59,Z61,Z64,Z67,Z69)) -> 3 | AA114: =SUM(SUM(AA33,AA35,AA37,AA39,AA41,AA43,AA45,AA47,AA49,AA51,AA53,AA55,AA57,AA59,AA61,AA64,AA67,AA69)) -> 2 | AC114: =SUM(SUM(AC33,AC35,AC37,AC39,AC41,AC43,AC45,AC47,AC49,AC51,AC53,AC55,AC57,AC59,AC61,AC64,AC67,AC69)) -> 2 | AD114: =SUM(SUM(AD33,AD35,AD37,AD39,AD41,AD43,AD45,AD47,AD49,AD51,AD53,AD55,AD57,AD59,AD61,AD64,AD67,AD69)) -> 3 | AE114: =SUM(SUM(AE33,AE35,AE37,AE39,AE41,AE43,AE45,AE47,AE49,AE51,AE53,AE55,AE57,AE59,AE61,AE64,AE67,AE69)) -> 3 | AF114: =SUM(SUM(AF33,AF35,AF37,AF39,AF41,AF43,AF45,AF47,AF49,AF51,AF53,AF55,AF57,AF59,AF61,AF64,AF67,AF69)) -> 3 | AG114: =SUM(SUM(AG33,AG35,AG37,AG39,AG41,AG43,AG45,AG47,AG49,AG51,AG53,AG55,AG57,AG59,AG61,AG64,AG67,AG69)) -> 3 | AH114: =SUM(SUM(AH33,AH35,AH37,AH39,AH41,AM43,AH45,AH47,AH49,AH51,AH53,AH55,AH57,AH59,AH61,AH64,AH67,AH69)) -> 3 | AI114: =SUM(SUM(AI33,AI35,AI37,AI39,AI41,AI43,AI45,AI47,AI49,AI51,AI53,AI55,AI57,AI59,AI61,AI64,AI67,AI69)) -> 2 | AK114: =SUM(SUM(AK33,AK35,AK37,AK39,AK41,AK43,AK45,AK47,AK49,AK51,AK53,AK55,AK57,AK59,AK61,AK64,AK67,AK69)) -> 2 | AL114: =SUM(SUM(AL33,AL35,AL37,AL39,AL41,AL43,AL45,AL47,AL49,AL51,AL53,AL55,AL57,AL59,AL61,AL64,AL67,AL69)) -> 3 | AM114: =SUM(SUM(AM33,AM35,AM37,AM39,AM41,AM43,AM45,AM47,AM49,AM51,AM53,AM55,AM57,AM59,AM61,AM64,AM67,AM69)) -> 3 | AN114: =SUM(SUM(AN33,AN35,AN37,AN39,AN41,AN43,AN45,AN47,AN49,AN51,AN53,AN55,AN57,AN59,AN61,AN64,AN67,AN69)) -> 3 | AO114: =SUM(SUM(AO33,AO35,AO37,AO39,AO41,AO43,AO45,AO47,AO49,AO51,AO53,AO55,AO57,AO59,AO61,AO64,AO67,AO69)) -> 3 | AP114: =SUM(SUM(AP33,AP35,AP37,AP39,AP41,AP43,AP45,AP47,AP49,AP51,AP53,AP55,AP57,AP59,AP61,AP64,AP67,AP69)) -> 3 | AQ114: =SUM(SUM(AQ33,AQ35,AQ37,AQ39,AQ41,AQ43,AQ45,AQ47,AQ49,AQ51,AQ53,AQ55,AQ57,AQ59,AQ61,AQ64,AQ67,AQ69)) -> 2 | AS114: =SUM(SUM(AS33,AS35,AS37,AS39,AS41,AS43,AS45,AS47,AS49,AS51,AS53,AS55,AS57,AS59,AS61,AS64,AS67,AS69)) -> 2 | AT114: =SUM(SUM(AT33,AT35,AT37,AT39,AT41,AT43,AT45,AT47,AT49,AT51,AT53,AT55,AT57,AT59,AT61,AT64,AT67,AT69)) -> 3 | AU114: =SUM(SUM(AU33,AU35,AU37,AU39,AU41,AU43,AU45,AU47,AU49,AU51,AU53,AU55,AU57,AU59,AU61,AU64,AU67,AU69)) -> 3 | AV114: =SUM(SUM(AV33,AV35,AV37,AV39,AV41,AV43,AV45,AV47,AV49,AV51,AV53,AV55,AV57,AV59,AV61,AV64,AV67,AV69)) -> 3 | AW114: =SUM(SUM(AW33,AW35,AW37,AW39,AW41,AW43,AW45,AW47,AW49,AW51,AW53,AW55,AW57,AW59,AW61,AW64,AW67,AW69)) -> 3 | AX114: =SUM(SUM(AX33,AX35,AX37,AX39,AX41,AX43,AX45,AX47,AX49,AX51,AX53,AX55,AX57,AX59,AX61,AX64,AX67,AX69)) -> 3 | AY114: =SUM(SUM(AY33,AY35,AY37,AY39,AY41,AY43,AY45,AY47,AY49,AY51,AY53,AY55,AY57,AY59,AY61,AY64,AY67,AY69)) -> 2 | BA114: =SUM(SUM(BA33,BA35,BA37,BA39,BA41,BA43,BA45,BA47,BA49,BA51,BA53,BA55,BA57,BA59,BA61,BA64,BA67,BA69)) -> 2 | BB114: =SUM(SUM(BB33,BB35,BB37,BB39,BB41,BB43,BB45,BB47,BB49,BB51,BB53,BB55,BB57,BB59,BB61,BB64,BB67,BB69)) -> 3 | BC114: =SUM(SUM(BC33,BC35,BC37,BC39,BC41,BC43,BC45,BC47,BC49,BC51,BC53,BC55,BC57,BC59,BC61,BC64,BC67,BC69)) -> 3 | BD114: =SUM(SUM(BD33,BD35,BD37,BD39,BD41,BD43,BD45,BD47,BD49,BD51,BD53,BD55,BD57,BD59,BD61,BD64,BD67,BD69)) -> 3 | BE114: =SUM(SUM(BE33,BE35,BE37,BE39,BE41,BE43,BE45,BE47,BE49,BE51,BE53,BE55,BE57,BE59,BE61,BE64,BE67,BE69)) -> 3 | BF114: =SUM(SUM(BF33,BF35,BF37,BF39,BF41,BF43,BF45,BF47,BF49,BF51,BF53,BF55,BF57,BF59,BF61,BF64,BF67,BF69)) -> 3 | BG114: =SUM(SUM(BG33,BG35,BG37,BG39,BG41,BG43,BG45,BG47,BG49,BG51,BG53,BG55,BG57,BG59,BG61,BG64,BG67,BG69)) -> 2
H115: 7p-11:30p | M115: =SUM(SUM(M67,M69,M79,M81,M83,M85,M87,M89,M91,M93,M95,M97,M99,M101)) -> 2 | N115: =SUM(SUM(N67,N69,N79,N81,N83,N85,N87,N89,N91,N93,N95,N97,N99,N101)) -> 2 | O115: =SUM(SUM(O67,O69,O79,O81,O83,O85,O87,O89,O91,O93,O95,O97,O99,O101)) -> 2 | P115: =SUM(SUM(P67,P69,P79,P81,P83,P85,P87,P89,P91,P93,P95,P97,P99,P101)) -> 2 | Q115: =SUM(SUM(Q67,Q69,Q79,Q81,Q83,Q85,Q87,Q89,Q91,Q93,Q95,Q97,Q99,Q101)) -> 2 | R115: =SUM(SUM(R67,R69,R79,R81,R83,R85,R87,R89,R91,R93,R95,R97,R99,R101)) -> 2 | S115: =SUM(SUM(S67,S69,S79,S81,S83,S85,S87,S89,S91,S93,S95,S97,S99,S101)) -> 2 | U115: =SUM(SUM(U67,U69,U79,U81,U83,U85,U87,U89,U91,U93,U95,U97,U99,U101)) -> 2 | V115: =SUM(SUM(V67,V69,V79,V81,V83,V85,V87,V89,V91,V93,V95,V97,V99,V101)) -> 2 | W115: =SUM(SUM(W67,W69,W79,W81,W83,W85,W87,W89,W91,W93,W95,W97,W99,W101)) -> 2 | X115: =SUM(SUM(X67,X69,X79,X81,X83,X85,X87,X89,X91,X93,X95,X97,X99,X101)) -> 2 | Y115: =SUM(SUM(Y67,Y69,Y79,Y81,Y83,Y85,Y87,Y89,Y91,Y93,Y95,Y97,Y99,Y101)) -> 2 | Z115: =SUM(SUM(Z67,Z69,Z79,Z81,Z83,Z85,Z87,Z89,Z91,Z93,Z95,Z97,Z99,Z101)) -> 2 | AA115: =SUM(SUM(AA67,AA69,AA79,AA81,AA83,AA85,AA87,AA89,AA91,AA93,AA95,AA97,AA99,AA101)) -> 2 | AC115: =SUM(SUM(AC67,AC69,AC79,AC81,AC83,AC85,AC87,AC89,AC91,AC93,AC95,AC97,AC99,AC101)) -> 2 | AD115: =SUM(SUM(AD67,AD69,AD79,AD81,AD83,AD85,AD87,AD89,AD91,AD93,AD95,AD97,AD99,AD101)) -> 2 | AE115: =SUM(SUM(AE67,AE69,AE79,AE81,AE83,AE85,AE87,AE89,AE91,AE93,AE95,AE97,AE99,AE101)) -> 2 | AF115: =SUM(SUM(AF67,AF69,AF79,AF81,AF83,AF85,AF87,AF89,AF91,AF93,AF95,AF97,AF99,AF101)) -> 2 | AG115: =SUM(SUM(AG67,AG69,AG79,AG81,AG83,AG85,AG87,AG89,AG91,AG93,AG95,AG97,AG99,AG101)) -> 2 | AH115: =SUM(SUM(AH67,AH69,AH79,AH81,AH83,AH85,AH87,AH89,AH91,AH93,AH95,AH97,AH99,AH101)) -> 2 | AI115: =SUM(SUM(AI67,AI69,AI79,AI81,AI83,AI85,AI87,AI89,AI91,AI93,AI95,AI97,AI99,AI101)) -> 2 | AK115: =SUM(SUM(AK67,AK69,AK79,AK81,AK83,AK85,AK87,AK89,AK91,AK93,AK95,AK97,AK99,AK101)) -> 2 | AL115: =SUM(SUM(AL67,AL69,AL79,AL81,AL83,AL85,AL87,AL89,AL91,AL93,AL95,AL97,AL99,AL101)) -> 2 | AM115: =SUM(SUM(AM67,AM69,AM79,AM81,AM83,AM85,AM87,AM89,AM91,AM93,AM95,AM97,AM99,AM101)) -> 2 | AN115: =SUM(SUM(AN67,AN69,AN79,AN81,AN83,AN85,AN87,AN89,AN91,AN93,AN95,AN97,AN99,AN101)) -> 2 | AO115: =SUM(SUM(AO67,AO69,AO79,AO81,AO83,AO85,AO87,AO89,AO91,AO93,AO95,AO97,AO99,AO101)) -> 2 | AP115: =SUM(SUM(AP67,AP69,AP79,AP81,AP83,AP85,AP87,AP89,AP91,AP93,AP95,AP97,AP99,AP101)) -> 2 | AQ115: =SUM(SUM(AQ67,AQ69,AQ79,AQ81,AQ83,AQ85,AQ87,AQ89,AQ91,AQ93,AQ95,AQ97,AQ99,AQ101)) -> 2 | AS115: =SUM(SUM(AS67,AS69,AS79,AS81,AS83,AS85,AS87,AS89,AS91,AS93,AS95,AS97,AS99,AS101)) -> 2 | AT115: =SUM(SUM(AT67,AT69,AT79,AT81,AT83,AT85,AT87,AT89,AT91,AT93,AT95,AT97,AT99,AT101)) -> 2 | AU115: =SUM(SUM(AU67,AU69,AU79,AU81,AU83,AU85,AU87,AU89,AU91,AU93,AU95,AU97,AU99,AU101)) -> 2 | AV115: =SUM(SUM(AV67,AV69,AV79,AV81,AV83,AV85,AV87,AV89,AV91,AV93,AV95,AV97,AV99,AV101)) -> 2 | AW115: =SUM(SUM(AW67,AW69,AW79,AW81,AW83,AW85,AW87,AW89,AW91,AW93,AW95,AW97,AW99,AW101)) -> 2 | AX115: =SUM(SUM(AX67,AX69,AX79,AX81,AX83,AX85,AX87,AX89,AX91,AX93,AX95,AX97,AX99,AX101)) -> 2 | AY115: =SUM(SUM(AY67,AY69,AY79,AY81,AY83,AY85,AY87,AY89,AY91,AY93,AY95,AY97,AY99,AY101)) -> 2 | BA115: =SUM(SUM(BA67,BA69,BA79,BA81,BA83,BA85,BA87,BA89,BA91,BA93,BA95,BA97,BA99,BA101)) -> 2 | BB115: =SUM(SUM(BB67,BB69,BB79,BB81,BB83,BB85,BB87,BB89,BB91,BB93,BB95,BB97,BB99,BB101)) -> 2 | BC115: =SUM(SUM(BC67,BC69,BC79,BC81,BC83,BC85,BC87,BC89,BC91,BC93,BC95,BC97,BC99,BC101)) -> 2 | BD115: =SUM(SUM(BD67,BD69,BD79,BD81,BD83,BD85,BD87,BD89,BD91,BD93,BD95,BD97,BD99,BD101)) -> 2 | BE115: =SUM(SUM(BE67,BE69,BE79,BE81,BE83,BE85,BE87,BE89,BE91,BE93,BE95,BE97,BE99,BE101)) -> 2 | BF115: =SUM(SUM(BF67,BF69,BF79,BF81,BF83,BF85,BF87,BF89,BF91,BF93,BF95,BF97,BF99,BF101)) -> 2 | BG115: =SUM(SUM(BG67,BG69,BG79,BG81,BG83,BG85,BG87,BG89,BG91,BG93,BG95,BG97,BG99,BG101)) -> 2
H116: 11p-3:30a | M116: =SUM(SUM(M79,M81,M83,M85,M87,M89,M91,M93,M95,M97,M99,M101,M104,M106)) -> 2 | N116: =SUM(SUM(N79,N81,N83,N85,N87,N89,N91,N93,N95,N97,N99,N101,N104,N106)) -> 2 | O116: =SUM(SUM(O79,O81,O83,O85,O87,O89,O91,O93,O95,O97,O99,O101,O104,O106)) -> 2 | P116: =SUM(SUM(P79,P81,P83,P85,P87,P89,P91,P93,P95,P97,P99,P101,P104,P106)) -> 2 | Q116: =SUM(SUM(Q79,Q81,Q83,Q85,Q87,Q89,Q91,Q93,Q95,Q97,Q99,Q101,Q104,Q106)) -> 2 | R116: =SUM(SUM(R79,R81,R83,R85,R87,R89,R91,R93,R95,R97,R99,R101,R104,R106)) -> 2 | S116: =SUM(SUM(S79,S81,S83,S85,S87,S89,S91,S93,S95,S97,S99,S101,S104,S106)) -> 2 | U116: =SUM(SUM(U79,U81,U83,U85,U87,U89,U91,U93,U95,U97,U99,U101,U104,U106)) -> 2 | V116: =SUM(SUM(V79,V81,V83,V85,V87,V89,V91,V93,V95,V97,V99,V101,V104,V106)) -> 2 | W116: =SUM(SUM(W79,W81,W83,W85,W87,W89,W91,W93,W95,W97,W99,W101,W104,W106)) -> 2 | X116: =SUM(SUM(X79,X81,X83,X85,X87,X89,X91,X93,X95,X97,X99,X101,X104,X106)) -> 2 | Y116: =SUM(SUM(Y79,Y81,Y83,Y85,Y87,Y89,Y91,Y93,Y95,Y97,Y99,Y101,Y104,Y106)) -> 2 | Z116: =SUM(SUM(Z79,Z81,Z83,Z85,Z87,Z89,Z91,Z93,Z95,Z97,Z99,Z101,Z104,Z106)) -> 2 | AA116: =SUM(SUM(AA79,AA81,AA83,AA85,AA87,AA89,AA91,AA93,AA95,AA97,AA99,AA101,AA104,AA106)) -> 2 | AC116: =SUM(SUM(AC79,AC81,AC83,AC85,AC87,AC89,AC91,AC93,AC95,AC97,AC99,AC101,AC104,AC106)) -> 2 | AD116: =SUM(SUM(AD79,AD81,AD83,AD85,AD87,AD89,AD91,AD93,AD95,AD97,AD99,AD101,AD104,AD106)) -> 2 | AE116: =SUM(SUM(AE79,AE81,AE83,AE85,AE87,AE89,AE91,AE93,AE95,AE97,AE99,AE101,AE104,AE106)) -> 2 | AF116: =SUM(SUM(AF79,AF81,AF83,AF85,AF87,AF89,AF91,AF93,AF95,AF97,AF99,AF101,AF104,AF106)) -> 2 | AG116: =SUM(SUM(AG79,AG81,AG83,AG85,AG87,AG89,AG91,AG93,AG95,AG97,AG99,AG101,AG104,AG106)) -> 2 | AH116: =SUM(SUM(AH79,AH81,AH83,AH85,AH87,AH89,AH91,AH93,AH95,AH97,AH99,AH101,AH104,AH106)) -> 2 | AI116: =SUM(SUM(AI79,AI81,AI83,AI85,AI87,AI89,AI91,AI93,AI95,AI97,AI99,AI101,AI104,AI106)) -> 2 | AK116: =SUM(SUM(AK79,AK81,AK83,AK85,AK87,AK89,AK91,AK93,AK95,AK97,AK99,AK101,AK104,AK106)) -> 2 | AL116: =SUM(SUM(AL79,AL81,AL83,AL85,AL87,AL89,AL91,AL93,AL95,AL97,AL99,AL101,AL104,AL106)) -> 2 | AM116: =SUM(SUM(AM79,AM81,AM83,AM85,AM87,AM89,AM91,AM93,AM95,AM97,AM99,AM101,AM104,AM106)) -> 2 | AN116: =SUM(SUM(AN79,AN81,AN83,AN85,AN87,AN89,AN91,AN93,AN95,AN97,AN99,AN101,AN104,AN106)) -> 2 | AO116: =SUM(SUM(AO79,AO81,AO83,AO85,AO87,AO89,AO91,AO93,AO95,AO97,AO99,AO101,AO104,AO106)) -> 2 | AP116: =SUM(SUM(AP79,AP81,AP83,AP85,AP87,AP89,AP91,AP93,AP95,AP97,AP99,AP101,AP104,AP106)) -> 2 | AQ116: =SUM(SUM(AQ79,AQ81,AQ83,AQ85,AQ87,AQ89,AQ91,AQ93,AQ95,AQ97,AQ99,AQ101,AQ104,AQ106)) -> 2 | AS116: =SUM(SUM(AS79,AS81,AS83,AS85,AS87,AS89,AS91,AS93,AS95,AS97,AS99,AS101,AS104,AS106)) -> 2 | AT116: =SUM(SUM(AT79,AT81,AT83,AT85,AT87,AT89,AT91,AT93,AT95,AT97,AT99,AT101,AT104,AT106)) -> 2 | AU116: =SUM(SUM(AU79,AU81,AU83,AU85,AU87,AU89,AU91,AU93,AU95,AU97,AU99,AU101,AU104,AU106)) -> 2 | AV116: =SUM(SUM(AV79,AV81,AV83,AV85,AV87,AV89,AV91,AV93,AV95,AV97,AV99,AV101,AV104,AV106)) -> 2 | AW116: =SUM(SUM(AW79,AW81,AW83,AW85,AW87,AW89,AW91,AW93,AW95,AW97,AW99,AW101,AW104,AW106)) -> 2 | AX116: =SUM(SUM(AX79,AX81,AX83,AX85,AX87,AX89,AX91,AX93,AX95,AX97,AX99,AX101,AX104,AX106)) -> 2 | AY116: =SUM(SUM(AY79,AY81,AY83,AY85,AY87,AY89,AY91,AY93,AY95,AY97,AY99,AY101,AY104,AY106)) -> 2 | BA116: =SUM(SUM(BA79,BA81,BA83,BA85,BA87,BA89,BA91,BA93,BA95,BA97,BA99,BA101,BA104,BA106)) -> 2 | BB116: =SUM(SUM(BB79,BB81,BB83,BB85,BB87,BB89,BB91,BB93,BB95,BB97,BB99,BB101,BB104,BB106)) -> 2 | BC116: =SUM(SUM(BC79,BC81,BC83,BC85,BC87,BC89,BC91,BC93,BC95,BC97,BC99,BC101,BC104,BC106)) -> 2 | BD116: =SUM(SUM(BD79,BD81,BD83,BD85,BD87,BD89,BD91,BD93,BD95,BD97,BD99,BD101,BD104,BD106)) -> 2 | BE116: =SUM(SUM(BE79,BE81,BE83,BE85,BE87,BE89,BE91,BE93,BE95,BE97,BE99,BE101,BE104,BE106)) -> 2 | BF116: =SUM(SUM(BF79,BF81,BF83,BF85,BF87,BF89,BF91,BF93,BF95,BF97,BF99,BF101,BF104,BF106)) -> 2 | BG116: =SUM(SUM(BG79,BG81,BG83,BG85,BG87,BG89,BG91,BG93,BG95,BG97,BG99,BG101,BG104,BG106)) -> 2
H117: 3a-7:30a | M117: =SUM(SUM(M79,M81,M83,M85,M87,M89,M91,M93,M95,M97,M99,M101,M104,M106)) -> 2 | N117: =SUM(SUM(N79,N81,N83,N85,N87,N89,N91,N93,N95,N97,N99,N101,N104,N106)) -> 2 | O117: =SUM(SUM(O79,O81,O83,O85,O87,O89,O91,O93,O95,O97,O99,O101,O104,O106)) -> 2 | P117: =SUM(SUM(P79,P81,P83,P85,P87,P89,P91,P93,P95,P97,P99,P101,P104,P106)) -> 2 | Q117: =SUM(SUM(Q79,Q81,Q83,Q85,Q87,Q89,Q91,Q93,Q95,Q97,Q99,Q101,Q104,Q106)) -> 2 | R117: =SUM(SUM(R79,R81,R83,R85,R87,R89,R91,R93,R95,R97,R99,R101,R104,R106)) -> 2 | S117: =SUM(SUM(S79,S81,S83,S85,S87,S89,S91,S93,S95,S97,S99,S101,S104,S106)) -> 2 | U117: =SUM(SUM(U79,U81,U83,U85,U87,U89,U91,U93,U95,U97,U99,U101,U104,U106)) -> 2 | V117: =SUM(SUM(V79,V81,V83,V85,V87,V89,V91,V93,V95,V97,V99,V101,V104,V106)) -> 2 | W117: =SUM(SUM(W79,W81,W83,W85,W87,W89,W91,W93,W95,W97,W99,W101,W104,W106)) -> 2 | X117: =SUM(SUM(X79,X81,X83,X85,X87,X89,X91,X93,X95,X97,X99,X101,X104,X106)) -> 2 | Y117: =SUM(SUM(Y79,Y81,Y83,Y85,Y87,Y89,Y91,Y93,Y95,Y97,Y99,Y101,Y104,Y106)) -> 2 | Z117: =SUM(SUM(Z79,Z81,Z83,Z85,Z87,Z89,Z91,Z93,Z95,Z97,Z99,Z101,Z104,Z106)) -> 2 | AA117: =SUM(SUM(AA79,AA81,AA83,AA85,AA87,AA89,AA91,AA93,AA95,AA97,AA99,AA101,AA104,AA106)) -> 2 | AC117: =SUM(SUM(AC79,AC81,AC83,AC85,AC87,AC89,AC91,AC93,AC95,AC97,AC99,AC101,AC104,AC106)) -> 2 | AD117: =SUM(SUM(AD79,AD81,AD83,AD85,AD87,AD89,AD91,AD93,AD95,AD97,AD99,AD101,AD104,AD106)) -> 2 | AE117: =SUM(SUM(AE79,AE81,AE83,AE85,AE87,AE89,AE91,AE93,AE95,AE97,AE99,AE101,AE104,AE106)) -> 2 | AF117: =SUM(SUM(AF79,AF81,AF83,AF85,AF87,AF89,AF91,AF93,AF95,AF97,AF99,AF101,AF104,AF106)) -> 2 | AG117: =SUM(SUM(AG79,AG81,AG83,AG85,AG87,AG89,AG91,AG93,AG95,AG97,AG99,AG101,AG104,AG106)) -> 2 | AH117: =SUM(SUM(AH79,AH81,AH83,AH85,AH87,AH89,AH91,AH93,AH95,AH97,AH99,AH101,AH104,AH106)) -> 2 | AI117: =SUM(SUM(AI79,AI81,AI83,AI85,AI87,AI89,AI91,AI93,AI95,AI97,AI99,AI101,AI104,AI106)) -> 2 | AK117: =SUM(SUM(AK79,AK81,AK83,AK85,AK87,AK89,AK91,AK93,AK95,AK97,AK99,AK101,AK104,AK106)) -> 2 | AL117: =SUM(SUM(AL79,AL81,AL83,AL85,AL87,AL89,AL91,AL93,AL95,AL97,AL99,AL101,AL104,AL106)) -> 2 | AM117: =SUM(SUM(AM79,AM81,AM83,AM85,AM87,AM89,AM91,AM93,AM95,AM97,AM99,AM101,AM104,AM106)) -> 2 | AN117: =SUM(SUM(AN79,AN81,AN83,AN85,AN87,AN89,AN91,AN93,AN95,AN97,AN99,AN101,AN104,AN106)) -> 2 | AO117: =SUM(SUM(AO79,AO81,AO83,AO85,AO87,AO89,AO91,AO93,AO95,AO97,AO99,AO101,AO104,AO106)) -> 2 | AP117: =SUM(SUM(AP79,AP81,AP83,AP85,AP87,AP89,AP91,AP93,AP95,AP97,AP99,AP101,AP104,AP106)) -> 2 | AQ117: =SUM(SUM(AQ79,AQ81,AQ83,AQ85,AQ87,AQ89,AQ91,AQ93,AQ95,AQ97,AQ99,AQ101,AQ104,AQ106)) -> 2 | AS117: =SUM(SUM(AS79,AS81,AS83,AS85,AS87,AS89,AS91,AS93,AS95,AS97,AS99,AS101,AS104,AS106)) -> 2 | AT117: =SUM(SUM(AT79,AT81,AT83,AT85,AT87,AT89,AT91,AT93,AT95,AT97,AT99,AT101,AT104,AT106)) -> 2 | AU117: =SUM(SUM(AU79,AU81,AU83,AU85,AU87,AU89,AU91,AU93,AU95,AU97,AU99,AU101,AU104,AU106)) -> 2 | AV117: =SUM(SUM(AV79,AV81,AV83,AV85,AV87,AV89,AV91,AV93,AV95,AV97,AV99,AV101,AV104,AV106)) -> 2 | AW117: =SUM(SUM(AW79,AW81,AW83,AW85,AW87,AW89,AW91,AW93,AW95,AW97,AW99,AW101,AW104,AW106)) -> 2 | AX117: =SUM(SUM(AX79,AX81,AX83,AX85,AX87,AX89,AX91,AX93,AX95,AX97,AX99,AX101,AX104,AX106)) -> 2 | AY117: =SUM(SUM(AY79,AY81,AY83,AY85,AY87,AY89,AY91,AY93,AY95,AY97,AY99,AY101,AY104,AY106)) -> 2 | BA117: =SUM(SUM(BA79,BA81,BA83,BA85,BA87,BA89,BA91,BA93,BA95,BA97,BA99,BA101,BA104,BA106)) -> 2 | BB117: =SUM(SUM(BB79,BB81,BB83,BB85,BB87,BB89,BB91,BB93,BB95,BB97,BB99,BB101,BB104,BB106)) -> 2 | BC117: =SUM(SUM(BC79,BC81,BC83,BC85,BC87,BC89,BC91,BC93,BC95,BC97,BC99,BC101,BC104,BC106)) -> 2 | BD117: =SUM(SUM(BD79,BD81,BD83,BD85,BD87,BD89,BD91,BD93,BD95,BD97,BD99,BD101,BD104,BD106)) -> 2 | BE117: =SUM(SUM(BE79,BE81,BE83,BE85,BE87,BE89,BE91,BE93,BE95,BE97,BE99,BE101,BE104,BE106)) -> 2 | BF117: =SUM(SUM(BF79,BF81,BF83,BF85,BF87,BF89,BF91,BF93,BF95,BF97,BF99,BF101,BF104,BF106)) -> 2 | BG117: =SUM(SUM(BG79,BG81,BG83,BG85,BG87,BG89,BG91,BG93,BG95,BG97,BG99,BG101,BG104,BG106)) -> 2
F119: Actual Hours | H119: 7a-7:30p | M119: =M112*4+M113*4+M114*4 -> 24 | N119: =N112*4+N113*4+N114*4 -> 36 | O119: =O112*4+O113*4+O114*4 -> 36 | P119: =P112*4+P113*4+P114*4 -> 36 | Q119: =Q112*4+Q113*4+Q114*4 -> 36 | R119: =R112*4+R113*4+R114*4 -> 36 | S119: =S112*4+S113*4+S114*4 -> 24 | U119: =U112*4+U113*4+U114*4 -> 24 | V119: =V112*4+V113*4+V114*4 -> 36 | W119: =W112*4+W113*4+W114*4 -> 36 | X119: =X112*4+X113*4+X114*4 -> 36 | Y119: =Y112*4+Y113*4+Y114*4 -> 36 | Z119: =Z112*4+Z113*4+Z114*4 -> 36 | AA119: =AA112*4+AA113*4+AA114*4 -> 24 | AC119: =AC112*4+AC113*4+AC114*4 -> 24 | AD119: =AD112*4+AD113*4+AD114*4 -> 36 | AE119: =AE112*4+AE113*4+AE114*4 -> 36 | AF119: =AF112*4+AF113*4+AF114*4 -> 36 | AG119: =AG112*4+AG113*4+AG114*4 -> 36 | AH119: =AH112*4+AH113*4+AH114*4 -> 36 | AI119: =AI112*4+AI113*4+AI114*4 -> 24 | AK119: =AK112*4+AK113*4+AK114*4 -> 24 | AL119: =AL112*4+AL113*4+AL114*4 -> 36 | AM119: =AM112*4+AM113*4+AM114*4 -> 36 | AN119: =AN112*4+AN113*4+AN114*4 -> 36 | AO119: =AO112*4+AO113*4+AO114*4 -> 36 | AP119: =AP112*4+AP113*4+AP114*4 -> 36 | AQ119: =AQ112*4+AQ113*4+AQ114*4 -> 24 | AS119: =AS112*4+AS113*4+AS114*4 -> 24 | AT119: =AT112*4+AT113*4+AT114*4 -> 36 | AU119: =AU112*4+AU113*4+AU114*4 -> 36 | AV119: =AV112*4+AV113*4+AV114*4 -> 36 | AW119: =AW112*4+AW113*4+AW114*4 -> 36 | AX119: =AX112*4+AX113*4+AX114*4 -> 36 | AY119: =AY112*4+AY113*4+AY114*4 -> 24 | BA119: =BA112*4+BA113*4+BA114*4 -> 24 | BB119: =BB112*4+BB113*4+BB114*4 -> 36 | BC119: =BC112*4+BC113*4+BC114*4 -> 36 | BD119: =BD112*4+BD113*4+BD114*4 -> 36 | BE119: =BE112*4+BE113*4+BE114*4 -> 36 | BF119: =BF112*4+BF113*4+BF114*4 -> 36 | BG119: =BG112*4+BG113*4+BG114*4 -> 24
F121: Actual Hours | H121: 7p-7:30a | M121: =(M115+M116+M117)*4 -> 24 | N121: =(N115+N116+N117)*4 -> 24 | O121: =(O115+O116+O117)*4 -> 24 | P121: =(P115+P116+P117)*4 -> 24 | Q121: =(Q115+Q116+Q117)*4 -> 24 | R121: =(R115+R116+R117)*4 -> 24 | S121: =(S115+S116+S117)*4 -> 24 | U121: =(U115+U116+U117)*4 -> 24 | V121: =(V115+V116+V117)*4 -> 24 | W121: =(W115+W116+W117)*4 -> 24 | X121: =(X115+X116+X117)*4 -> 24 | Y121: =(Y115+Y116+Y117)*4 -> 24 | Z121: =(Z115+Z116+Z117)*4 -> 24 | AA121: =(AA115+AA116+AA117)*4 -> 24 | AC121: =(AC115+AC116+AC117)*4 -> 24 | AD121: =(AD115+AD116+AD117)*4 -> 24 | AE121: =(AE115+AE116+AE117)*4 -> 24 | AF121: =(AF115+AF116+AF117)*4 -> 24 | AG121: =(AG115+AG116+AG117)*4 -> 24 | AH121: =(AH115+AH116+AH117)*4 -> 24 | AI121: =(AI115+AI116+AI117)*4 -> 24 | AK121: =(AK115+AK116+AK117)*4 -> 24 | AL121: =(AL115+AL116+AL117)*4 -> 24 | AM121: =(AM115+AM116+AM117)*4 -> 24 | AN121: =(AN115+AN116+AN117)*4 -> 24 | AO121: =(AO115+AO116+AO117)*4 -> 24 | AP121: =(AP115+AP116+AP117)*4 -> 24 | AQ121: =(AQ115+AQ116+AQ117)*4 -> 24 | AS121: =(AS115+AS116+AS117)*4 -> 24 | AT121: =(AT115+AT116+AT117)*4 -> 24 | AU121: =(AU115+AU116+AU117)*4 -> 24 | AV121: =(AV115+AV116+AV117)*4 -> 24 | AW121: =(AW115+AW116+AW117)*4 -> 24 | AX121: =(AX115+AX116+AX117)*4 -> 24 | AY121: =(AY115+AY116+AY117)*4 -> 24 | BA121: =(BA115+BA116+BA117)*4 -> 24 | BB121: =(BB115+BB116+BB117)*4 -> 24 | BC121: =(BC115+BC116+BC117)*4 -> 24 | BD121: =(BD115+BD116+BD117)*4 -> 24 | BE121: =(BE115+BE116+BE117)*4 -> 24 | BF121: =(BF115+BF116+BF117)*4 -> 24 | BG121: =(BG115+BG116+BG117)*4 -> 24
F123: Patient Volume | H123: 7a-7:30p | M123: =Benchmark!$B$13 -> 24 | N123: =Benchmark!$D$13 -> 24 | O123: =Benchmark!$D$13 -> 24 | P123: =Benchmark!$D$13 -> 24 | Q123: =Benchmark!$D$13 -> 24 | R123: =Benchmark!$D$13 -> 24 | S123: =Benchmark!$B$13 -> 24 | U123: =Benchmark!$B$13 -> 24 | V123: =Benchmark!$D$13 -> 24 | W123: =Benchmark!$D$13 -> 24 | X123: =Benchmark!$D$13 -> 24 | Y123: =Benchmark!$D$13 -> 24 | Z123: =Benchmark!$D$13 -> 24 | AA123: =Benchmark!$B$13 -> 24 | AC123: =Benchmark!$B$13 -> 24 | AD123: =Benchmark!$D$13 -> 24 | AE123: =Benchmark!$D$13 -> 24 | AF123: =Benchmark!$D$13 -> 24 | AG123: =Benchmark!$D$13 -> 24 | AH123: =Benchmark!$D$13 -> 24 | AI123: =Benchmark!$B$13 -> 24 | AK123: =Benchmark!$B$13 -> 24 | AL123: =Benchmark!$D$13 -> 24 | AM123: =Benchmark!$D$13 -> 24 | AN123: =Benchmark!$D$13 -> 24 | AO123: =Benchmark!$D$13 -> 24 | AP123: =Benchmark!$D$13 -> 24 | AQ123: =Benchmark!$B$13 -> 24 | AS123: =Benchmark!$B$13 -> 24 | AT123: =Benchmark!$D$13 -> 24 | AU123: =Benchmark!$D$13 -> 24 | AV123: =Benchmark!$D$13 -> 24 | AW123: =Benchmark!$D$13 -> 24 | AX123: =Benchmark!$D$13 -> 24 | AY123: =Benchmark!$B$13 -> 24 | BA123: =Benchmark!$B$13 -> 24 | BB123: =Benchmark!$D$13 -> 24 | BC123: =Benchmark!$D$13 -> 24 | BD123: =Benchmark!$D$13 -> 24 | BE123: =Benchmark!$D$13 -> 24 | BF123: =Benchmark!$D$13 -> 24 | BG123: =Benchmark!$B$13 -> 24
B125: Productivity | F125: RT Hours/Patient | H125: 7a-7:30p | M125: =M119/M123 -> 1 | N125: =N119/N123 -> 1.5 | O125: =O119/O123 -> 1.5 | P125: =P119/P123 -> 1.5 | Q125: =Q119/Q123 -> 1.5 | R125: =R119/R123 -> 1.5 | S125: =S119/S123 -> 1 | U125: =U119/U123 -> 1 | V125: =V119/V123 -> 1.5 | W125: =W119/W123 -> 1.5 | X125: =X119/X123 -> 1.5 | Y125: =Y119/Y123 -> 1.5 | Z125: =Z119/Z123 -> 1.5 | AA125: =AA119/AA123 -> 1 | AC125: =AC119/AC123 -> 1 | AD125: =AD119/AD123 -> 1.5 | AE125: =AE119/AE123 -> 1.5 | AF125: =AF119/AF123 -> 1.5 | AG125: =AG119/AG123 -> 1.5 | AH125: =AH119/AH123 -> 1.5 | AI125: =AI119/AI123 -> 1 | AK125: =AK119/AK123 -> 1 | AL125: =AL119/AL123 -> 1.5 | AM125: =AM119/AM123 -> 1.5 | AN125: =AN119/AN123 -> 1.5 | AO125: =AO119/AO123 -> 1.5 | AP125: =AP119/AP123 -> 1.5 | AQ125: =AQ119/AQ123 -> 1 | AS125: =AS119/AS123 -> 1 | AT125: =AT119/AT123 -> 1.5 | AU125: =AU119/AU123 -> 1.5 | AV125: =AV119/AV123 -> 1.5 | AW125: =AW119/AW123 -> 1.5 | AX125: =AX119/AX123 -> 1.5 | AY125: =AY119/AY123 -> 1 | BA125: =BA119/BA123 -> 1 | BB125: =BB119/BB123 -> 1.5 | BC125: =BC119/BC123 -> 1.5 | BD125: =BD119/BD123 -> 1.5 | BE125: =BE119/BE123 -> 1.5 | BF125: =BF119/BF123 -> 1.5 | BG125: =BG119/BG123 -> 1
B127: Productivity | F127: RT Hours/Patient | H127: 7p-7:30a | M127: =((M115+M116+M117)*4)/M123 -> 1 | N127: =((N115+N116+N117)*4)/N123 -> 1 | O127: =((O115+O116+O117)*4)/O123 -> 1 | P127: =((P115+P116+P117)*4)/P123 -> 1 | Q127: =((Q115+Q116+Q117)*4)/Q123 -> 1 | R127: =((R115+R116+R117)*4)/R123 -> 1 | S127: =((S115+S116+S117)*4)/S123 -> 1 | U127: =((U115+U116+U117)*4)/U123 -> 1 | V127: =((V115+V116+V117)*4)/V123 -> 1 | W127: =((W115+W116+W117)*4)/W123 -> 1 | X127: =((X115+X116+X117)*4)/X123 -> 1 | Y127: =((Y115+Y116+Y117)*4)/Y123 -> 1 | Z127: =((Z115+Z116+Z117)*4)/Z123 -> 1 | AA127: =((AA115+AA116+AA117)*4)/AA123 -> 1 | AC127: =((AC115+AC116+AC117)*4)/AC123 -> 1 | AD127: =((AD115+AD116+AD117)*4)/AD123 -> 1 | AE127: =((AE115+AE116+AE117)*4)/AE123 -> 1 | AF127: =((AF115+AF116+AF117)*4)/AF123 -> 1 | AG127: =((AG115+AG116+AG117)*4)/AG123 -> 1 | AH127: =((AH115+AH116+AH117)*4)/AH123 -> 1 | AI127: =((AI115+AI116+AI117)*4)/AI123 -> 1 | AK127: =((AK115+AK116+AK117)*4)/AK123 -> 1 | AL127: =((AL115+AL116+AL117)*4)/AL123 -> 1 | AM127: =((AM115+AM116+AM117)*4)/AM123 -> 1 | AN127: =((AN115+AN116+AN117)*4)/AN123 -> 1 | AO127: =((AO115+AO116+AO117)*4)/AO123 -> 1 | AP127: =((AP115+AP116+AP117)*4)/AP123 -> 1 | AQ127: =((AQ115+AQ116+AQ117)*4)/AQ123 -> 1 | AS127: =((AS115+AS116+AS117)*4)/AS123 -> 1 | AT127: =((AT115+AT116+AT117)*4)/AT123 -> 1 | AU127: =((AU115+AU116+AU117)*4)/AU123 -> 1 | AV127: =((AV115+AV116+AV117)*4)/AV123 -> 1 | AW127: =((AW115+AW116+AW117)*4)/AW123 -> 1 | AX127: =((AX115+AX116+AX117)*4)/AX123 -> 1 | AY127: =((AY115+AY116+AY117)*4)/AY123 -> 1 | BA127: =((BA115+BA116+BA117)*4)/BA123 -> 1 | BB127: =((BB115+BB116+BB117)*4)/BB123 -> 1 | BC127: =((BC115+BC116+BC117)*4)/BC123 -> 1 | BD127: =((BD115+BD116+BD117)*4)/BD123 -> 1 | BE127: =((BE115+BE116+BE117)*4)/BE123 -> 1 | BF127: =((BF115+BF116+BF117)*4)/BF123 -> 1 | BG127: =((BG115+BG116+BG117)*4)/BG123 -> 1

Sheet Master Pay Period 1
AF7: Budgeted | AG7: Actual | AH7: FTE Over | AI7: Total | AJ7: Budgeted | AK7: Productive | AL7: Nonproductive | AM7: Sick | AN7: Hours Over | AO7: Overtime | AP7: Total | AQ7: Daily | AR7: RT Hours / | AS7: Savings | AT7: Annual
AF8: FTE | AG8: FTE | AH8: FTE Under | AI8: FTE | AJ8: Hours | AK8: Hours | AL8: Hours | AM8: Hours | AN8: Hours Under | AO8: Hours | AP8: Hours | AQ8: Census | AR8: Patient Day | AS8: Pay Period | AT8: Savings
AE10: Student Intern | AF10: =I72 -> 0 | AG10: =J72 -> 0 | AH10: =AF10-AG10 -> 0 | AI10: =AP10/80 -> 0 | AJ10: =AF10*80 -> 0 | AK10: =K72 -> 0 | AL10: =B72 -> 0 | AM10: =C72 -> 0 | AN10: =AJ10-(AK10-AL10-AM10) -> 0 | AO10: =L72 -> 0 | AP10: =AK10-(AL10+AM10) -> 0 | AS10: =AL72 -> 0 | AT10: =AM72 -> 0
F11: Wages/Pay | G11: OT/Pay
F12: =AD109 -> 25601.72 | G12: =AC109 -> 0 | AE12: Clinical Student | AF12: =I76+I74 -> 0 | AG12: =J76+J74 -> 0 | AH12: =AF12-AG12 -> 0 | AI12: =AP12/80 -> 0 | AJ12: =AF12*80 -> 0 | AK12: =K74+K76 -> 0 | AL12: =B74+B76 -> 0 | AM12: =C76+C74 -> 0 | AN12: =AJ12-(AK12-AL12-AM12) -> 0 | AO12: =SUM(L74,L76) -> 0 | AP12: =AK12-(AL12+AM12) -> 0 | AS12: =AL76+AL74 -> 0 | AT12: =AM76 -> 0
AE13: CRT | AF13: =SUM(I47+I101) -> 0 | AG13: =SUM(J47+J101) -> 0 | AH13: =AF13-AG13 -> 0 | AI13: =AP13/80 -> 0 | AJ13: =AF13*80 -> 0 | AK13: =SUM(K47+K101) -> 0 | AL13: =SUM(B47,B101) -> 0 | AM13: =C47+C101 -> 0 | AN13: =AJ13-(AK13-AL13-AM13) -> 0 | AO13: =SUM(L47+L101) -> 0 | AP13: =AK13-(AL13+AM13) -> 0 | AS13: =AL47+AL101 -> 0 | AT13: =AM47+AM101 -> 0
AE14: RRT | AF14: =SUM(I33+I35+I37+I39+I41+I43+I45+I49+I51+I53+I55+I57+I59+I61+I64+I67+I69+I79+I81+I83+I85+I87+I89+I91+I93+I95+I97+I99+I101+I104+I106) -> 9.9 | AG14: =+SUM(J33+J35+J37+J39+J41+J43+J45+J49+J51+J53+J55+J57+J59+J61+J64+J67+J69+J79+J81+J83+J85+J87+J89+J91+J93+J95+J97+J99+J104+J106) -> 9.9 | AH14: =AF14-AG14 -> 0 | AI14: =AP14/80 -> 9.9 | AJ14: =AF14*80 -> 792 | AK14: =SUM(K33+K35+K37+K39+K41+K43+K45+K49+K51+K53+K55+K57+K59+K61+K64+K67+K69+K79+K81+K83+K85+K87+K89+K91+K93+K95+K97+K99+K104+K106) -> 792 | AL14: =SUM(B33+B35+B37+B39+B41+B43+B45+B49+B51+B53+B55+B57+B59+B61+B64+B67+B69+B79+B81+B83+B85+B87+B89+B91+B93+B95+B97+B99+B104+B106) -> 0 | AM14: =SUM(C33+C35+C37+C39+C41+C43+C45+C49+C51+C53+C55+C57+C59+C61+C64+C67+C69+C79+C81+C83+C85+C87+C89+C91+C93+C95+C97+C99+C104+C106) -> 0 | AN14: =AJ14-(AK14-AL14-AM14) -> 0 | AO14: =SUM(L33+L35+L37+L39+L41+L43+L45+L49+L51+L53+L55+L57+L59+L61+L64+L67+L69+L79+L81+L83+L85+L87+L89+L91+L93+L95+L97+L99+L104+L106) -> 0 | AP14: =AK14-(AL14+AM14) -> 792 | AS14: =SUM(AL33:AL45,AL47:AL69,AL79:AL101,F104:F106) -> 0 | AT14: =SUM(AM33:AM45,AM47:AM69,AM79:AM101,F104:F106) -> 0
AE15: Manager | AF15: =I30 -> 1 | AG15: =J30 -> 1 | AH15: =AF15-AG15 -> 0 | AI15: =AP15/80 -> 1 | AJ15: =AF15*80 -> 80 | AK15: =AF30 -> 80 | AL15: =B30 -> 0 | AM15: =C30 -> 0 | AN15: =AJ15-(AK15-AL15-AM15) -> 0 | AO15: =L30 -> 0 | AP15: =AK15-(AL15+AM15) -> 80 | AS15: =AL30 -> 0 | AT15: =AM30 -> 0
AE16: PFT | AF16: =I27 -> 0.6 | AG16: =J27 -> 0.6 | AH16: =AF16-AG16 -> 0 | AI16: =AP16/80 -> 0.6 | AJ16: =AF16*80 -> 48 | AK16: =AF27 -> 48 | AL16: =B27 -> 0 | AM16: =C27 -> 0 | AN16: =AJ16-(AK16-AL16-AM16) -> 0 | AO16: =L27 -> 0 | AP16: =AK16-(AL16+AM16) -> 48 | AS16: =AL27 -> 0 | AT16: =AM27 -> 0
F17: Company | W17: Goforth ™
W18: Better Tools For Workforce Management | AE18: Total | AF18: =SUM(AF10:AF17) -> 11.5 | AG18: =SUM(SUM(AG10:AG16)) -> 11.5 | AH18: =SUM(SUM(AH10:AH16)) -> 0 | AI18: =AP18/80 -> 11.5 | AJ18: =SUM(SUM(AJ10:AJ16)) -> 920 | AK18: =SUM(SUM(AK10:AK16)) -> 920 | AL18: =SUM(SUM(AL10:AL16)) -> 0 | AM18: =SUM(SUM(AM10:AM16)) -> 0 | AN18: =SUM(SUM(AN10:AN16)) -> 0 | AO18: =SUM(SUM(AO10:AO16)) -> 0 | AP18: =SUM(SUM(AP10:AP16)) -> 920 | AQ18: =SUM(M123:S123,U123:AA123)/14 -> 24 | AR18: =SUM(M119:S119,U119:AA119,M121:S121,U121:AA121)/SUM(M123:S123,U123:AA123) -> 2.3571429 | AS18: =SUM(SUM(AS10:AS16)) -> 0 | AT18: =SUM(SUM(AT10:AT16)) -> 0
W19: Copyright © 2012-2018 Goforth, LLC. All Rights Reserved
M21: =Calendar!A2 -> 1
A22: Wages | B22: Non | C22: Sick | D22: Hours | E22: Hours | F22: Name | G22: Title | H22: Shift | I22: Budgeted | J22: Actual | K22: Actual | L22: OT | M22: =Calendar!A3 -> 0 | N22: =Calendar!B3 -> 0 | O22: =Calendar!C3 -> January | P22: =Calendar!D3 -> 0 | Q22: =Calendar!E3 -> 0 | R22: =Calendar!F3 -> 0 | S22: =Calendar!G3 -> 0 | T22: =Calendar!H3 -> 2019 | ... AA22: =Calendar!O3 -> 0 | AB22: Absence | AC22: OT/Pay | AD22: Wages/Pay | AE22: Budgeted | AF22: Actual | AG22: Hours | AH22: FTE | AI22: Benefit | AJ22: Total FTE | AK22: Benefits | AL22: Savings | AM22: Annual | AN22: Shifts
A23: Per Hour | B23: Productive | C23: Hours | D23: Over | E23: Shift | I23: FTE | J23: FTE | K23: Hours | L23: Hours | M23: =Calendar!$A$4 -> 30 | N23: =Calendar!$B$4 -> 31 | O23: =Calendar!$C$4 -> 1 | P23: =Calendar!$D$4 -> 2 | Q23: =Calendar!$E$4 -> 3 | R23: =Calendar!$F$4 -> 4 | S23: =Calendar!$G$4 -> 5 | U23: =Calendar!$I$4 -> 6 | V23: =Calendar!$J$4 -> 7 | W23: =Calendar!$K$4 -> 8 | X23: =Calendar!$L$4 -> 9 | Y23: =Calendar!$M$4 -> 10 | Z23: =Calendar!$N$4 -> 11 | AA23: =Calendar!$O$4 -> 12 | AB23: Occurrence | AE23: Hours | AF23: Hours | AG23: Saved | AH23: Saved | AI23: FTE | AJ23: Saved | AK23: Benefits | AL23: Pay Period | AM23: Savings | AN23: Pay Period
B24: Hours | D24: Under | M24: S | N24: M | O24: T | P24: W | Q24: T | R24: F | S24: S | U24: S | V24: M | W24: T | X24: W | Y24: T | Z24: F | AA24: S
A27: 33 | B27: =SUM(IF(M27="V",-E27),IF(N27="V",-E27),IF(O27="V",-E27),IF(P27="V",-E27),IF(Q27="V",-E27),IF(R27="V",-E27),IF(S27="V",-E27),IF(U27="V",-E27),IF(V27="V",-E27),IF(W27="V",-E27),IF(X27="V",-E27),IF(Y27="V",-E27),IF(Z27="V",-E27),IF(AA27="V",-E27),IF(M27="H",-E27),IF(N27="H",-E27),IF(O27="H",-E27),IF(P27="H",-E27),IF(Q27="H",-E27),IF(R27="H",-E27),IF(S27="H",-E27),IF(U27="H",-E27),IF(V27="H",-E27),IF(W27="H",-E27),IF(X27="H",-E27),IF(Y27="H",-E27),IF(Z27="H",-E27),IF(AA27="H",-E27)) -> 0 | C27: =SUM(IF(M27="S",-E27),IF(N27="S",-E27),IF(O27="S",-E27),IF(P27="S",-E27),IF(Q27="S",-E27),IF(R27="S",-E27),IF(S27="S",-E27),IF(U27="S",-E27),IF(V27="S",-E27),IF(W27="S",-E27),IF(X27="S",-E27),IF(Y27="S",-E27),IF(Z27="S",-E27),IF(AA27="S",-E27)) -> 0 | D27: =(I27*80)-(K27-(B27+C27)) -> 0 | E27: 6 | G27: PFT | H27: 7a-3-30p | I27: 0.6 | J27: =AF27/80 -> 0.6 | K27: =E27*AN27 -> 48 | M27: =' Benchmark Schedule'!M27 -> 0 | O27: =' Benchmark Schedule'!O27 -> 1 | P27: =' Benchmark Schedule'!P27 -> 1 | Q27: =' Benchmark Schedule'!Q27 -> 1 | R27: =' Benchmark Schedule'!R27 -> 1 | S27: =' Benchmark Schedule'!S27 -> 0 | T27: =' Benchmark Schedule'!T27 -> 0 | U27: =' Benchmark Schedule'!U27 -> 0 | V27: =' Benchmark Schedule'!V27 -> 0 | ... AA27: =' Benchmark Schedule'!AA27 -> 0 | AC27: =(A27*1.5)*L27 -> 0 | AD27: =(A27*(K27-B27-C27))-(A27*L27) -> 1584 | AE27: =I27*80 -> 48 | AF27: =AN27*E27 -> 48 | AG27: =AE27-AF27 -> 0 | AH27: =AG27/80 -> 0 | AI27: =B27/(80) -> 0 | AJ27: =SUM(SUM(AH27,AI27)) -> 0 | AK27: =A27*0.28 -> 9.24 | AL27: =D27*A27 -> 0 | AM27: =(AK27+A27)*(D27)*26 -> 0 | AN27: =SUM(SUM(M27:AA27)) -> 8
A30: 40 | B30: =SUM(IF(M30="V",-E30),IF(N30="V",-E30),IF(O30="V",-E30),IF(P30="V",-E30),IF(Q30="V",-E30),IF(R30="V",-E30),IF(S30="V",-E30),IF(U30="V",-E30),IF(V30="V",-E30),IF(W30="V",-E30),IF(X30="V",-E30),IF(Y30="V",-E30),IF(Z30="V",-E30),IF(AA30="V",-E30),IF(M30="H",-E30),IF(N30="H",-E30),IF(O30="H",-E30),IF(P30="H",-E30),IF(Q30="H",-E30),IF(R30="H",-E30),IF(S30="H",-E30),IF(U30="H",-E30),IF(V30="H",-E30),IF(W30="H",-E30),IF(X30="H",-E30),IF(Y30="H",-E30),IF(Z30="H",-E30),IF(AA30="H",-E30)) -> 0 | C30: =SUM(IF(M30="S",-E30),IF(N30="S",-E30),IF(O30="S",-E30),IF(P30="S",-E30),IF(Q30="S",-E30),IF(R30="S",-E30),IF(S30="S",-E30),IF(U30="S",-E30),IF(V30="S",-E30),IF(W30="S",-E30),IF(X30="S",-E30),IF(Y30="S",-E30),IF(Z30="S",-E30),IF(AA30="S",-E30)) -> 0 | D30: =(I30*80)-(K30-(B30+C30)) -> 0 | E30: 8 | G30: Manager | H30: 7a-3-30p | I30: 1 | J30: =AF30/80 -> 1 | K30: =E30*AN30 -> 80 | M30: =' Benchmark Schedule'!M30 -> 0 | N30: =' Benchmark Schedule'!N30 -> 1 | O30: =' Benchmark Schedule'!O30 -> 1 | P30: =' Benchmark Schedule'!P30 -> 1 | Q30: =' Benchmark Schedule'!Q30 -> 1 | R30: =' Benchmark Schedule'!R30 -> 1 | S30: =' Benchmark Schedule'!S30 -> 0 | T30: =' Benchmark Schedule'!T30 -> 0 | ... AA30: =' Benchmark Schedule'!AA30 -> 0 | AC30: =(A30*1.5)*L30 -> 0 | AD30: =(A30*(K30-B30-C30))-(A30*L30) -> 3200 | AE30: =I30*80 -> 80 | AF30: =AN30*E30 -> 80 | AG30: =AE30-AF30 -> 0 | AH30: =AG30/80 -> 0 | AI30: =B30/(80) -> 0 | AJ30: =SUM(SUM(AH30,AI30)) -> 0 | AK30: =A30*0.28 -> 11.2 | AL30: =D30*A30 -> 0 | AM30: =(AK30+A30)*(D30)*26 -> 0 | AN30: =SUM(SUM(M30:AA30)) -> 10
A33: 25 | B33: =SUM(IF(M33="V",-E33),IF(N33="V",-E33),IF(O33="V",-E33),IF(P33="V",-E33),IF(Q33="V",-E33),IF(R33="V",-E33),IF(S33="V",-E33),IF(U33="V",-E33),IF(V33="V",-E33),IF(W33="V",-E33),IF(X33="V",-E33),IF(Y33="V",-E33),IF(Z33="V",-E33),IF(AA33="V",-E33),IF(M33="H",-E33),IF(N33="H",-E33),IF(O33="H",-E33),IF(P33="H",-E33),IF(Q33="H",-E33),IF(R33="H",-E33),IF(S33="H",-E33),IF(U33="H",-E33),IF(V33="H",-E33),IF(W33="H",-E33),IF(X33="H",-E33),IF(Y33="H",-E33),IF(Z33="H",-E33),IF(AA33="H",-E33)) -> 0 | C33: =SUM(IF(M33="S",-E33),IF(N33="S",-E33),IF(O33="S",-E33),IF(P33="S",-E33),IF(Q33="S",-E33),IF(R33="S",-E33),IF(S33="S",-E33),IF(U33="S",-E33),IF(V33="S",-E33),IF(W33="S",-E33),IF(X33="S",-E33),IF(Y33="S",-E33),IF(Z33="S",-E33),IF(AA33="S",-E33)) -> 0 | D33: =(I33*80)-(K33-(B33+C33)) -> 0 | E33: 12 | G33: RRT | H33: 7a-7-30p | I33: 0.9 | J33: =AF33/80 -> 0.9 | K33: =E33*AN33 -> 72 | M33: =' Benchmark Schedule'!M33 -> 1 | N33: =' Benchmark Schedule'!N33 -> 0 | O33: =' Benchmark Schedule'!O33 -> 0 | P33: =' Benchmark Schedule'!P33 -> 1 | Q33: =' Benchmark Schedule'!Q33 -> 0 | R33: =' Benchmark Schedule'!R33 -> 1 | S33: =' Benchmark Schedule'!S33 -> 0 | T33: =' Benchmark Schedule'!T33 -> 0 | ... AA33: =' Benchmark Schedule'!AA33 -> 0 | AC33: =(A33*1.5)*L33 -> 0 | AD33: =(A33*(K33-B33-C33))-(A33*L33) -> 1800 | AE33: =I33*80 -> 72 | AF33: =AN33*E33 -> 72 | AG33: =AE33-AF33 -> 0 | AH33: =AG33/80 -> 0 | AI33: =B33/(80) -> 0 | AJ33: =SUM(SUM(AH33,AI33)) -> 0 | AK33: =A33*0.28 -> 7 | AL33: =D33*A33 -> 0 | AM33: =(AK33+A33)*(D33)*26 -> 0 | AN33: =SUM(SUM(M33:AA33)) -> 6
A35: 25 | B35: =SUM(IF(M35="V",-E35),IF(N35="V",-E35),IF(O35="V",-E35),IF(P35="V",-E35),IF(Q35="V",-E35),IF(R35="V",-E35),IF(S35="V",-E35),IF(U35="V",-E35),IF(V35="V",-E35),IF(W35="V",-E35),IF(X35="V",-E35),IF(Y35="V",-E35),IF(Z35="V",-E35),IF(AA35="V",-E35),IF(M35="H",-E35),IF(N35="H",-E35),IF(O35="H",-E35),IF(P35="H",-E35),IF(Q35="H",-E35),IF(R35="H",-E35),IF(S35="H",-E35),IF(U35="H",-E35),IF(V35="H",-E35),IF(W35="H",-E35),IF(X35="H",-E35),IF(Y35="H",-E35),IF(Z35="H",-E35),IF(AA35="H",-E35)) -> 0 | C35: =SUM(IF(M35="S",-E35),IF(N35="S",-E35),IF(O35="S",-E35),IF(P35="S",-E35),IF(Q35="S",-E35),IF(R35="S",-E35),IF(S35="S",-E35),IF(U35="S",-E35),IF(V35="S",-E35),IF(W35="S",-E35),IF(X35="S",-E35),IF(Y35="S",-E35),IF(Z35="S",-E35),IF(AA35="S",-E35)) -> 0 | D35: =(I35*80)-(K35-(B35+C35)) -> 0 | E35: 12 | G35: RRT | H35: 7a-7-30p | I35: 0.9 | J35: =AF35/80 -> 0.9 | K35: =E35*AN35 -> 72 | M35: =' Benchmark Schedule'!M35 -> 0 | N35: =' Benchmark Schedule'!N35 -> 1 | O35: =' Benchmark Schedule'!O35 -> 1 | P35: =' Benchmark Schedule'!P35 -> 0 | Q35: =' Benchmark Schedule'!Q35 -> 0 | R35: =' Benchmark Schedule'!R35 -> 0 | S35: =' Benchmark Schedule'!S35 -> 1 | T35: =' Benchmark Schedule'!T35 -> 0 | ... AA35: =' Benchmark Schedule'!AA35 -> 0 | AC35: =(A35*1.5)*L35 -> 0 | AD35: =(A35*(K35-B35-C35))-(A35*L35) -> 1800 | AE35: =I35*80 -> 72 | AF35: =AN35*E35 -> 72 | AG35: =AE35-AF35 -> 0 | AH35: =AG35/80 -> 0 | AI35: =B35/(80) -> 0 | AJ35: =SUM(SUM(AH35,AI35)) -> 0 | AK35: =A35*0.28 -> 7 | AL35: =D35*A35 -> 0 | AM35: =(AK35+A35)*(D35)*26 -> 0 | AN35: =SUM(SUM(M35:AA35)) -> 6
A37: 25 | B37: =SUM(IF(M37="V",-E37),IF(N37="V",-E37),IF(O37="V",-E37),IF(P37="V",-E37),IF(Q37="V",-E37),IF(R37="V",-E37),IF(S37="V",-E37),IF(U37="V",-E37),IF(V37="V",-E37),IF(W37="V",-E37),IF(X37="V",-E37),IF(Y37="V",-E37),IF(Z37="V",-E37),IF(AA37="V",-E37),IF(M37="H",-E37),IF(N37="H",-E37),IF(O37="H",-E37),IF(P37="H",-E37),IF(Q37="H",-E37),IF(R37="H",-E37),IF(S37="H",-E37),IF(U37="H",-E37),IF(V37="H",-E37),IF(W37="H",-E37),IF(X37="H",-E37),IF(Y37="H",-E37),IF(Z37="H",-E37),IF(AA37="H",-E37)) -> 0 | C37: =SUM(IF(M37="S",-E37),IF(N37="S",-E37),IF(O37="S",-E37),IF(P37="S",-E37),IF(Q37="S",-E37),IF(R37="S",-E37),IF(S37="S",-E37),IF(U37="S",-E37),IF(V37="S",-E37),IF(W37="S",-E37),IF(X37="S",-E37),IF(Y37="S",-E37),IF(Z37="S",-E37),IF(AA37="S",-E37)) -> 0 | D37: =(I37*80)-(K37-(B37+C37)) -> 0 | E37: 12 | G37: RRT | H37: 7a-7:30p | I37: 0.9 | J37: =AF37/80 -> 0.9 | K37: =E37*AN37 -> 72 | M37: =' Benchmark Schedule'!M37 -> 0 | N37: =' Benchmark Schedule'!N37 -> 1 | O37: =' Benchmark Schedule'!O37 -> 0 | P37: =' Benchmark Schedule'!P37 -> 1 | Q37: =' Benchmark Schedule'!Q37 -> 1 | R37: =' Benchmark Schedule'!R37 -> 0 | S37: =' Benchmark Schedule'!S37 -> 0 | T37: =' Benchmark Schedule'!T37 -> 0 | ... AA37: =' Benchmark Schedule'!AA37 -> 1 | AC37: =(A37*1.5)*L37 -> 0 | AD37: =(A37*(K37-B37-C37))-(A37*L37) -> 1800 | AE37: =I37*80 -> 72 | AF37: =AN37*E37 -> 72 | AG37: =AE37-AF37 -> 0 | AH37: =AG37/80 -> 0 | AI37: =B37/(80) -> 0 | AJ37: =SUM(SUM(AH37,AI37)) -> 0 | AK37: =A37*0.28 -> 7 | AL37: =D37*A37 -> 0 | AM37: =(AK37+A37)*(D37)*26 -> 0 | AN37: =SUM(SUM(M37:AA37)) -> 6
A39: 25 | B39: =SUM(IF(M39="V",-E39),IF(N39="V",-E39),IF(O39="V",-E39),IF(P39="V",-E39),IF(Q39="V",-E39),IF(R39="V",-E39),IF(S39="V",-E39),IF(U39="V",-E39),IF(V39="V",-E39),IF(W39="V",-E39),IF(X39="V",-E39),IF(Y39="V",-E39),IF(Z39="V",-E39),IF(AA39="V",-E39),IF(M39="H",-E39),IF(N39="H",-E39),IF(O39="H",-E39),IF(P39="H",-E39),IF(Q39="H",-E39),IF(R39="H",-E39),IF(S39="H",-E39),IF(U39="H",-E39),IF(V39="H",-E39),IF(W39="H",-E39),IF(X39="H",-E39),IF(Y39="H",-E39),IF(Z39="H",-E39),IF(AA39="H",-E39)) -> 0 | C39: =SUM(IF(M39="S",-E39),IF(N39="S",-E39),IF(O39="S",-E39),IF(P39="S",-E39),IF(Q39="S",-E39),IF(R39="S",-E39),IF(S39="S",-E39),IF(U39="S",-E39),IF(V39="S",-E39),IF(W39="S",-E39),IF(X39="S",-E39),IF(Y39="S",-E39),IF(Z39="S",-E39),IF(AA39="S",-E39)) -> 0 | D39: =(I39*80)-(K39-(B39+C39)) -> 0 | E39: 12 | G39: RRT | H39: 7a-7:30p | I39: 0.75 | J39: =AF39/80 -> 0.75 | K39: =E39*AN39 -> 60 | M39: =' Benchmark Schedule'!M39 -> 1 | N39: =' Benchmark Schedule'!N39 -> 0 | O39: =' Benchmark Schedule'!O39 -> 0 | P39: =' Benchmark Schedule'!P39 -> 0 | Q39: =' Benchmark Schedule'!Q39 -> 0 | R39: =' Benchmark Schedule'!R39 -> 1 | S39: =' Benchmark Schedule'!S39 -> 0 | T39: =' Benchmark Schedule'!T39 -> 0 | ... AA39: =' Benchmark Schedule'!AA39 -> 0 | AC39: =(A39*1.5)*L39 -> 0 | AD39: =(A39*(K39-B39-C39))-(A39*L39) -> 1500 | AE39: =I39*80 -> 60 | AF39: =AN39*E39 -> 60 | AG39: =AE39-AF39 -> 0 | AH39: =AG39/80 -> 0 | AI39: =B39/(80) -> 0 | AJ39: =SUM(SUM(AH39,AI39)) -> 0 | AK39: =A39*0.28 -> 7 | AL39: =D39*A39 -> 0 | AM39: =(AK39+A39)*(D39)*26 -> 0 | AN39: =SUM(SUM(M39:AA39)) -> 5
A41: 25 | B41: =SUM(IF(M41="V",-E41),IF(N41="V",-E41),IF(O41="V",-E41),IF(P41="V",-E41),IF(Q41="V",-E41),IF(R41="V",-E41),IF(S41="V",-E41),IF(U41="V",-E41),IF(V41="V",-E41),IF(W41="V",-E41),IF(X41="V",-E41),IF(Y41="V",-E41),IF(Z41="V",-E41),IF(AA41="V",-E41),IF(M41="H",-E41),IF(N41="H",-E41),IF(O41="H",-E41),IF(P41="H",-E41),IF(Q41="H",-E41),IF(R41="H",-E41),IF(S41="H",-E41),IF(U41="H",-E41),IF(V41="H",-E41),IF(W41="H",-E41),IF(X41="H",-E41),IF(Y41="H",-E41),IF(Z41="H",-E41),IF(AA41="H",-E41)) -> 0 | C41: =SUM(IF(M41="S",-E41),IF(N41="S",-E41),IF(O41="S",-E41),IF(P41="S",-E41),IF(Q41="S",-E41),IF(R41="S",-E41),IF(S41="S",-E41),IF(U41="S",-E41),IF(V41="S",-E41),IF(W41="S",-E41),IF(X41="S",-E41),IF(Y41="S",-E41),IF(Z41="S",-E41),IF(AA41="S",-E41)) -> 0 | D41: =(I41*80)-(K41-(B41+C41)) -> 0 | E41: 12 | G41: RRT | H41: 7a-7:30p | I41: 0.9 | J41: =AF41/80 -> 0.9 | K41: =E41*AN41 -> 72 | M41: =' Benchmark Schedule'!M41 -> 0 | N41: =' Benchmark Schedule'!N41 -> 0 | O41: =' Benchmark Schedule'!O41 -> 1 | P41: =' Benchmark Schedule'!P41 -> 0 | Q41: =' Benchmark Schedule'!Q41 -> 1 | R41: =' Benchmark Schedule'!R41 -> 0 | S41: =' Benchmark Schedule'!S41 -> 1 | T41: =' Benchmark Schedule'!T41 -> 0 | ... AA41: =' Benchmark Schedule'!AA41 -> 0 | AC41: =(A41*1.5)*L41 -> 0 | AD41: =(A41*(K41-B41-C41))-(A41*L41) -> 1800 | AE41: =I41*80 -> 72 | AF41: =AN41*E41 -> 72 | AG41: =AE41-AF41 -> 0 | AH41: =AG41/80 -> 0 | AI41: =B41/(80) -> 0 | AJ41: =SUM(SUM(AH41,AI41)) -> 0 | AK41: =A41*0.28 -> 7 | AL41: =D41*A41 -> 0 | AM41: =(AK41+A41)*(D41)*26 -> 0 | AN41: =SUM(SUM(M41:AA41)) -> 6
A43: 25 | B43: =SUM(IF(M43="V",-E43),IF(N43="V",-E43),IF(O43="V",-E43),IF(P43="V",-E43),IF(Q43="V",-E43),IF(R43="V",-E43),IF(S43="V",-E43),IF(U43="V",-E43),IF(V43="V",-E43),IF(W43="V",-E43),IF(X43="V",-E43),IF(Y43="V",-E43),IF(Z43="V",-E43),IF(AA43="V",-E43),IF(M43="H",-E43),IF(N43="H",-E43),IF(O43="H",-E43),IF(P43="H",-E43),IF(Q43="H",-E43),IF(R43="H",-E43),IF(S43="H",-E43),IF(U43="H",-E43),IF(V43="H",-E43),IF(W43="H",-E43),IF(X43="H",-E43),IF(Y43="H",-E43),IF(Z43="H",-E43),IF(AA43="H",-E43)) -> 0 | C43: =SUM(IF(M43="S",-E43),IF(N43="S",-E43),IF(O43="S",-E43),IF(P43="S",-E43),IF(Q43="S",-E43),IF(R43="S",-E43),IF(S43="S",-E43),IF(U43="S",-E43),IF(V43="S",-E43),IF(W43="S",-E43),IF(X43="S",-E43),IF(Y43="S",-E43),IF(Z43="S",-E43),IF(AA43="S",-E43)) -> 0 | D43: =(I43*80)-(K43-(B43+C43)) -> 0 | E43: 12 | G43: RRT | H43: 7a-7:30p | I43: 0.75 | J43: =AF43/80 -> 0.75 | K43: =E43*AN43 -> 60 | M43: =' Benchmark Schedule'!M43 -> 0 | N43: =' Benchmark Schedule'!N43 -> 1 | O43: =' Benchmark Schedule'!O43 -> 0 | P43: =' Benchmark Schedule'!P43 -> 1 | Q43: =' Benchmark Schedule'!Q43 -> 1 | R43: =' Benchmark Schedule'!R43 -> 0 | S43: =' Benchmark Schedule'!S43 -> 0 | T43: =' Benchmark Schedule'!T43 -> 0 | ... AA43: =' Benchmark Schedule'!AA43 -> 1 | AC43: =(A43*1.5)*L43 -> 0 | AD43: =(A43*(K43-B43-C43))-(A43*L43) -> 1500 | AE43: =I43*80 -> 60 | AF43: =AN43*E43 -> 60 | AG43: =AE43-AF43 -> 0 | AH43: =AG43/80 -> 0 | AI43: =B43/(80) -> 0 | AJ43: =SUM(SUM(AH43,AI43)) -> 0 | AK43: =A43*0.28 -> 7 | AL43: =D43*A43 -> 0 | AM43: =(AK43+A43)*(D43)*26 -> 0 | AN43: =SUM(SUM(M43:AA43)) -> 5
A45: 25 | B45: =SUM(IF(M45="V",-E45),IF(N45="V",-E45),IF(O45="V",-E45),IF(P45="V",-E45),IF(Q45="V",-E45),IF(R45="V",-E45),IF(S45="V",-E45),IF(U45="V",-E45),IF(V45="V",-E45),IF(W45="V",-E45),IF(X45="V",-E45),IF(Y45="V",-E45),IF(Z45="V",-E45),IF(AA45="V",-E45),IF(M45="H",-E45),IF(N45="H",-E45),IF(O45="H",-E45),IF(P45="H",-E45),IF(Q45="H",-E45),IF(R45="H",-E45),IF(S45="H",-E45),IF(U45="H",-E45),IF(V45="H",-E45),IF(W45="H",-E45),IF(X45="H",-E45),IF(Y45="H",-E45),IF(Z45="H",-E45),IF(AA45="H",-E45)) -> 0 | C45: =SUM(IF(M45="S",-E45),IF(N45="S",-E45),IF(O45="S",-E45),IF(P45="S",-E45),IF(Q45="S",-E45),IF(R45="S",-E45),IF(S45="S",-E45),IF(U45="S",-E45),IF(V45="S",-E45),IF(W45="S",-E45),IF(X45="S",-E45),IF(Y45="S",-E45),IF(Z45="S",-E45),IF(AA45="S",-E45)) -> 0 | D45: =(I45*80)-(K45-(B45+C45)) -> 0 | E45: 12 | G45: RRT | H45: 7a-7:30p | I45: 0.6 | J45: =AF45/80 -> 0.6 | K45: =E45*AN45 -> 48 | M45: =' Benchmark Schedule'!M45 -> 0 | N45: =' Benchmark Schedule'!N45 -> 0 | O45: =' Benchmark Schedule'!O45 -> 1 | P45: =' Benchmark Schedule'!P45 -> 0 | Q45: =' Benchmark Schedule'!Q45 -> 0 | R45: =' Benchmark Schedule'!R45 -> 1 | S45: =' Benchmark Schedule'!S45 -> 0 | T45: =' Benchmark Schedule'!T45 -> 0 | ... AA45: =' Benchmark Schedule'!AA45 -> 0 | AC45: =(A45*1.5)*L45 -> 0 | AD45: =(A45*(K45-B45-C45))-(A45*L45) -> 1200 | AE45: =I45*80 -> 48 | AF45: =AN45*E45 -> 48 | AG45: =AE45-AF45 -> 0 | AH45: =AG45/80 -> 0 | AI45: =B45/(80) -> 0 | AJ45: =SUM(SUM(AH45,AI45)) -> 0 | AK45: =A45*0.28 -> 7 | AL45: =D45*A45 -> 0 | AM45: =(AK45+A45)*(D45)*26 -> 0 | AN45: =SUM(SUM(M45:AA45)) -> 4
A47: 22 | B47: =SUM(IF(M47="V",-E47),IF(N47="V",-E47),IF(O47="V",-E47),IF(P47="V",-E47),IF(Q47="V",-E47),IF(R47="V",-E47),IF(S47="V",-E47),IF(U47="V",-E47),IF(V47="V",-E47),IF(W47="V",-E47),IF(X47="V",-E47),IF(Y47="V",-E47),IF(Z47="V",-E47),IF(AA47="V",-E47),IF(M47="H",-E47),IF(N47="H",-E47),IF(O47="H",-E47),IF(P47="H",-E47),IF(Q47="H",-E47),IF(R47="H",-E47),IF(S47="H",-E47),IF(U47="H",-E47),IF(V47="H",-E47),IF(W47="H",-E47),IF(X47="H",-E47),IF(Y47="H",-E47),IF(Z47="H",-E47),IF(AA47="H",-E47)) -> 0 | C47: =SUM(IF(M47="S",-E47),IF(N47="S",-E47),IF(O47="S",-E47),IF(P47="S",-E47),IF(Q47="S",-E47),IF(R47="S",-E47),IF(S47="S",-E47),IF(U47="S",-E47),IF(V47="S",-E47),IF(W47="S",-E47),IF(X47="S",-E47),IF(Y47="S",-E47),IF(Z47="S",-E47),IF(AA47="S",-E47)) -> 0 | D47: =(I47*80)-(K47-(B47+C47)) -> 0 | E47: 12 | G47: CRT | H47: 7a-7:30p | I47: 0 | J47: =AF47/80 -> 0 | K47: =E47*AN47 -> 0 | M47: =' Benchmark Schedule'!M47 -> 0 | N47: =' Benchmark Schedule'!N47 -> 0 | O47: =' Benchmark Schedule'!O47 -> 0 | P47: =' Benchmark Schedule'!P47 -> 0 | Q47: =' Benchmark Schedule'!Q47 -> 0 | R47: =' Benchmark Schedule'!R47 -> 0 | S47: =' Benchmark Schedule'!S47 -> 0 | T47: =' Benchmark Schedule'!T47 -> 0 | ... AA47: =' Benchmark Schedule'!AA47 -> 0 | AC47: =(A47*1.5)*L47 -> 0 | AD47: =(A47*(K47-B47-C47))-(A47*L47) -> 0 | AE47: =I47*80 -> 0 | AF47: =AN47*E47 -> 0 | AG47: =AE47-AF47 -> 0 | AH47: =AG47/80 -> 0 | AI47: =B47/(80) -> 0 | AJ47: =SUM(SUM(AH47,AI47)) -> 0 | AK47: =A47*0.28 -> 6.16 | AL47: =D47*A47 -> 0 | AM47: =(AK47+A47)*(D47)*26 -> 0 | AN47: =SUM(SUM(M47:AA47)) -> 0
A49: 25 | B49: =SUM(IF(M49="V",-E49),IF(N49="V",-E49),IF(O49="V",-E49),IF(P49="V",-E49),IF(Q49="V",-E49),IF(R49="V",-E49),IF(S49="V",-E49),IF(U49="V",-E49),IF(V49="V",-E49),IF(W49="V",-E49),IF(X49="V",-E49),IF(Y49="V",-E49),IF(Z49="V",-E49),IF(AA49="V",-E49),IF(M49="H",-E49),IF(N49="H",-E49),IF(O49="H",-E49),IF(P49="H",-E49),IF(Q49="H",-E49),IF(R49="H",-E49),IF(S49="H",-E49),IF(U49="H",-E49),IF(V49="H",-E49),IF(W49="H",-E49),IF(X49="H",-E49),IF(Y49="H",-E49),IF(Z49="H",-E49),IF(AA49="H",-E49)) -> 0 | C49: =SUM(IF(M49="S",-E49),IF(N49="S",-E49),IF(O49="S",-E49),IF(P49="S",-E49),IF(Q49="S",-E49),IF(R49="S",-E49),IF(S49="S",-E49),IF(U49="S",-E49),IF(V49="S",-E49),IF(W49="S",-E49),IF(X49="S",-E49),IF(Y49="S",-E49),IF(Z49="S",-E49),IF(AA49="S",-E49)) -> 0 | D49: =(I49*80)-(K49-(B49+C49)) -> 0 | E49: 12 | G49: RRT | H49: 7a-7:30p | I49: 0 | J49: =AF49/80 -> 0 | K49: =E49*AN49 -> 0 | M49: =' Benchmark Schedule'!M49 -> 0 | N49: =' Benchmark Schedule'!N49 -> 0 | O49: =' Benchmark Schedule'!O49 -> 0 | P49: =' Benchmark Schedule'!P49 -> 0 | Q49: =' Benchmark Schedule'!Q49 -> 0 | R49: =' Benchmark Schedule'!R49 -> 0 | S49: =' Benchmark Schedule'!S49 -> 0 | T49: =' Benchmark Schedule'!T49 -> 0 | ... AA49: =' Benchmark Schedule'!AA49 -> 0 | AC49: =(A49*1.5)*L49 -> 0 | AD49: =(A49*(K49-B49-C49))-(A49*L49) -> 0 | AE49: =I49*80 -> 0 | AF49: =AN49*E49 -> 0 | AG49: =AE49-AF49 -> 0 | AH49: =AG49/80 -> 0 | AI49: =B49/(80) -> 0 | AJ49: =SUM(SUM(AH49,AI49)) -> 0 | AK49: =A49*0.28 -> 7 | AL49: =D49*A49 -> 0 | AM49: =(AK49+A49)*(D49)*26 -> 0 | AN49: =SUM(SUM(M49:AA49)) -> 0
A51: 25 | B51: =SUM(IF(M51="V",-E51),IF(N51="V",-E51),IF(O51="V",-E51),IF(P51="V",-E51),IF(Q51="V",-E51),IF(R51="V",-E51),IF(S51="V",-E51),IF(U51="V",-E51),IF(V51="V",-E51),IF(W51="V",-E51),IF(X51="V",-E51),IF(Y51="V",-E51),IF(Z51="V",-E51),IF(AA51="V",-E51),IF(M51="H",-E51),IF(N51="H",-E51),IF(O51="H",-E51),IF(P51="H",-E51),IF(Q51="H",-E51),IF(R51="H",-E51),IF(S51="H",-E51),IF(U51="H",-E51),IF(V51="H",-E51),IF(W51="H",-E51),IF(X51="H",-E51),IF(Y51="H",-E51),IF(Z51="H",-E51),IF(AA51="H",-E51)) -> 0 | C51: =SUM(IF(M51="S",-E51),IF(N51="S",-E51),IF(O51="S",-E51),IF(P51="S",-E51),IF(Q51="S",-E51),IF(R51="S",-E51),IF(S51="S",-E51),IF(U51="S",-E51),IF(V51="S",-E51),IF(W51="S",-E51),IF(X51="S",-E51),IF(Y51="S",-E51),IF(Z51="S",-E51),IF(AA51="S",-E51)) -> 0 | D51: =(I51*80)-(K51-(B51+C51)) -> 0 | E51: 12 | G51: RRT | H51: 7a-7:30p | I51: 0 | J51: =AF51/80 -> 0 | K51: =E51*AN51 -> 0 | M51: =' Benchmark Schedule'!M51 -> 0 | N51: =' Benchmark Schedule'!N51 -> 0 | O51: =' Benchmark Schedule'!O51 -> 0 | P51: =' Benchmark Schedule'!P51 -> 0 | Q51: =' Benchmark Schedule'!Q51 -> 0 | R51: =' Benchmark Schedule'!R51 -> 0 | S51: =' Benchmark Schedule'!S51 -> 0 | T51: =' Benchmark Schedule'!T51 -> 0 | ... AA51: =' Benchmark Schedule'!AA51 -> 0 | AC51: =(A51*1.5)*L51 -> 0 | AD51: =(A51*(K51-B51-C51))-(A51*L51) -> 0 | AE51: =I51*80 -> 0 | AF51: =AN51*E51 -> 0 | AG51: =AE51-AF51 -> 0 | AH51: =AG51/80 -> 0 | AI51: =B51/(80) -> 0 | AJ51: =SUM(SUM(AH51,AI51)) -> 0 | AK51: =A51*0.28 -> 7 | AL51: =D51*A51 -> 0 | AM51: =(AK51+A51)*(D51)*26 -> 0 | AN51: =SUM(SUM(M51:AA51)) -> 0
A53: 25 | B53: =SUM(IF(M53="V",-E53),IF(N53="V",-E53),IF(O53="V",-E53),IF(P53="V",-E53),IF(Q53="V",-E53),IF(R53="V",-E53),IF(S53="V",-E53),IF(U53="V",-E53),IF(V53="V",-E53),IF(W53="V",-E53),IF(X53="V",-E53),IF(Y53="V",-E53),IF(Z53="V",-E53),IF(AA53="V",-E53),IF(M53="H",-E53),IF(N53="H",-E53),IF(O53="H",-E53),IF(P53="H",-E53),IF(Q53="H",-E53),IF(R53="H",-E53),IF(S53="H",-E53),IF(U53="H",-E53),IF(V53="H",-E53),IF(W53="H",-E53),IF(X53="H",-E53),IF(Y53="H",-E53),IF(Z53="H",-E53),IF(AA53="H",-E53)) -> 0 | C53: =SUM(IF(M53="S",-E53),IF(N53="S",-E53),IF(O53="S",-E53),IF(P53="S",-E53),IF(Q53="S",-E53),IF(R53="S",-E53),IF(S53="S",-E53),IF(U53="S",-E53),IF(V53="S",-E53),IF(W53="S",-E53),IF(X53="S",-E53),IF(Y53="S",-E53),IF(Z53="S",-E53),IF(AA53="S",-E53)) -> 0 | D53: =(I53*80)-(K53-(B53+C53)) -> 0 | E53: 12 | G53: RRT | H53: 7a-7:30p | I53: 0 | J53: =AF53/80 -> 0 | K53: =E53*AN53 -> 0 | M53: =' Benchmark Schedule'!M53 -> 0 | N53: =' Benchmark Schedule'!N53 -> 0 | O53: =' Benchmark Schedule'!O53 -> 0 | P53: =' Benchmark Schedule'!P53 -> 0 | Q53: =' Benchmark Schedule'!Q53 -> 0 | R53: =' Benchmark Schedule'!R53 -> 0 | S53: =' Benchmark Schedule'!S53 -> 0 | T53: =' Benchmark Schedule'!T53 -> 0 | ... AA53: =' Benchmark Schedule'!AA53 -> 0 | AC53: =(A53*1.5)*L53 -> 0 | AD53: =(A53*(K53-B53-C53))-(A53*L53) -> 0 | AE53: =I53*80 -> 0 | AF53: =AN53*E53 -> 0 | AG53: =AE53-AF53 -> 0 | AH53: =AG53/80 -> 0 | AI53: =B53/(80) -> 0 | AJ53: =SUM(SUM(AH53,AI53)) -> 0 | AK53: =A53*0.28 -> 7 | AL53: =D53*A53 -> 0 | AM53: =(AK53+A53)*(D53)*26 -> 0 | AN53: =SUM(SUM(M53:AA53)) -> 0
... A106: 28 | B106: =SUM(IF(M106="V",-E106),IF(N106="V",-E106),IF(O106="V",-E106),IF(P106="V",-E106),IF(Q106="V",-E106),IF(R106="V",-E106),IF(S106="V",-E106),IF(U106="V",-E106),IF(V106="V",-E106),IF(W106="V",-E106),IF(X106="V",-E106),IF(Y106="V",-E106),IF(Z106="V",-E106),IF(AA106="V",-E106),IF(M106="H",-E106),IF(N106="H",-E106),IF(O106="H",-E106),IF(P106="H",-E106),IF(Q106="H",-E106),IF(R106="H",-E106),IF(S106="H",-E106),IF(U106="H",-E106),IF(V106="H",-E106),IF(W106="H",-E106),IF(X106="H",-E106),IF(Y106="H",-E106),IF(Z106="H",-E106),IF(AA106="H",-E106)) -> 0 | C106: =SUM(IF(M106="S",-E106),IF(N106="S",-E106),IF(O106="S",-E106),IF(P106="S",-E106),IF(Q106="S",-E106),IF(R106="S",-E106),IF(S106="S",-E106),IF(U106="S",-E106),IF(V106="S",-E106),IF(W106="S",-E106),IF(X106="S",-E106),IF(Y106="S",-E106),IF(Z106="S",-E106),IF(AA106="S",-E106)) -> 0 | D106: =(I106*80)-(K106-(B106+C106)) -> 0 | E106: 8 | G106: RRT | H106: 11p-7:30a | I106: 0 | J106: =AF106/80 -> 0 | K106: =E106*AN106 -> 0 | M106: =' Benchmark Schedule'!M106 -> 0 | N106: =' Benchmark Schedule'!N106 -> 0 | O106: =' Benchmark Schedule'!O106 -> 0 | P106: =' Benchmark Schedule'!P106 -> 0 | Q106: =' Benchmark Schedule'!Q106 -> 0 | R106: =' Benchmark Schedule'!R106 -> 0 | S106: =' Benchmark Schedule'!S106 -> 0 | T106: =' Benchmark Schedule'!T106 -> 0 | ... AA106: =' Benchmark Schedule'!AA106 -> 0 | AC106: =(A106*1.5)*L106 -> 0 | AD106: =(A106*(K106-B106-C106))-(A106*L106) -> 0 | AE106: =I106*80 -> 0 | AF106: =AN106*E106 -> 0 | AG106: =AE106-AF106 -> 0 | AH106: =AG106/80 -> 0 | AI106: =B106/(80) -> 0 | AJ106: =SUM(SUM(AH106,AI106)) -> 0 | AK106: =A106*0.28 -> 7.84 | AL106: =D106*A106 -> 0 | AM106: =(AK106+A106)*(D106)*26 -> 0 | AN106: =SUM(SUM(M106:AA106)) -> 0
M107: =M21 -> 1
M108: =M22 -> 0 | N108: =N22 -> 0 | O108: =O22 -> January | P108: =P22 -> 0 | Q108: =Q22 -> 0 | R108: =R22 -> 0 | S108: =S22 -> 0 | T108: =T22 -> 2019 | ... AA108: =AA22 -> 0
B109: =SUM(SUM(B26:B106)) -> 0 | C109: =SUM(SUM(C26:C106)) -> 0 | D109: =SUM(SUM(D26:D106)) -> 0 | F109: Total | I109: =SUM(SUM(I26:I106)) -> 11.5 | J109: =SUM(SUM(J26:J106)) -> 11.5 | K109: =SUM(SUM(K26:K106)) -> 920 | L109: =SUM(SUM(L26:L106)) -> 0 | M109: =M23 -> 30 | N109: =N23 -> 31 | O109: =O23 -> 1 | P109: =P23 -> 2 | Q109: =Q23 -> 3 | R109: =R23 -> 4 | S109: =S23 -> 5 | U109: =U23 -> 6 | V109: =V23 -> 7 | W109: =W23 -> 8 | X109: =X23 -> 9 | Y109: =Y23 -> 10 | Z109: =Z23 -> 11 | AA109: =AA23 -> 12 | AC109: =SUM(SUM(AC26:AC106)) -> 0 | AD109: =SUM(SUM(AD26:AD106)) -> 25601.72 | AE109: =SUM(SUM(AE26:AE106)) -> 920 | AF109: =SUM(SUM(AF26:AF106)) -> 920 | AG109: =SUM(SUM(AG26:AG106)) -> 0 | AH109: =SUM(SUM(AH26:AH106)) -> 0 | AI109: =SUM(SUM(AI26:AI106)) -> 0 | AJ109: =SUM(SUM(AJ26:AJ106)) -> 0 | AL109: =SUM(SUM(AL26:AL106)) -> 0 | AM109: =SUM(SUM(AM26:AM106)) -> 0 | AN109: =SUM(SUM(AN26:AN106)) -> 84
M110: S | N110: M | O110: T | P110: W | Q110: T | R110: F | S110: S | U110: S | V110: M | W110: T | X110: W | Y110: T | Z110: F | AA110: S
A112: Wages | B112: Non | C112: Sick | D112: Hours | E112: Hours | F112: Employees / Shift | H112: 7a-11:30a | M112: =SUM(SUM(M33,M35,M37,M39,M41,M43,M45,M47,M49,M51,M53,M55,M57,M59,M61)) -> 2 | N112: =SUM(SUM(N33,N35,N37,N39,N41,N43,N45,N47,N49,N51,N53,N55,N57,N59,N61)) -> 3 | O112: =SUM(SUM(O33,O35,O37,O39,O41,O43,O45,O47,O49,O51,O53,O55,O57,O59,O61)) -> 3 | P112: =SUM(SUM(P33,P35,P37,P39,P41,P43,P45,P47,P49,P51,P53,P55,P57,P59,P61)) -> 3 | Q112: =SUM(SUM(Q33,Q35,Q37,Q39,Q41,Q43,Q45,Q47,Q49,Q51,Q53,Q55,Q57,Q59,Q61)) -> 3 | R112: =SUM(SUM(R33,R35,R37,R39,R41,R43,R45,R47,R49,R51,R53,R55,R57,R59,R61)) -> 3 | S112: =SUM(SUM(S33,S35,S37,S39,S41,S43,S45,S47,S49,S51,S53,S55,S57,S59,S61)) -> 2 | U112: =SUM(SUM(U33,U35,U37,U39,U41,U43,U45,U47,U49,U51,U53,U55,U57,U59,U61)) -> 2 | V112: =SUM(SUM(V33,V35,V37,V39,V41,V43,V45,V47,V49,V51,V53,V55,V57,V59,V61)) -> 3 | W112: =SUM(SUM(W33,W35,W37,W39,W41,W43,W45,W47,W49,W51,W53,W55,W57,W59,W61)) -> 3 | X112: =SUM(SUM(X33,X35,X37,X39,X41,X43,X45,X47,X49,X51,X53,X55,X57,X59,X61)) -> 3 | Y112: =SUM(SUM(Y33,Y35,Y37,Y39,Y41,Y43,Y45,Y47,Y49,Y51,Y53,Y55,Y57,Y59,Y61)) -> 3 | Z112: =SUM(SUM(Z33,Z35,Z37,Z39,Z41,Z43,Z45,Z47,Z49,Z51,Z53,Z55,Z57,Z59,Z61)) -> 3 | AA112: =SUM(SUM(AA33,AA35,AA37,AA39,AA41,AA43,AA45,AA47,AA49,AA51,AA53,AA55,AA57,AA59,AA61)) -> 2 | AE112: Budgeted | AF112: Actual | AG112: Hours | AH112: FTE | AI112: Benefit | AJ112: Total FTE | AK112: Benefits | AL112: Savings | AM112: Annual | AN112: Shifts
A113: Per Hour | B113: Productive | C113: Hours | D113: Over | E113: Shift | H113: 11a-3:30p | M113: =SUM(SUM(M33,M35,M37,M39,M41,M43,M45,M47,M49,M51,M53,M55,M57,M59,M61,M64,M67,M69)) -> 2 | N113: =SUM(SUM(N33,N35,N37,N39,N41,N43,N45,N47,N49,N51,N53,N55,N57,N59,N61,N64,N67,N69)) -> 3 | O113: =SUM(SUM(O33,O35,O37,O39,O41,O43,O45,O47,O49,O51,O53,O55,O57,O59,O61,O64,O67,O69)) -> 3 | P113: =SUM(SUM(P33,P35,P37,P39,P41,P43,P45,P47,P49,P51,P53,P55,P57,P59,P61,P64,P67,P69)) -> 3 | Q113: =SUM(SUM(Q33,Q35,Q37,Q39,Q41,Q43,Q45,Q47,Q49,Q51,Q53,Q55,Q57,Q59,Q61,Q64,Q67,Q69)) -> 3 | R113: =SUM(SUM(R33,R35,R37,R39,R41,R43,R45,R47,R49,R51,R53,R55,R57,R59,R61,R64,R67,R69)) -> 3 | S113: =SUM(SUM(S33,S35,S37,S39,S41,S43,S45,S47,S49,S51,S53,S55,S57,S59,S61,S64,S67,S69)) -> 2 | U113: =SUM(SUM(U33,U35,U37,U39,U41,U43,U45,U47,U49,U51,U53,U55,U57,U59,U61,U64,U67,U69)) -> 2 | V113: =SUM(SUM(V33,V35,V37,V39,V41,V43,V45,V47,V49,V51,V53,V55,V57,V59,V61,V64,V67,V69)) -> 3 | W113: =SUM(SUM(W33,W35,W37,W39,W41,W43,W45,W47,W49,W51,W53,W55,W57,W59,W61,W64,W67,W69)) -> 3 | X113: =SUM(SUM(X33,X35,X37,X39,X41,X43,X45,X47,X49,X51,X53,X55,X57,X59,X61,X64,X67,X69)) -> 3 | Y113: =SUM(SUM(Y33,Y35,Y37,Y39,Y41,Y43,Y45,Y47,Y49,Y51,Y53,Y55,Y57,Y59,Y61,Y64,Y67,Y69)) -> 3 | Z113: =SUM(SUM(Z33,Z35,Z37,Z39,Z41,Z43,Z45,Z47,Z49,Z51,Z53,Z55,Z57,Z59,Z61,Z64,Z67,Z69)) -> 3 | AA113: =SUM(SUM(AA33,AA35,AA37,AA39,AA41,AA43,AA45,AA47,AA49,AA51,AA53,AA55,AA57,AA59,AA61,AA64,AA67,AA69)) -> 2 | AE113: Hours | AF113: Hours | AG113: Saved | AH113: Saved | AI113: FTE | AJ113: Saved | AK113: Per Hour | AL113: Pay Period | AM113: Savings | AN113: Pay Period
B114: Hours | D114: Under | H114: 3p-7:30p | M114: =SUM(SUM(M33,M35,M37,M39,M41,M43,M45,M47,M49,M51,M53,M55,M57,M59,M61,M64,M67,M69)) -> 2 | N114: =SUM(SUM(N33,N35,N37,N39,N41,N43,N45,N47,N49,N51,N53,N55,N57,N59,N61,N64,N67,N69)) -> 3 | O114: =SUM(SUM(O33,O35,O37,O39,O41,O43,O45,O47,O49,O51,O53,O55,O57,O59,O61,O64,O67,O69)) -> 3 | P114: =SUM(SUM(P33,P35,P37,P39,P41,P43,P45,P47,P49,P51,P53,P55,P57,P59,P61,P64,P67,P69)) -> 3 | Q114: =SUM(SUM(Q33,Q35,Q37,Q39,Q41,Q43,Q45,Q47,Q49,Q51,Q53,Q55,Q57,Q59,Q61,Q64,Q67,Q69)) -> 3 | R114: =SUM(SUM(R33,R35,R37,R39,R41,R43,R45,R47,R49,R51,R53,R55,R57,R59,R61,R64,R67,R69)) -> 3 | S114: =SUM(SUM(S33,S35,S37,S39,S41,S43,S45,S47,S49,S51,S53,S55,S57,S59,S61,S64,S67,S69)) -> 2 | U114: =SUM(SUM(U33,U35,U37,U39,U41,U43,U45,U47,U49,U51,U53,U55,U57,U59,U61,U64,U67,U69)) -> 2 | V114: =SUM(SUM(V33,V35,V37,V39,V41,V43,V45,V47,V49,V51,V53,V55,V57,V59,V61,V64,V67,V69)) -> 3 | W114: =SUM(SUM(W33,W35,W37,W39,W41,W43,W45,W47,W49,W51,W53,W55,W57,W59,W61,W64,W67,W69)) -> 3 | X114: =SUM(SUM(X33,X35,X37,X39,X41,X43,X45,X47,X49,X51,X53,X55,X57,X59,X61,X64,X67,X69)) -> 3 | Y114: =SUM(SUM(Y33,Y35,Y37,Y39,Y41,Y43,Y45,Y47,Y49,Y51,Y53,Y55,Y57,Y59,Y61,Y64,Y67,Y69)) -> 3 | Z114: =SUM(SUM(Z33,Z35,Z37,Z39,Z41,Z43,Z45,Z47,Z49,Z51,Z53,Z55,Z57,Z59,Z61,Z64,Z67,Z69)) -> 3 | AA114: =SUM(SUM(AA33,AA35,AA37,AA39,AA41,AA43,AA45,AA47,AA49,AA51,AA53,AA55,AA57,AA59,AA61,AA64,AA67,AA69)) -> 2
H115: 7p-11:30p | M115: =SUM(SUM(M67,M69,M79,M81,M83,M85,M87,M89,M91,M93,M95,M97,M99,M101)) -> 2 | N115: =SUM(SUM(N67,N69,N79,N81,N83,N85,N87,N89,N91,N93,N95,N97,N99,N101)) -> 2 | O115: =SUM(SUM(O67,O69,O79,O81,O83,O85,O87,O89,O91,O93,O95,O97,O99,O101)) -> 2 | P115: =SUM(SUM(P67,P69,P79,P81,P83,P85,P87,P89,P91,P93,P95,P97,P99,P101)) -> 2 | Q115: =SUM(SUM(Q67,Q69,Q79,Q81,Q83,Q85,Q87,Q89,Q91,Q93,Q95,Q97,Q99,Q101)) -> 2 | R115: =SUM(SUM(R67,R69,R79,R81,R83,R85,R87,R89,R91,R93,R95,R97,R99,R101)) -> 2 | S115: =SUM(SUM(S67,S69,S79,S81,S83,S85,S87,S89,S91,S93,S95,S97,S99,S101)) -> 2 | U115: =SUM(SUM(U67,U69,U79,U81,U83,U85,U87,U89,U91,U93,U95,U97,U99,U101)) -> 2 | V115: =SUM(SUM(V67,V69,V79,V81,V83,V85,V87,V89,V91,V93,V95,V97,V99,V101)) -> 2 | W115: =SUM(SUM(W67,W69,W79,W81,W83,W85,W87,W89,W91,W93,W95,W97,W99,W101)) -> 2 | X115: =SUM(SUM(X67,X69,X79,X81,X83,X85,X87,X89,X91,X93,X95,X97,X99,X101)) -> 2 | Y115: =SUM(SUM(Y67,Y69,Y79,Y81,Y83,Y85,Y87,Y89,Y91,Y93,Y95,Y97,Y99,Y101)) -> 2 | Z115: =SUM(SUM(Z67,Z69,Z79,Z81,Z83,Z85,Z87,Z89,Z91,Z93,Z95,Z97,Z99,Z101)) -> 2 | AA115: =SUM(SUM(AA67,AA69,AA79,AA81,AA83,AA85,AA87,AA89,AA91,AA93,AA95,AA97,AA99,AA101)) -> 2
H116: 11p-3:30a | M116: =SUM(SUM(M79,M81,M83,M85,M87,M89,M91,M93,M95,M97,M99,M101,M104,M105:M106)) -> 2 | N116: =SUM(SUM(N79,N81,N83,N85,N87,N89,N91,N93,N95,N97,N99,N101,N104,N105:N106)) -> 2 | O116: =SUM(SUM(O79,O81,O83,O85,O87,O89,O91,O93,O95,O97,O99,O101,O104,O105:O106)) -> 2 | P116: =SUM(SUM(P79,P81,P83,P85,P87,P89,P91,P93,P95,P97,P99,P101,P104,P105:P106)) -> 2 | Q116: =SUM(SUM(Q79,Q81,Q83,Q85,Q87,Q89,Q91,Q93,Q95,Q97,Q99,Q101,Q104,Q105:Q106)) -> 2 | R116: =SUM(SUM(R79,R81,R83,R85,R87,R89,R91,R93,R95,R97,R99,R101,R104,R105:R106)) -> 2 | S116: =SUM(SUM(S79,S81,S83,S85,S87,S89,S91,S93,S95,S97,S99,S101,S104,S105:S106)) -> 2 | U116: =SUM(SUM(U79,U81,U83,U85,U87,U89,U91,U93,U95,U97,U99,U101,U104,U105:U106)) -> 2 | V116: =SUM(SUM(V79,V81,V83,V85,V87,V89,V91,V93,V95,V97,V99,V101,V104,V105:V106)) -> 2 | W116: =SUM(SUM(W79,W81,W83,W85,W87,W89,W91,W93,W95,W97,W99,W101,W104,W105:W106)) -> 2 | X116: =SUM(SUM(X79,X81,X83,X85,X87,X89,X91,X93,X95,X97,X99,X101,X104,X105:X106)) -> 2 | Y116: =SUM(SUM(Y79,Y81,Y83,Y85,Y87,Y89,Y91,Y93,Y95,Y97,Y99,Y101,Y104,Y105:Y106)) -> 2 | Z116: =SUM(SUM(Z79,Z81,Z83,Z85,Z87,Z89,Z91,Z93,Z95,Z97,Z99,Z101,Z104,Z105:Z106)) -> 2 | AA116: =SUM(SUM(AA79,AA81,AA83,AA85,AA87,AA89,AA91,AA93,AA95,AA97,AA99,AA101,AA104,AA105:AA106)) -> 2
H117: 3a-7:30a | M117: =SUM(SUM(M79,M81,M83,M85,M87,M89,M91,M93,M95,M97,M99,M101,M104,M106)) -> 2 | N117: =SUM(SUM(N79,N81,N83,N85,N87,N89,N91,N93,N95,N97,N99,N101,N104,N106)) -> 2 | O117: =SUM(SUM(O79,O81,O83,O85,O87,O89,O91,O93,O95,O97,O99,O101,O104,O106)) -> 2 | P117: =SUM(SUM(P79,P81,P83,P85,P87,P89,P91,P93,P95,P97,P99,P101,P104,P106)) -> 2 | Q117: =SUM(SUM(Q79,Q81,Q83,Q85,Q87,Q89,Q91,Q93,Q95,Q97,Q99,Q101,Q104,Q106)) -> 2 | R117: =SUM(SUM(R79,R81,R83,R85,R87,R89,R91,R93,R95,R97,R99,R101,R104,R106)) -> 2 | S117: =SUM(SUM(S79,S81,S83,S85,S87,S89,S91,S93,S95,S97,S99,S101,S104,S106)) -> 2 | U117: =SUM(SUM(U79,U81,U83,U85,U87,U89,U91,U93,U95,U97,U99,U101,U104,U106)) -> 2 | V117: =SUM(SUM(V79,V81,V83,V85,V87,V89,V91,V93,V95,V97,V99,V101,V104,V106)) -> 2 | W117: =SUM(SUM(W79,W81,W83,W85,W87,W89,W91,W93,W95,W97,W99,W101,W104,W106)) -> 2 | X117: =SUM(SUM(X79,X81,X83,X85,X87,X89,X91,X93,X95,X97,X99,X101,X104,X106)) -> 2 | Y117: =SUM(SUM(Y79,Y81,Y83,Y85,Y87,Y89,Y91,Y93,Y95,Y97,Y99,Y101,Y104,Y106)) -> 2 | Z117: =SUM(SUM(Z79,Z81,Z83,Z85,Z87,Z89,Z91,Z93,Z95,Z97,Z99,Z101,Z104,Z106)) -> 2 | AA117: =SUM(SUM(AA79,AA81,AA83,AA85,AA87,AA89,AA91,AA93,AA95,AA97,AA99,AA101,AA104,AA106)) -> 2
F119: Actual Hours | H119: 7a-7:30p | M119: =M112*4+M113*4+M114*4 -> 24 | N119: =N112*4+N113*4+N114*4 -> 36 | O119: =O112*4+O113*4+O114*4 -> 36 | P119: =P112*4+P113*4+P114*4 -> 36 | Q119: =Q112*4+Q113*4+Q114*4 -> 36 | R119: =R112*4+R113*4+R114*4 -> 36 | S119: =S112*4+S113*4+S114*4 -> 24 | U119: =U112*4+U113*4+U114*4 -> 24 | V119: =V112*4+V113*4+V114*4 -> 36 | W119: =W112*4+W113*4+W114*4 -> 36 | X119: =X112*4+X113*4+X114*4 -> 36 | Y119: =Y112*4+Y113*4+Y114*4 -> 36 | Z119: =Z112*4+Z113*4+Z114*4 -> 36 | AA119: =AA112*4+AA113*4+AA114*4 -> 24
F121: Actual Hours | H121: 7p-7:30a | M121: =(M115+M116+M117)*4 -> 24 | N121: =(N115+N116+N117)*4 -> 24 | O121: =(O115+O116+O117)*4 -> 24 | P121: =(P115+P116+P117)*4 -> 24 | Q121: =(Q115+Q116+Q117)*4 -> 24 | R121: =(R115+R116+R117)*4 -> 24 | S121: =(S115+S116+S117)*4 -> 24 | U121: =(U115+U116+U117)*4 -> 24 | V121: =(V115+V116+V117)*4 -> 24 | W121: =(W115+W116+W117)*4 -> 24 | X121: =(X115+X116+X117)*4 -> 24 | Y121: =(Y115+Y116+Y117)*4 -> 24 | Z121: =(Z115+Z116+Z117)*4 -> 24 | AA121: =(AA115+AA116+AA117)*4 -> 24
F123: Patient Volume | H123: 7a-7:30p | M123: =Benchmark!$B$13 -> 24 | N123: =Benchmark!$D$13 -> 24 | O123: =Benchmark!$D$13 -> 24 | P123: =Benchmark!$D$13 -> 24 | Q123: =Benchmark!$D$13 -> 24 | R123: =Benchmark!$D$13 -> 24 | S123: =Benchmark!$B$13 -> 24 | U123: =Benchmark!$B$13 -> 24 | V123: =Benchmark!$D$13 -> 24 | W123: =Benchmark!$D$13 -> 24 | X123: =Benchmark!$D$13 -> 24 | Y123: =Benchmark!$D$13 -> 24 | Z123: =Benchmark!$D$13 -> 24 | AA123: =Benchmark!$B$13 -> 24
B125: Productivity | F125: RT Hours/Patient | H125: 7a-7:30p | M125: =M119/M123 -> 1 | N125: =N119/N123 -> 1.5 | O125: =O119/O123 -> 1.5 | P125: =P119/P123 -> 1.5 | Q125: =Q119/Q123 -> 1.5 | R125: =R119/R123 -> 1.5 | S125: =S119/S123 -> 1 | U125: =U119/U123 -> 1 | V125: =V119/V123 -> 1.5 | W125: =W119/W123 -> 1.5 | X125: =X119/X123 -> 1.5 | Y125: =Y119/Y123 -> 1.5 | Z125: =Z119/Z123 -> 1.5 | AA125: =AA119/AA123 -> 1
B127: Productivity | F127: RT Hours/Patient | H127: 7p-7:30a | M127: =((M115+M116+M117)*4)/M123 -> 1 | N127: =((N115+N116+N117)*4)/N123 -> 1 | O127: =((O115+O116+O117)*4)/O123 -> 1 | P127: =((P115+P116+P117)*4)/P123 -> 1 | Q127: =((Q115+Q116+Q117)*4)/Q123 -> 1 | R127: =((R115+R116+R117)*4)/R123 -> 1 | S127: =((S115+S116+S117)*4)/S123 -> 1 | U127: =((U115+U116+U117)*4)/U123 -> 1 | V127: =((V115+V116+V117)*4)/V123 -> 1 | W127: =((W115+W116+W117)*4)/W123 -> 1 | X127: =((X115+X116+X117)*4)/X123 -> 1 | Y127: =((Y115+Y116+Y117)*4)/Y123 -> 1 | Z127: =((Z115+Z116+Z117)*4)/Z123 -> 1 | AA127: =((AA115+AA116+AA117)*4)/AA123 -> 1

Sheet Master Pay Period 2
AF7: Budgeted | AG7: Actual | AH7: FTE Over | AI7: Total | AJ7: Budgeted | AK7: Productive | AL7: Nonproductive | AM7: Sick | AN7: Hours Over | AO7: Overtime | AP7: Total | AQ7: Daily | AR7: RT Hours / | AS7: Savings | AT7: Annual
AF8: FTE | AG8: FTE | AH8: FTE Under | AI8: FTE | AJ8: Hours | AK8: Hours | AL8: Hours | AM8: Hours | AN8: Hours Under | AO8: Hours | AP8: Hours | AQ8: Census | AR8: Patient Day | AS8: Pay Period | AT8: Savings
AE10: Student Intern | AF10: =I72 -> 0 | AG10: =J72 -> 0 | AH10: =AF10-AG10 -> 0 | AI10: =AP10/80 -> 0 | AJ10: =AF10*80 -> 0 | AK10: =K72 -> 0 | AL10: =B72 -> 0 | AM10: =C72 -> 0 | AN10: =AJ10-(AK10-AL10-AM10) -> 0 | AO10: =L72 -> 0 | AP10: =AK10-(AL10+AM10) -> 0 | AS10: =AL72 -> 0 | AT10: =AM72 -> 0
F11: Wages/Pay | G11: OT/Pay
F12: =AD109 -> 25601.72 | G12: =AC109 -> 0 | AE12: Clinical Student | AF12: =I76+I74 -> 0 | AG12: =J76+J74 -> 0 | AH12: =AF12-AG12 -> 0 | AI12: =AP12/80 -> 0 | AJ12: =AF12*80 -> 0 | AK12: =K74+K76 -> 0 | AL12: =B74+B76 -> 0 | AM12: =C76+C74 -> 0 | AN12: =AJ12-(AK12-AL12-AM12) -> 0 | AO12: =SUM(L74,L76) -> 0 | AP12: =AK12-(AL12+AM12) -> 0 | AS12: =AL76+AL74 -> 0 | AT12: =AM76 -> 0
AE13: CRT | AF13: =SUM(I47+I101) -> 0 | AG13: =SUM(J47+J101) -> 0 | AH13: =AF13-AG13 -> 0 | AI13: =AP13/80 -> 0 | AJ13: =AF13*80 -> 0 | AK13: =SUM(K47+K101) -> 0 | AL13: =SUM(B47,B101) -> 0 | AM13: =C47+C101 -> 0 | AN13: =AJ13-(AK13-AL13-AM13) -> 0 | AO13: =SUM(L47+L101) -> 0 | AP13: =AK13-(AL13+AM13) -> 0 | AS13: =AL47+AL101 -> 0 | AT13: =AM47+AM101 -> 0
AE14: RRT | AF14: =SUM(I33+I35+I37+I39+I41+I43+I45+I49+I51+I53+I55+I57+I59+I61+I64+I67+I69+I79+I81+I83+I85+I87+I89+I91+I93+I95+I97+I99+I101+I104+I106) -> 9.9 | AG14: =+SUM(J33+J35+J37+J39+J41+J43+J45+J49+J51+J53+J55+J57+J59+J61+J64+J67+J69+J79+J81+J83+J85+J87+J89+J91+J93+J95+J97+J99+J104+J106) -> 9.9 | AH14: =AF14-AG14 -> 0 | AI14: =AP14/80 -> 9.9 | AJ14: =AF14*80 -> 792 | AK14: =SUM(K33+K35+K37+K39+K41+K43+K45+K49+K51+K53+K55+K57+K59+K61+K64+K67+K69+K79+K81+K83+K85+K87+K89+K91+K93+K95+K97+K99+K104+K106) -> 792 | AL14: =SUM(B33+B35+B37+B39+B41+B43+B45+B49+B51+B53+B55+B57+B59+B61+B64+B67+B69+B79+B81+B83+B85+B87+B89+B91+B93+B95+B97+B99+B104+B106) -> 0 | AM14: =SUM(C33+C35+C37+C39+C41+C43+C45+C49+C51+C53+C55+C57+C59+C61+C64+C67+C69+C79+C81+C83+C85+C87+C89+C91+C93+C95+C97+C99+C104+C106) -> 0 | AN14: =AJ14-(AK14-AL14-AM14) -> 0 | AO14: =SUM(L33+L35+L37+L39+L41+L43+L45+L49+L51+L53+L55+L57+L59+L61+L64+L67+L69+L79+L81+L83+L85+L87+L89+L91+L93+L95+L97+L99+L104+L106) -> 0 | AP14: =AK14-(AL14+AM14) -> 792 | AS14: =SUM(AL33:AL45,AL47:AL69,AL79:AL101,F104:F106) -> 0 | AT14: =SUM(AM33:AM45,AM47:AM69,AM79:AM101,F104:F106) -> 0
AE15: Manager | AF15: =I30 -> 1 | AG15: =J30 -> 1 | AH15: =AF15-AG15 -> 0 | AI15: =AP15/80 -> 1 | AJ15: =AF15*80 -> 80 | AK15: =AF30 -> 80 | AL15: =B30 -> 0 | AM15: =C30 -> 0 | AN15: =AJ15-(AK15-AL15-AM15) -> 0 | AO15: =L30 -> 0 | AP15: =AK15-(AL15+AM15) -> 80 | AS15: =AL30 -> 0 | AT15: =AM30 -> 0
AE16: PFT | AF16: =I27 -> 0.6 | AG16: =J27 -> 0.6 | AH16: =AF16-AG16 -> 0 | AI16: =AP16/80 -> 0.6 | AJ16: =AF16*80 -> 48 | AK16: =AF27 -> 48 | AL16: =B27 -> 0 | AM16: =C27 -> 0 | AN16: =AJ16-(AK16-AL16-AM16) -> 0 | AO16: =L27 -> 0 | AP16: =AK16-(AL16+AM16) -> 48 | AS16: =AL27 -> 0 | AT16: =AM27 -> 0
F17: ='Master Pay Period 1'!F17 -> Company | W17: Goforth ™
F18: ='Master Pay Period 1'!F18 -> 0 | W18: Better Tools For Workforce Management | AE18: Total | AF18: =SUM(AF10:AF17) -> 11.5 | AG18: =SUM(SUM(AG10:AG16)) -> 11.5 | AH18: =SUM(SUM(AH10:AH16)) -> 0 | AI18: =AP18/80 -> 11.5 | AJ18: =SUM(SUM(AJ10:AJ16)) -> 920 | AK18: =SUM(SUM(AK10:AK16)) -> 920 | AL18: =SUM(SUM(AL10:AL16)) -> 0 | AM18: =SUM(SUM(AM10:AM16)) -> 0 | AN18: =SUM(SUM(AN10:AN16)) -> 0 | AO18: =SUM(SUM(AO10:AO16)) -> 0 | AP18: =SUM(SUM(AP10:AP16)) -> 920 | AQ18: =SUM(M123:S123,U123:AA123)/14 -> 24 | AR18: =SUM(M119:S119,U119:AA119,M121:S121,U121:AA121)/SUM(M123:S123,U123:AA123) -> 2.3571429 | AS18: =SUM(SUM(AS10:AS16)) -> 0 | AT18: =SUM(SUM(AT10:AT16)) -> 0
F19: ='Master Pay Period 1'!F19 -> 0 | W19: Copyright © 2012-2018 Goforth, LLC. All Rights Reserved
M21: =Calendar!A8 -> 2
A22: Wages | B22: Non | C22: Sick | D22: Hours | E22: Hours | F22: Name | G22: Title | H22: Shift | I22: Budgeted | J22: Actual | K22: Actual | L22: OT | M22: =Calendar!A9 -> January | N22: =Calendar!B9 -> 0 | O22: =Calendar!C9 -> 0 | P22: =Calendar!D9 -> 0 | Q22: =Calendar!E9 -> 0 | R22: =Calendar!F9 -> 0 | S22: =Calendar!G9 -> 0 | T22: =Calendar!H9 -> 2019 | ... AA22: =Calendar!O9 -> 0 | AB22: Absence | AC22: OT/Pay | AD22: Wages/Pay | AE22: Budgeted | AF22: Actual | AG22: Hours | AH22: FTE | AI22: Benefit | AJ22: Total FTE | AK22: Benefits | AL22: Savings | AM22: Annual | AN22: Shifts
A23: Per Hour | B23: Productive | C23: Hours | D23: Over | E23: Shift | I23: FTE | J23: FTE | K23: Hours | L23: Hours | M23: =Calendar!A10 -> 13 | N23: =Calendar!B10 -> 14 | O23: =Calendar!C10 -> 15 | P23: =Calendar!D10 -> 16 | Q23: =Calendar!E10 -> 17 | R23: =Calendar!F10 -> 18 | S23: =Calendar!G10 -> 19 | U23: =Calendar!I10 -> 20 | V23: =Calendar!J10 -> 21 | W23: =Calendar!K10 -> 22 | X23: =Calendar!L10 -> 23 | Y23: =Calendar!M10 -> 24 | Z23: =Calendar!N10 -> 25 | AA23: =Calendar!O10 -> 26 | AB23: Occurrence | AE23: Hours | AF23: Hours | AG23: Saved | AH23: Saved | AI23: FTE | AJ23: Saved | AK23: Benefits | AL23: Pay Period | AM23: Savings | AN23: Pay Period
B24: Hours | D24: Under | M24: S | N24: M | O24: T | P24: W | Q24: T | R24: F | S24: S | U24: S | V24: M | W24: T | X24: W | Y24: T | Z24: F | AA24: S
A27: ='Master Pay Period 1'!A27 -> 33 | B27: =SUM(IF(M27="V",-E27),IF(N27="V",-E27),IF(O27="V",-E27),IF(P27="V",-E27),IF(Q27="V",-E27),IF(R27="V",-E27),IF(S27="V",-E27),IF(U27="V",-E27),IF(V27="V",-E27),IF(W27="V",-E27),IF(X27="V",-E27),IF(Y27="V",-E27),IF(Z27="V",-E27),IF(AA27="V",-E27),IF(M27="H",-E27),IF(N27="H",-E27),IF(O27="H",-E27),IF(P27="H",-E27),IF(Q27="H",-E27),IF(R27="H",-E27),IF(S27="H",-E27),IF(U27="H",-E27),IF(V27="H",-E27),IF(W27="H",-E27),IF(X27="H",-E27),IF(Y27="H",-E27),IF(Z27="H",-E27),IF(AA27="H",-E27)) -> 0 | C27: =SUM(IF(M27="S",-E27),IF(N27="S",-E27),IF(O27="S",-E27),IF(P27="S",-E27),IF(Q27="S",-E27),IF(R27="S",-E27),IF(S27="S",-E27),IF(U27="S",-E27),IF(V27="S",-E27),IF(W27="S",-E27),IF(X27="S",-E27),IF(Y27="S",-E27),IF(Z27="S",-E27),IF(AA27="S",-E27)) -> 0 | D27: =(I27*80)-(K27-(B27+C27)) -> 0 | E27: ='Master Pay Period 1'!E27 -> 6 | F27: ='Master Pay Period 1'!F27 -> 0 | G27: ='Master Pay Period 1'!G27 -> PFT | H27: ='Master Pay Period 1'!H27 -> 7a-3-30p | I27: ='Master Pay Period 1'!I27 -> 0.6 | J27: =AF27/80 -> 0.6 | K27: =E27*AN27 -> 48 | M27: =' Benchmark Schedule'!AC27 -> 0 | N27: =' Benchmark Schedule'!AD27 -> 0 | O27: =' Benchmark Schedule'!AE27 -> 1 | P27: =' Benchmark Schedule'!AF27 -> 1 | Q27: =' Benchmark Schedule'!AG27 -> 1 | R27: =' Benchmark Schedule'!AH27 -> 1 | S27: =' Benchmark Schedule'!AI27 -> 0 | T27: =' Benchmark Schedule'!AJ27 -> 0 | ... AA27: =' Benchmark Schedule'!AQ27 -> 0 | AC27: =(A27*1.5)*L27 -> 0 | AD27: =(A27*(K27-B27-C27))-(A27*L27) -> 1584 | AE27: =I27*80 -> 48 | AF27: =AN27*E27 -> 48 | AG27: =AE27-AF27 -> 0 | AH27: =AG27/80 -> 0 | AI27: =B27/(80) -> 0 | AJ27: =SUM(SUM(AH27,AI27)) -> 0 | AK27: =A27*0.28 -> 9.24 | AL27: =D27*A27 -> 0 | AM27: =(AK27+A27)*(D27)*26 -> 0 | AN27: =SUM(SUM(M27:AA27)) -> 8
A30: ='Master Pay Period 1'!A30 -> 40 | B30: =SUM(IF(M30="V",-E30),IF(N30="V",-E30),IF(O30="V",-E30),IF(P30="V",-E30),IF(Q30="V",-E30),IF(R30="V",-E30),IF(S30="V",-E30),IF(U30="V",-E30),IF(V30="V",-E30),IF(W30="V",-E30),IF(X30="V",-E30),IF(Y30="V",-E30),IF(Z30="V",-E30),IF(AA30="V",-E30),IF(M30="H",-E30),IF(N30="H",-E30),IF(O30="H",-E30),IF(P30="H",-E30),IF(Q30="H",-E30),IF(R30="H",-E30),IF(S30="H",-E30),IF(U30="H",-E30),IF(V30="H",-E30),IF(W30="H",-E30),IF(X30="H",-E30),IF(Y30="H",-E30),IF(Z30="H",-E30),IF(AA30="H",-E30)) -> 0 | C30: =SUM(IF(M30="S",-E30),IF(N30="S",-E30),IF(O30="S",-E30),IF(P30="S",-E30),IF(Q30="S",-E30),IF(R30="S",-E30),IF(S30="S",-E30),IF(U30="S",-E30),IF(V30="S",-E30),IF(W30="S",-E30),IF(X30="S",-E30),IF(Y30="S",-E30),IF(Z30="S",-E30),IF(AA30="S",-E30)) -> 0 | D30: =(I30*80)-(K30-(B30+C30)) -> 0 | E30: ='Master Pay Period 1'!E30 -> 8 | F30: ='Master Pay Period 1'!F30 -> 0 | G30: ='Master Pay Period 1'!G30 -> Manager | H30: ='Master Pay Period 1'!H30 -> 7a-3-30p | I30: ='Master Pay Period 1'!I30 -> 1 | J30: =AF30/80 -> 1 | K30: =E30*AN30 -> 80 | M30: =' Benchmark Schedule'!AC30 -> 0 | N30: =' Benchmark Schedule'!AD30 -> 1 | O30: =' Benchmark Schedule'!AE30 -> 1 | P30: =' Benchmark Schedule'!AF30 -> 1 | Q30: =' Benchmark Schedule'!AG30 -> 1 | R30: =' Benchmark Schedule'!AH30 -> 1 | S30: =' Benchmark Schedule'!AI30 -> 0 | T30: =' Benchmark Schedule'!AJ30 -> 0 | ... AA30: =' Benchmark Schedule'!AQ30 -> 0 | AC30: =(A30*1.5)*L30 -> 0 | AD30: =(A30*(K30-B30-C30))-(A30*L30) -> 3200 | AE30: =I30*80 -> 80 | AF30: =AN30*E30 -> 80 | AG30: =AE30-AF30 -> 0 | AH30: =AG30/80 -> 0 | AI30: =B30/(80) -> 0 | AJ30: =SUM(SUM(AH30,AI30)) -> 0 | AK30: =A30*0.28 -> 11.2 | AL30: =D30*A30 -> 0 | AM30: =(AK30+A30)*(D30)*26 -> 0 | AN30: =SUM(SUM(M30:AA30)) -> 10
A33: ='Master Pay Period 1'!A33 -> 25 | B33: =SUM(IF(M33="V",-E33),IF(N33="V",-E33),IF(O33="V",-E33),IF(P33="V",-E33),IF(Q33="V",-E33),IF(R33="V",-E33),IF(S33="V",-E33),IF(U33="V",-E33),IF(V33="V",-E33),IF(W33="V",-E33),IF(X33="V",-E33),IF(Y33="V",-E33),IF(Z33="V",-E33),IF(AA33="V",-E33),IF(M33="H",-E33),IF(N33="H",-E33),IF(O33="H",-E33),IF(P33="H",-E33),IF(Q33="H",-E33),IF(R33="H",-E33),IF(S33="H",-E33),IF(U33="H",-E33),IF(V33="H",-E33),IF(W33="H",-E33),IF(X33="H",-E33),IF(Y33="H",-E33),IF(Z33="H",-E33),IF(AA33="H",-E33)) -> 0 | C33: =SUM(IF(M33="S",-E33),IF(N33="S",-E33),IF(O33="S",-E33),IF(P33="S",-E33),IF(Q33="S",-E33),IF(R33="S",-E33),IF(S33="S",-E33),IF(U33="S",-E33),IF(V33="S",-E33),IF(W33="S",-E33),IF(X33="S",-E33),IF(Y33="S",-E33),IF(Z33="S",-E33),IF(AA33="S",-E33)) -> 0 | D33: =(I33*80)-(K33-(B33+C33)) -> 0 | E33: ='Master Pay Period 1'!E33 -> 12 | F33: ='Master Pay Period 1'!F33 -> 0 | G33: ='Master Pay Period 1'!G33 -> RRT | H33: ='Master Pay Period 1'!H33 -> 7a-7-30p | I33: ='Master Pay Period 1'!I33 -> 0.9 | J33: =AF33/80 -> 0.9 | K33: =E33*AN33 -> 72 | M33: =' Benchmark Schedule'!AC33 -> 0 | N33: =' Benchmark Schedule'!AD33 -> 1 | O33: =' Benchmark Schedule'!AE33 -> 0 | P33: =' Benchmark Schedule'!AF33 -> 1 | Q33: =' Benchmark Schedule'!AG33 -> 0 | R33: =' Benchmark Schedule'!AH33 -> 0 | S33: =' Benchmark Schedule'!AI33 -> 1 | T33: =' Benchmark Schedule'!AJ33 -> 0 | ... AA33: =' Benchmark Schedule'!AQ33 -> 0 | AC33: =(A33*1.5)*L33 -> 0 | AD33: =(A33*(K33-B33-C33))-(A33*L33) -> 1800 | AE33: =I33*80 -> 72 | AF33: =AN33*E33 -> 72 | AG33: =AE33-AF33 -> 0 | AH33: =AG33/80 -> 0 | AI33: =B33/(80) -> 0 | AJ33: =SUM(SUM(AH33,AI33)) -> 0 | AK33: =A33*0.28 -> 7 | AL33: =D33*A33 -> 0 | AM33: =(AK33+A33)*(D33)*26 -> 0 | AN33: =SUM(SUM(M33:AA33)) -> 6
A35: ='Master Pay Period 1'!A35 -> 25 | B35: =SUM(IF(M35="V",-E35),IF(N35="V",-E35),IF(O35="V",-E35),IF(P35="V",-E35),IF(Q35="V",-E35),IF(R35="V",-E35),IF(S35="V",-E35),IF(U35="V",-E35),IF(V35="V",-E35),IF(W35="V",-E35),IF(X35="V",-E35),IF(Y35="V",-E35),IF(Z35="V",-E35),IF(AA35="V",-E35),IF(M35="H",-E35),IF(N35="H",-E35),IF(O35="H",-E35),IF(P35="H",-E35),IF(Q35="H",-E35),IF(R35="H",-E35),IF(S35="H",-E35),IF(U35="H",-E35),IF(V35="H",-E35),IF(W35="H",-E35),IF(X35="H",-E35),IF(Y35="H",-E35),IF(Z35="H",-E35),IF(AA35="H",-E35)) -> 0 | C35: =SUM(IF(M35="S",-E35),IF(N35="S",-E35),IF(O35="S",-E35),IF(P35="S",-E35),IF(Q35="S",-E35),IF(R35="S",-E35),IF(S35="S",-E35),IF(U35="S",-E35),IF(V35="S",-E35),IF(W35="S",-E35),IF(X35="S",-E35),IF(Y35="S",-E35),IF(Z35="S",-E35),IF(AA35="S",-E35)) -> 0 | D35: =(I35*80)-(K35-(B35+C35)) -> 0 | E35: ='Master Pay Period 1'!E35 -> 12 | F35: ='Master Pay Period 1'!F35 -> 0 | G35: ='Master Pay Period 1'!G35 -> RRT | H35: ='Master Pay Period 1'!H35 -> 7a-7-30p | I35: ='Master Pay Period 1'!I35 -> 0.9 | J35: =AF35/80 -> 0.9 | K35: =E35*AN35 -> 72 | M35: =' Benchmark Schedule'!AC35 -> 0 | N35: =' Benchmark Schedule'!AD35 -> 0 | O35: =' Benchmark Schedule'!AE35 -> 1 | P35: =' Benchmark Schedule'!AF35 -> 0 | Q35: =' Benchmark Schedule'!AG35 -> 1 | R35: =' Benchmark Schedule'!AH35 -> 1 | S35: =' Benchmark Schedule'!AI35 -> 0 | T35: =' Benchmark Schedule'!AJ35 -> 0 | ... AA35: =' Benchmark Schedule'!AQ35 -> 1 | AC35: =(A35*1.5)*L35 -> 0 | AD35: =(A35*(K35-B35-C35))-(A35*L35) -> 1800 | AE35: =I35*80 -> 72 | AF35: =AN35*E35 -> 72 | AG35: =AE35-AF35 -> 0 | AH35: =AG35/80 -> 0 | AI35: =B35/(80) -> 0 | AJ35: =SUM(SUM(AH35,AI35)) -> 0 | AK35: =A35*0.28 -> 7 | AL35: =D35*A35 -> 0 | AM35: =(AK35+A35)*(D35)*26 -> 0 | AN35: =SUM(SUM(M35:AA35)) -> 6
A37: ='Master Pay Period 1'!A37 -> 25 | B37: =SUM(IF(M37="V",-E37),IF(N37="V",-E37),IF(O37="V",-E37),IF(P37="V",-E37),IF(Q37="V",-E37),IF(R37="V",-E37),IF(S37="V",-E37),IF(U37="V",-E37),IF(V37="V",-E37),IF(W37="V",-E37),IF(X37="V",-E37),IF(Y37="V",-E37),IF(Z37="V",-E37),IF(AA37="V",-E37),IF(M37="H",-E37),IF(N37="H",-E37),IF(O37="H",-E37),IF(P37="H",-E37),IF(Q37="H",-E37),IF(R37="H",-E37),IF(S37="H",-E37),IF(U37="H",-E37),IF(V37="H",-E37),IF(W37="H",-E37),IF(X37="H",-E37),IF(Y37="H",-E37),IF(Z37="H",-E37),IF(AA37="H",-E37)) -> 0 | C37: =SUM(IF(M37="S",-E37),IF(N37="S",-E37),IF(O37="S",-E37),IF(P37="S",-E37),IF(Q37="S",-E37),IF(R37="S",-E37),IF(S37="S",-E37),IF(U37="S",-E37),IF(V37="S",-E37),IF(W37="S",-E37),IF(X37="S",-E37),IF(Y37="S",-E37),IF(Z37="S",-E37),IF(AA37="S",-E37)) -> 0 | D37: =(I37*80)-(K37-(B37+C37)) -> 0 | E37: ='Master Pay Period 1'!E37 -> 12 | F37: ='Master Pay Period 1'!F37 -> 0 | G37: ='Master Pay Period 1'!G37 -> RRT | H37: ='Master Pay Period 1'!H37 -> 7a-7:30p | I37: ='Master Pay Period 1'!I37 -> 0.9 | J37: =AF37/80 -> 0.9 | K37: =E37*AN37 -> 72 | M37: =' Benchmark Schedule'!AC37 -> 1 | N37: =' Benchmark Schedule'!AD37 -> 0 | O37: =' Benchmark Schedule'!AE37 -> 1 | P37: =' Benchmark Schedule'!AF37 -> 0 | Q37: =' Benchmark Schedule'!AG37 -> 1 | R37: =' Benchmark Schedule'!AH37 -> 0 | S37: =' Benchmark Schedule'!AI37 -> 0 | T37: =' Benchmark Schedule'!AJ37 -> 0 | ... AA37: =' Benchmark Schedule'!AQ37 -> 0 | AC37: =(A37*1.5)*L37 -> 0 | AD37: =(A37*(K37-B37-C37))-(A37*L37) -> 1800 | AE37: =I37*80 -> 72 | AF37: =AN37*E37 -> 72 | AG37: =AE37-AF37 -> 0 | AH37: =AG37/80 -> 0 | AI37: =B37/(80) -> 0 | AJ37: =SUM(SUM(AH37,AI37)) -> 0 | AK37: =A37*0.28 -> 7 | AL37: =D37*A37 -> 0 | AM37: =(AK37+A37)*(D37)*26 -> 0 | AN37: =SUM(SUM(M37:AA37)) -> 6
A39: ='Master Pay Period 1'!A39 -> 25 | B39: =SUM(IF(M39="V",-E39),IF(N39="V",-E39),IF(O39="V",-E39),IF(P39="V",-E39),IF(Q39="V",-E39),IF(R39="V",-E39),IF(S39="V",-E39),IF(U39="V",-E39),IF(V39="V",-E39),IF(W39="V",-E39),IF(X39="V",-E39),IF(Y39="V",-E39),IF(Z39="V",-E39),IF(AA39="V",-E39),IF(M39="H",-E39),IF(N39="H",-E39),IF(O39="H",-E39),IF(P39="H",-E39),IF(Q39="H",-E39),IF(R39="H",-E39),IF(S39="H",-E39),IF(U39="H",-E39),IF(V39="H",-E39),IF(W39="H",-E39),IF(X39="H",-E39),IF(Y39="H",-E39),IF(Z39="H",-E39),IF(AA39="H",-E39)) -> 0 | C39: =SUM(IF(M39="S",-E39),IF(N39="S",-E39),IF(O39="S",-E39),IF(P39="S",-E39),IF(Q39="S",-E39),IF(R39="S",-E39),IF(S39="S",-E39),IF(U39="S",-E39),IF(V39="S",-E39),IF(W39="S",-E39),IF(X39="S",-E39),IF(Y39="S",-E39),IF(Z39="S",-E39),IF(AA39="S",-E39)) -> 0 | D39: =(I39*80)-(K39-(B39+C39)) -> 0 | E39: ='Master Pay Period 1'!E39 -> 12 | F39: ='Master Pay Period 1'!F39 -> 0 | G39: ='Master Pay Period 1'!G39 -> RRT | H39: ='Master Pay Period 1'!H39 -> 7a-7:30p | I39: ='Master Pay Period 1'!I39 -> 0.75 | J39: =AF39/80 -> 0.75 | K39: =E39*AN39 -> 60 | M39: =' Benchmark Schedule'!AC39 -> 0 | N39: =' Benchmark Schedule'!AD39 -> 1 | O39: =' Benchmark Schedule'!AE39 -> 0 | P39: =' Benchmark Schedule'!AF39 -> 0 | Q39: =' Benchmark Schedule'!AG39 -> 0 | R39: =' Benchmark Schedule'!AH39 -> 1 | S39: =' Benchmark Schedule'!AI39 -> 1 | T39: =' Benchmark Schedule'!AJ39 -> 0 | ... AA39: =' Benchmark Schedule'!AQ39 -> 0 | AC39: =(A39*1.5)*L39 -> 0 | AD39: =(A39*(K39-B39-C39))-(A39*L39) -> 1500 | AE39: =I39*80 -> 60 | AF39: =AN39*E39 -> 60 | AG39: =AE39-AF39 -> 0 | AH39: =AG39/80 -> 0 | AI39: =B39/(80) -> 0 | AJ39: =SUM(SUM(AH39,AI39)) -> 0 | AK39: =A39*0.28 -> 7 | AL39: =D39*A39 -> 0 | AM39: =(AK39+A39)*(D39)*26 -> 0 | AN39: =SUM(SUM(M39:AA39)) -> 5
A41: ='Master Pay Period 1'!A41 -> 25 | B41: =SUM(IF(M41="V",-E41),IF(N41="V",-E41),IF(O41="V",-E41),IF(P41="V",-E41),IF(Q41="V",-E41),IF(R41="V",-E41),IF(S41="V",-E41),IF(U41="V",-E41),IF(V41="V",-E41),IF(W41="V",-E41),IF(X41="V",-E41),IF(Y41="V",-E41),IF(Z41="V",-E41),IF(AA41="V",-E41),IF(M41="H",-E41),IF(N41="H",-E41),IF(O41="H",-E41),IF(P41="H",-E41),IF(Q41="H",-E41),IF(R41="H",-E41),IF(S41="H",-E41),IF(U41="H",-E41),IF(V41="H",-E41),IF(W41="H",-E41),IF(X41="H",-E41),IF(Y41="H",-E41),IF(Z41="H",-E41),IF(AA41="H",-E41)) -> 0 | C41: =SUM(IF(M41="S",-E41),IF(N41="S",-E41),IF(O41="S",-E41),IF(P41="S",-E41),IF(Q41="S",-E41),IF(R41="S",-E41),IF(S41="S",-E41),IF(U41="S",-E41),IF(V41="S",-E41),IF(W41="S",-E41),IF(X41="S",-E41),IF(Y41="S",-E41),IF(Z41="S",-E41),IF(AA41="S",-E41)) -> 0 | D41: =(I41*80)-(K41-(B41+C41)) -> 0 | E41: ='Master Pay Period 1'!E41 -> 12 | F41: ='Master Pay Period 1'!F41 -> 0 | G41: ='Master Pay Period 1'!G41 -> RRT | H41: ='Master Pay Period 1'!H41 -> 7a-7:30p | I41: ='Master Pay Period 1'!I41 -> 0.9 | J41: =AF41/80 -> 0.9 | K41: =E41*AN41 -> 72 | M41: =' Benchmark Schedule'!AC41 -> 0 | N41: =' Benchmark Schedule'!AD41 -> 1 | O41: =' Benchmark Schedule'!AE41 -> 0 | P41: =' Benchmark Schedule'!AF41 -> 1 | Q41: =' Benchmark Schedule'!AG41 -> 1 | R41: =' Benchmark Schedule'!AH41 -> 0 | S41: =' Benchmark Schedule'!AI41 -> 0 | T41: =' Benchmark Schedule'!AJ41 -> 0 | ... AA41: =' Benchmark Schedule'!AQ41 -> 1 | AC41: =(A41*1.5)*L41 -> 0 | AD41: =(A41*(K41-B41-C41))-(A41*L41) -> 1800 | AE41: =I41*80 -> 72 | AF41: =AN41*E41 -> 72 | AG41: =AE41-AF41 -> 0 | AH41: =AG41/80 -> 0 | AI41: =B41/(80) -> 0 | AJ41: =SUM(SUM(AH41,AI41)) -> 0 | AK41: =A41*0.28 -> 7 | AL41: =D41*A41 -> 0 | AM41: =(AK41+A41)*(D41)*26 -> 0 | AN41: =SUM(SUM(M41:AA41)) -> 6
A43: ='Master Pay Period 1'!A43 -> 25 | B43: =SUM(IF(M43="V",-E43),IF(N43="V",-E43),IF(O43="V",-E43),IF(P43="V",-E43),IF(Q43="V",-E43),IF(R43="V",-E43),IF(S43="V",-E43),IF(U43="V",-E43),IF(V43="V",-E43),IF(W43="V",-E43),IF(X43="V",-E43),IF(Y43="V",-E43),IF(Z43="V",-E43),IF(AA43="V",-E43),IF(M43="H",-E43),IF(N43="H",-E43),IF(O43="H",-E43),IF(P43="H",-E43),IF(Q43="H",-E43),IF(R43="H",-E43),IF(S43="H",-E43),IF(U43="H",-E43),IF(V43="H",-E43),IF(W43="H",-E43),IF(X43="H",-E43),IF(Y43="H",-E43),IF(Z43="H",-E43),IF(AA43="H",-E43)) -> 0 | C43: =SUM(IF(M43="S",-E43),IF(N43="S",-E43),IF(O43="S",-E43),IF(P43="S",-E43),IF(Q43="S",-E43),IF(R43="S",-E43),IF(S43="S",-E43),IF(U43="S",-E43),IF(V43="S",-E43),IF(W43="S",-E43),IF(X43="S",-E43),IF(Y43="S",-E43),IF(Z43="S",-E43),IF(AA43="S",-E43)) -> 0 | D43: =(I43*80)-(K43-(B43+C43)) -> 0 | E43: ='Master Pay Period 1'!E43 -> 12 | F43: ='Master Pay Period 1'!F43 -> 0 | G43: ='Master Pay Period 1'!G43 -> RRT | H43: ='Master Pay Period 1'!H43 -> 7a-7:30p | I43: ='Master Pay Period 1'!I43 -> 0.75 | J43: =AF43/80 -> 0.75 | K43: =E43*AN43 -> 60 | M43: =' Benchmark Schedule'!AC43 -> 1 | N43: =' Benchmark Schedule'!AD43 -> 0 | O43: =' Benchmark Schedule'!AE43 -> 0 | P43: =' Benchmark Schedule'!AF43 -> 0 | Q43: =' Benchmark Schedule'!AG43 -> 0 | R43: =' Benchmark Schedule'!AH43 -> 1 | S43: =' Benchmark Schedule'!AI43 -> 0 | T43: =' Benchmark Schedule'!AJ43 -> 0 | ... AA43: =' Benchmark Schedule'!AQ43 -> 0 | AC43: =(A43*1.5)*L43 -> 0 | AD43: =(A43*(K43-B43-C43))-(A43*L43) -> 1500 | AE43: =I43*80 -> 60 | AF43: =AN43*E43 -> 60 | AG43: =AE43-AF43 -> 0 | AH43: =AG43/80 -> 0 | AI43: =B43/(80) -> 0 | AJ43: =SUM(SUM(AH43,AI43)) -> 0 | AK43: =A43*0.28 -> 7 | AL43: =D43*A43 -> 0 | AM43: =(AK43+A43)*(D43)*26 -> 0 | AN43: =SUM(SUM(M43:AA43)) -> 5
A45: ='Master Pay Period 1'!A45 -> 25 | B45: =SUM(IF(M45="V",-E45),IF(N45="V",-E45),IF(O45="V",-E45),IF(P45="V",-E45),IF(Q45="V",-E45),IF(R45="V",-E45),IF(S45="V",-E45),IF(U45="V",-E45),IF(V45="V",-E45),IF(W45="V",-E45),IF(X45="V",-E45),IF(Y45="V",-E45),IF(Z45="V",-E45),IF(AA45="V",-E45),IF(M45="H",-E45),IF(N45="H",-E45),IF(O45="H",-E45),IF(P45="H",-E45),IF(Q45="H",-E45),IF(R45="H",-E45),IF(S45="H",-E45),IF(U45="H",-E45),IF(V45="H",-E45),IF(W45="H",-E45),IF(X45="H",-E45),IF(Y45="H",-E45),IF(Z45="H",-E45),IF(AA45="H",-E45)) -> 0 | C45: =SUM(IF(M45="S",-E45),IF(N45="S",-E45),IF(O45="S",-E45),IF(P45="S",-E45),IF(Q45="S",-E45),IF(R45="S",-E45),IF(S45="S",-E45),IF(U45="S",-E45),IF(V45="S",-E45),IF(W45="S",-E45),IF(X45="S",-E45),IF(Y45="S",-E45),IF(Z45="S",-E45),IF(AA45="S",-E45)) -> 0 | D45: =(I45*80)-(K45-(B45+C45)) -> 0 | E45: ='Master Pay Period 1'!E45 -> 12 | F45: ='Master Pay Period 1'!F45 -> 0 | G45: ='Master Pay Period 1'!G45 -> RRT | H45: ='Master Pay Period 1'!H45 -> 7a-7:30p | I45: ='Master Pay Period 1'!I45 -> 0.6 | J45: =AF45/80 -> 0.6 | K45: =E45*AN45 -> 48 | M45: =' Benchmark Schedule'!AC45 -> 0 | N45: =' Benchmark Schedule'!AD45 -> 0 | O45: =' Benchmark Schedule'!AE45 -> 1 | P45: =' Benchmark Schedule'!AF45 -> 1 | Q45: =' Benchmark Schedule'!AG45 -> 0 | R45: =' Benchmark Schedule'!AH45 -> 0 | S45: =' Benchmark Schedule'!AI45 -> 0 | T45: =' Benchmark Schedule'!AJ45 -> 0 | ... AA45: =' Benchmark Schedule'!AQ45 -> 0 | AC45: =(A45*1.5)*L45 -> 0 | AD45: =(A45*(K45-B45-C45))-(A45*L45) -> 1200 | AE45: =I45*80 -> 48 | AF45: =AN45*E45 -> 48 | AG45: =AE45-AF45 -> 0 | AH45: =AG45/80 -> 0 | AI45: =B45/(80) -> 0 | AJ45: =SUM(SUM(AH45,AI45)) -> 0 | AK45: =A45*0.28 -> 7 | AL45: =D45*A45 -> 0 | AM45: =(AK45+A45)*(D45)*26 -> 0 | AN45: =SUM(SUM(M45:AA45)) -> 4
A47: ='Master Pay Period 1'!A47 -> 22 | B47: =SUM(IF(M47="V",-E47),IF(N47="V",-E47),IF(O47="V",-E47),IF(P47="V",-E47),IF(Q47="V",-E47),IF(R47="V",-E47),IF(S47="V",-E47),IF(U47="V",-E47),IF(V47="V",-E47),IF(W47="V",-E47),IF(X47="V",-E47),IF(Y47="V",-E47),IF(Z47="V",-E47),IF(AA47="V",-E47),IF(M47="H",-E47),IF(N47="H",-E47),IF(O47="H",-E47),IF(P47="H",-E47),IF(Q47="H",-E47),IF(R47="H",-E47),IF(S47="H",-E47),IF(U47="H",-E47),IF(V47="H",-E47),IF(W47="H",-E47),IF(X47="H",-E47),IF(Y47="H",-E47),IF(Z47="H",-E47),IF(AA47="H",-E47)) -> 0 | C47: =SUM(IF(M47="S",-E47),IF(N47="S",-E47),IF(O47="S",-E47),IF(P47="S",-E47),IF(Q47="S",-E47),IF(R47="S",-E47),IF(S47="S",-E47),IF(U47="S",-E47),IF(V47="S",-E47),IF(W47="S",-E47),IF(X47="S",-E47),IF(Y47="S",-E47),IF(Z47="S",-E47),IF(AA47="S",-E47)) -> 0 | D47: =(I47*80)-(K47-(B47+C47)) -> 0 | E47: ='Master Pay Period 1'!E47 -> 12 | F47: ='Master Pay Period 1'!F47 -> 0 | G47: ='Master Pay Period 1'!G47 -> CRT | H47: ='Master Pay Period 1'!H47 -> 7a-7:30p | I47: ='Master Pay Period 1'!I47 -> 0 | J47: =AF47/80 -> 0 | K47: =E47*AN47 -> 0 | M47: =' Benchmark Schedule'!AC47 -> 0 | N47: =' Benchmark Schedule'!AD47 -> 0 | O47: =' Benchmark Schedule'!AE47 -> 0 | P47: =' Benchmark Schedule'!AF47 -> 0 | Q47: =' Benchmark Schedule'!AG47 -> 0 | R47: =' Benchmark Schedule'!AH47 -> 0 | S47: =' Benchmark Schedule'!AI47 -> 0 | T47: =' Benchmark Schedule'!AJ47 -> 0 | ... AA47: =' Benchmark Schedule'!AQ47 -> 0 | AC47: =(A47*1.5)*L47 -> 0 | AD47: =(A47*(K47-B47-C47))-(A47*L47) -> 0 | AE47: =I47*80 -> 0 | AF47: =AN47*E47 -> 0 | AG47: =AE47-AF47 -> 0 | AH47: =AG47/80 -> 0 | AI47: =B47/(80) -> 0 | AJ47: =SUM(SUM(AH47,AI47)) -> 0 | AK47: =A47*0.28 -> 6.16 | AL47: =D47*A47 -> 0 | AM47: =(AK47+A47)*(D47)*26 -> 0 | AN47: =SUM(SUM(M47:AA47)) -> 0
A49: ='Master Pay Period 1'!A49 -> 25 | B49: =SUM(IF(M49="V",-E49),IF(N49="V",-E49),IF(O49="V",-E49),IF(P49="V",-E49),IF(Q49="V",-E49),IF(R49="V",-E49),IF(S49="V",-E49),IF(U49="V",-E49),IF(V49="V",-E49),IF(W49="V",-E49),IF(X49="V",-E49),IF(Y49="V",-E49),IF(Z49="V",-E49),IF(AA49="V",-E49),IF(M49="H",-E49),IF(N49="H",-E49),IF(O49="H",-E49),IF(P49="H",-E49),IF(Q49="H",-E49),IF(R49="H",-E49),IF(S49="H",-E49),IF(U49="H",-E49),IF(V49="H",-E49),IF(W49="H",-E49),IF(X49="H",-E49),IF(Y49="H",-E49),IF(Z49="H",-E49),IF(AA49="H",-E49)) -> 0 | C49: =SUM(IF(M49="S",-E49),IF(N49="S",-E49),IF(O49="S",-E49),IF(P49="S",-E49),IF(Q49="S",-E49),IF(R49="S",-E49),IF(S49="S",-E49),IF(U49="S",-E49),IF(V49="S",-E49),IF(W49="S",-E49),IF(X49="S",-E49),IF(Y49="S",-E49),IF(Z49="S",-E49),IF(AA49="S",-E49)) -> 0 | D49: =(I49*80)-(K49-(B49+C49)) -> 0 | E49: ='Master Pay Period 1'!E49 -> 12 | F49: ='Master Pay Period 1'!F49 -> 0 | G49: ='Master Pay Period 1'!G49 -> RRT | H49: ='Master Pay Period 1'!H49 -> 7a-7:30p | I49: ='Master Pay Period 1'!I49 -> 0 | J49: =AF49/80 -> 0 | K49: =E49*AN49 -> 0 | M49: =' Benchmark Schedule'!AC49 -> 0 | N49: =' Benchmark Schedule'!AD49 -> 0 | O49: =' Benchmark Schedule'!AE49 -> 0 | P49: =' Benchmark Schedule'!AF49 -> 0 | Q49: =' Benchmark Schedule'!AG49 -> 0 | R49: =' Benchmark Schedule'!AH49 -> 0 | S49: =' Benchmark Schedule'!AI49 -> 0 | T49: =' Benchmark Schedule'!AJ49 -> 0 | ... AA49: =' Benchmark Schedule'!AQ49 -> 0 | AC49: =(A49*1.5)*L49 -> 0 | AD49: =(A49*(K49-B49-C49))-(A49*L49) -> 0 | AE49: =I49*80 -> 0 | AF49: =AN49*E49 -> 0 | AG49: =AE49-AF49 -> 0 | AH49: =AG49/80 -> 0 | AI49: =B49/(80) -> 0 | AJ49: =SUM(SUM(AH49,AI49)) -> 0 | AK49: =A49*0.28 -> 7 | AL49: =D49*A49 -> 0 | AM49: =(AK49+A49)*(D49)*26 -> 0 | AN49: =SUM(SUM(M49:AA49)) -> 0
